Workbook

Sheet Смета по ТСН-2001
A1: =Source!B1 -> Smeta.RU (495) 974-1589
K2: Форма № 1б
B3: "СОГЛАСОВАНО" | G3: "УТВЕРЖДАЮ"
B6: =CONCATENATE("______________________ ", IF(Source!AL12<>"", Source!AL12, "")) -> ______________________ | G6: =CONCATENATE("______________________ ", IF(Source!AH12<>"", Source!AH12, "")) -> ______________________
B7: "_____"________________ 2018 г. | G7: "_____"________________ 2018 г.
A11: (наименование стройки)
A13: =CONCATENATE( "ЛОКАЛЬНАЯ СМЕТА № ",IF(Source!F20<>"Новая локальная смета", Source!F20, "")) -> ЛОКАЛЬНАЯ СМЕТА №
A14: (локальный сметный расчет)
A16: =IF(Source!G20<>"Новая локальная смета", Source!G20, "")
A18: =IF(Source!G12<>"Новый объект", Source!G12, "") -> Сперанского АР (ТСН-2001 (Мосгосэкспертиза))
A19: (наименование работ и затрат, наименование объекта)
A21: =CONCATENATE( "Основание: чертежи № ", Source!J20) -> Основание: чертежи №
I22: базовая цена | J22: текущая цена
F23: Сметная стоимость | I23: =SUM(O32:O1491)/1000 -> 3508.9051 | J23: =(Source!F696/1000) -> 24555.435 | K23: тыс.руб
F24: Строительные работы | I24: =SUM(X32:X1491)/1000 -> 3481.8262 | J24: =(Source!F686)/1000 -> 24477.578 | K24: тыс.руб
F25: Монтажные работы | I25: =SUM(Y32:Y1491)/1000 -> 0 | J25: =(Source!F687)/1000 -> 0 | K25: тыс.руб
F26: Оборудование | I26: =SUM(Z32:Z1491)/1000 -> 0 | J26: =(Source!F678)/1000 -> 0 | K26: тыс.руб
F27: Прочие работы | I27: =SUM(AA32:AA1491)/1000 -> 27.07886 | J27: =(Source!F688+Source!F689)/1000 -> 77.8565 | K27: тыс.руб
F28: Средства на оплату труда | I28: =SUM(W32:W1491)/1000 -> 315.2239 | J28: =(Source!F684+ Source!F683)/1000 -> 5701.088 | K28: тыс.руб
A29: Составлен(а) в уровне текущих (прогнозных) цен ТСН-2001 ремонт №136 январь 2018 года
A30: №№ п/п | B30: Шифр расценки и коды ресурсов | C30: Наименование работ и затрат | D30: Единица измерения | E30: Кол-во единиц | F30: Цена на ед. изм. руб. | G30: Попра-вочные коэфф. | H30: Коэфф. зимних удоро-жаний | I30: ВСЕГО в базисном уровне цен, руб. | J30: Коэфф. пересчета и нормы НР и СП | K30: Всего в текущем уровне цен, руб.
A31: 1 | B31: 2 | C31: 3 | D31: 4 | E31: 5 | F31: 6 | G31: 7 | H31: 8 | I31: 9 | J31: 10 | K31: 11
A33: =CONCATENATE("Раздел: ",IF(Source!G24<>"Новый раздел", Source!G24, "")) -> Раздел: АР
A35: =CONCATENATE("Подраздел: ",IF(Source!G28<>"Новый подраздел", Source!G28, "")) -> Подраздел: Потолки 1 этаж
A36: =Source!E32 -> 1 | B36: =Source!F32 -> 3.9-51-1 | C36: =Source!G32 -> Монтаж подвесных потолков из алюминиевых перфорированных или сплошных реек | D36: =Source!H32 -> 100 м2 | E36: =Source!I32 -> 1.9168 | Q36: =ROUND((Source!DN32/100)*ROUND((Source!AF32*Source!AV32)*Source!I32, 2), 2) -> 9645.66 | R36: =Source!X32 -> 151561.74 | S36: =ROUND((Source!DO32/100)*ROUND((Source!AF32*Source!AV32)*Source!I32, 2), 2) -> 7943.49 | T36: =Source!Y32 -> 92621.06 | U36: =ROUND((175/100)*ROUND((Source!AE32*Source!AV32)*Source!I32, 2), 2) -> 283.24 | V36: =ROUND((167/100)*ROUND(Source!CS32*Source!I32, 2), 2) -> 270.29
C37: ЗП | F37: =Source!AO32 -> 5148 | G37: =Source!DG32 -> *1,15 | H37: =Source!AV32 -> 1 | I37: =ROUND((Source!AF32*Source!AV32)*Source!I32, 2) -> 11347.84 | J37: =IF(Source!BA32<> 0, Source!BA32, 1) -> 18.55 | K37: =Source!S32 -> 210502.42 | W37: =I37 -> 11347.84
C38: ЭМ | F38: =Source!AM32 -> 339.47 | G38: =Source!DE32 -> *1,25 | H38: =Source!AV32 -> 1 | I38: =ROUND((Source!AD32*Source!AV32)*Source!I32, 2) -> 813.37 | J38: =IF(Source!BB32<> 0, Source!BB32, 1) -> 6.3 | K38: =Source!Q32 -> 5124.23
C39: в т.ч. ЗПМ | F39: =Source!AN32 -> 67.55 | G39: =Source!DF32 -> *1,25 | H39: =Source!AV32 -> 1 | I39: =ROUND((Source!AE32*Source!AV32)*Source!I32, 2) -> 161.85 | J39: =IF(Source!BS32<> 0, Source!BS32, 1) -> 1 | K39: =Source!R32 -> 161.85 | W39: =I39 -> 161.85
C40: МР | F40: =Source!AL32 -> 378.89 | G40: =Source!DD32 | H40: =Source!AW32 -> 1 | I40: =ROUND((Source!AC32*Source!AW32)*Source!I32, 2) -> 726.26 | J40: =IF(Source!BC32<> 0, Source!BC32, 1) -> 6.2 | K40: =Source!P32 -> 4502.79
A41: =Source!E33 -> 1,1 | B41: =Source!F33 -> 1.6-2-106 | C41: =Source!G33 -> Потолки реечные подвесные из алюминиевых профилей с защитно-декоративным покрытием, ширина рейки 150 мм, без перфорации, окрашенные порошковой эмалью, цвет белый | D41: =Source!H33 -> м2 | E41: =Source!I33 -> 201.26 | F41: =Source!AK33 -> 169.87 | H41: =Source!AW33 -> 1 | I41: =ROUND((Source!AC33*Source!AW33)*Source!I33, 2)+ROUND((Source!AD33*Source!AV33)*Source!I33, 2)+ROUND((Source!AF33*Source!AV33)*Source!I33, 2) -> 34188.04 | J41: =IF(Source!BC33<> 0, Source!BC33, 1) -> 3.2 | K41: =Source!O33 -> 109401.72 | Q41: =ROUND((Source!DN33/100)*ROUND((Source!AF33*Source!AV33)*Source!I33, 2), 2) -> 0 | R41: =Source!X33 -> 0 | S41: =ROUND((Source!DO33/100)*ROUND((Source!AF33*Source!AV33)*Source!I33, 2), 2) -> 0 | T41: =Source!Y33 -> 0 | U41: =ROUND((175/100)*ROUND((Source!AE33*Source!AV33)*Source!I33, 2), 2) -> 0 | V41: =ROUND((167/100)*ROUND(Source!CS33*Source!I33, 2), 2) -> 0 | X41: =IF(Source!BI33<=1,I41, 0) -> 34188.04 | Y41: =IF(Source!BI33=2,I41, 0) -> 0 | Z41: =IF(Source!BI33=3,I41, 0) -> 0 | AA41: =IF(Source!BI33=4,I41, 0) -> 0
C42: НР от ЗП | D42: % | E42: =Source!DN32 -> 85 | I42: =SUM(Q36:Q41) -> 9645.66 | J42: =Source!BZ32 -> 72 | K42: =SUM(R36:R41) -> 151561.74
C43: СП от ЗП | D43: % | E43: =Source!DO32 -> 70 | I43: =SUM(S36:S42) -> 7943.49 | J43: =Source!CA32 -> 44 | K43: =SUM(T36:T42) -> 92621.06
C44: НР и СП от ЗПМ | D44: % | E44: =175 -> 175 | I44: =SUM(U36:U43) -> 283.24 | J44: =167 -> 167 | K44: =SUM(V36:V43) -> 270.29
C45: ЗТР | D45: чел-ч | E45: =Source!AQ32 -> 390 | G45: =Source!DI32 -> *1,15 | H45: =Source!AV32 -> 1 | I45: =Source!U32 -> 859.6848
H46: =I37+I38+I40+I42+I43+I44+SUM(I41:I41) -> 64947.9 | J46: =K37+K38+K40+K42+K43+K44+SUM(K41:K41) -> 573984.25 | O46: =I37+I38+I40+I42+I43+I44+SUM(I41:I41) -> 64947.9 | P46: =K37+K38+K40+K42+K43+K44+SUM(K41:K41) -> 573984.25 | X46: =IF(Source!BI32<=1,I37+I38+I40+I42+I43+I44-0, 0) -> 30759.86 | Y46: =IF(Source!BI32=2,I37+I38+I40+I42+I43+I44-0, 0) -> 0 | Z46: =IF(Source!BI32=3,I37+I38+I40+I42+I43+I44-0, 0) -> 0 | AA46: =IF(Source!BI32=4,I37+I38+I40+I42+I43+I44,0) -> 0
A47: =Source!E34 -> 2 | B47: =Source!F34 -> 3.15-29-1 | C47: =Source!G34 -> Устройство подвесных потолков из декоративно-акустических плит по готовому каркасу с установкой направляющих из алюминиевого профиля и деталей крепления | D47: =Source!H34 -> 100 м2 | E47: =Source!I34 -> 1.1757 | Q47: =ROUND((Source!DN34/100)*ROUND((Source!AF34*Source!AV34)*Source!I34, 2), 2) -> 2831.74 | R47: =Source!X34 -> 45174.81 | S47: =ROUND((Source!DO34/100)*ROUND((Source!AF34*Source!AV34)*Source!I34, 2), 2) -> 1812.31 | T47: =Source!Y34 -> 23112.69 | U47: =ROUND((175/100)*ROUND((Source!AE34*Source!AV34)*Source!I34, 2), 2) -> 10.12 | V47: =ROUND((167/100)*ROUND(Source!CS34*Source!I34, 2), 2) -> 9.65
C48: ЗП | F48: =Source!AO34 -> 2094.4 | G48: =Source!DG34 -> *1,15 | H48: =Source!AV34 -> 1 | I48: =ROUND((Source!AF34*Source!AV34)*Source!I34, 2) -> 2831.74 | J48: =IF(Source!BA34<> 0, Source!BA34, 1) -> 18.55 | K48: =Source!S34 -> 52528.85 | W48: =I48 -> 2831.74
C49: ЭМ | F49: =Source!AM34 -> 19.66 | G49: =Source!DE34 -> *1,25 | H49: =Source!AV34 -> 1 | I49: =ROUND((Source!AD34*Source!AV34)*Source!I34, 2) -> 28.89 | J49: =IF(Source!BB34<> 0, Source!BB34, 1) -> 8.04 | K49: =Source!Q34 -> 232.3
C50: в т.ч. ЗПМ | F50: =Source!AN34 -> 3.93 | G50: =Source!DF34 -> *1,25 | H50: =Source!AV34 -> 1 | I50: =ROUND((Source!AE34*Source!AV34)*Source!I34, 2) -> 5.78 | J50: =IF(Source!BS34<> 0, Source!BS34, 1) -> 1 | K50: =Source!R34 -> 5.78 | W50: =I50 -> 5.78
C51: МР | F51: =Source!AL34 -> 51.82 | G51: =Source!DD34 | H51: =Source!AW34 -> 1 | I51: =ROUND((Source!AC34*Source!AW34)*Source!I34, 2) -> 60.92 | J51: =IF(Source!BC34<> 0, Source!BC34, 1) -> 4.38 | K51: =Source!P34 -> 266.85
A52: =Source!E35 -> 2,1 | B52: =Source!F35 -> 1.6-1-291 | C52: =Source!G35 -> Каркасы подвесных потолков с подвесками и деталями крепления | D52: =Source!H35 -> т | E52: =Source!I35 -> 0.4115 | F52: =Source!AK35 -> 19485.54 | H52: =Source!AW35 -> 1 | I52: =ROUND((Source!AC35*Source!AW35)*Source!I35, 2)+ROUND((Source!AD35*Source!AV35)*Source!I35, 2)+ROUND((Source!AF35*Source!AV35)*Source!I35, 2) -> 8018.3 | J52: =IF(Source!BC35<> 0, Source!BC35, 1) -> 3.27 | K52: =Source!O35 -> 26219.84 | Q52: =ROUND((Source!DN35/100)*ROUND((Source!AF35*Source!AV35)*Source!I35, 2), 2) -> 0 | R52: =Source!X35 -> 0 | S52: =ROUND((Source!DO35/100)*ROUND((Source!AF35*Source!AV35)*Source!I35, 2), 2) -> 0 | T52: =Source!Y35 -> 0 | U52: =ROUND((175/100)*ROUND((Source!AE35*Source!AV35)*Source!I35, 2), 2) -> 0 | V52: =ROUND((167/100)*ROUND(Source!CS35*Source!I35, 2), 2) -> 0 | X52: =IF(Source!BI35<=1,I52, 0) -> 8018.3 | Y52: =IF(Source!BI35=2,I52, 0) -> 0 | Z52: =IF(Source!BI35=3,I52, 0) -> 0 | AA52: =IF(Source!BI35=4,I52, 0) -> 0
A53: =Source!E36 -> 2,2 | B53: =Source!F36 -> Прайс стр. 14 | C53: =Source!G36 -> Подвесной потолок ARMSTRONG NEWTONE | D53: =Source!H36 -> м2 | E53: =Source!I36 -> 123.45 | F53: =Source!AK36 -> 247.6 | G53: *1,02 | H53: =Source!AW36 -> 1 | I53: =ROUND((Source!AC36*Source!AW36)*Source!I36, 2)+ROUND((Source!AD36*Source!AV36)*Source!I36, 2)+ROUND((Source!AF36*Source!AV36)*Source!I36, 2) -> 31177.54 | J53: =IF(Source!BC36<> 0, Source!BC36, 1) -> 5.23 | K53: =Source!O36 -> 163058.56 | Q53: =ROUND((Source!DN36/100)*ROUND((Source!AF36*Source!AV36)*Source!I36, 2), 2) -> 0 | R53: =Source!X36 -> 0 | S53: =ROUND((Source!DO36/100)*ROUND((Source!AF36*Source!AV36)*Source!I36, 2), 2) -> 0 | T53: =Source!Y36 -> 0 | U53: =ROUND((175/100)*ROUND((Source!AE36*Source!AV36)*Source!I36, 2), 2) -> 0 | V53: =ROUND((167/100)*ROUND(Source!CS36*Source!I36, 2), 2) -> 0 | X53: =IF(Source!BI36<=1,I53, 0) -> 31177.54 | Y53: =IF(Source!BI36=2,I53, 0) -> 0 | Z53: =IF(Source!BI36=3,I53, 0) -> 0 | AA53: =IF(Source!BI36=4,I53, 0) -> 0
C54: НР от ЗП | D54: % | E54: =Source!DN34 -> 100 | I54: =SUM(Q47:Q53) -> 2831.74 | J54: =Source!BZ34 -> 86 | K54: =SUM(R47:R53) -> 45174.81
C55: СП от ЗП | D55: % | E55: =Source!DO34 -> 64 | I55: =SUM(S47:S54) -> 1812.31 | J55: =Source!CA34 -> 44 | K55: =SUM(T47:T54) -> 23112.69
C56: НР и СП от ЗПМ | D56: % | E56: =175 -> 175 | I56: =SUM(U47:U55) -> 10.12 | J56: =167 -> 167 | K56: =SUM(V47:V55) -> 9.65
C57: ЗТР | D57: чел-ч | E57: =Source!AQ34 -> 176 | G57: =Source!DI34 -> *1,15 | H57: =Source!AV34 -> 1 | I57: =Source!U34 -> 237.96168
H58: =I48+I49+I51+I54+I55+I56+SUM(I52:I53) -> 46771.56 | J58: =K48+K49+K51+K54+K55+K56+SUM(K52:K53) -> 310603.55 | O58: =I48+I49+I51+I54+I55+I56+SUM(I52:I53) -> 46771.56 | P58: =K48+K49+K51+K54+K55+K56+SUM(K52:K53) -> 310603.55 | X58: =IF(Source!BI34<=1,I48+I49+I51+I54+I55+I56-0, 0) -> 7575.72 | Y58: =IF(Source!BI34=2,I48+I49+I51+I54+I55+I56-0, 0) -> 0 | Z58: =IF(Source!BI34=3,I48+I49+I51+I54+I55+I56-0, 0) -> 0 | AA58: =IF(Source!BI34=4,I48+I49+I51+I54+I55+I56,0) -> 0
A59: =Source!E37 -> 3 | B59: =Source!F37 -> 3.15-29-1 | C59: =Source!G37 -> Устройство подвесных потолков из декоративно-акустических плит по готовому каркасу с установкой направляющих из алюминиевого профиля и деталей крепления | D59: =Source!H37 -> 100 м2 | E59: =Source!I37 -> 4.9373 | Q59: =ROUND((Source!DN37/100)*ROUND((Source!AF37*Source!AV37)*Source!I37, 2), 2) -> 11891.78 | R59: =Source!X37 -> 189709.62 | S59: =ROUND((Source!DO37/100)*ROUND((Source!AF37*Source!AV37)*Source!I37, 2), 2) -> 7610.74 | T59: =Source!Y37 -> 97060.74 | U59: =ROUND((175/100)*ROUND((Source!AE37*Source!AV37)*Source!I37, 2), 2) -> 42.44 | V59: =ROUND((167/100)*ROUND(Source!CS37*Source!I37, 2), 2) -> 40.5
C60: ЗП | F60: =Source!AO37 -> 2094.4 | G60: =Source!DG37 -> *1,15 | H60: =Source!AV37 -> 1 | I60: =ROUND((Source!AF37*Source!AV37)*Source!I37, 2) -> 11891.78 | J60: =IF(Source!BA37<> 0, Source!BA37, 1) -> 18.55 | K60: =Source!S37 -> 220592.58 | W60: =I60 -> 11891.78
C61: ЭМ | F61: =Source!AM37 -> 19.66 | G61: =Source!DE37 -> *1,25 | H61: =Source!AV37 -> 1 | I61: =ROUND((Source!AD37*Source!AV37)*Source!I37, 2) -> 121.33 | J61: =IF(Source!BB37<> 0, Source!BB37, 1) -> 8.04 | K61: =Source!Q37 -> 975.53
C62: в т.ч. ЗПМ | F62: =Source!AN37 -> 3.93 | G62: =Source!DF37 -> *1,25 | H62: =Source!AV37 -> 1 | I62: =ROUND((Source!AE37*Source!AV37)*Source!I37, 2) -> 24.25 | J62: =IF(Source!BS37<> 0, Source!BS37, 1) -> 1 | K62: =Source!R37 -> 24.25 | W62: =I62 -> 24.25
C63: МР | F63: =Source!AL37 -> 51.82 | G63: =Source!DD37 | H63: =Source!AW37 -> 1 | I63: =ROUND((Source!AC37*Source!AW37)*Source!I37, 2) -> 255.85 | J63: =IF(Source!BC37<> 0, Source!BC37, 1) -> 4.38 | K63: =Source!P37 -> 1120.63
A64: =Source!E38 -> 3,1 | B64: =Source!F38 -> 1.6-1-291 | C64: =Source!G38 -> Каркасы подвесных потолков с подвесками и деталями крепления | D64: =Source!H38 -> т | E64: =Source!I38 -> 1.7281 | F64: =Source!AK38 -> 19485.54 | H64: =Source!AW38 -> 1 | I64: =ROUND((Source!AC38*Source!AW38)*Source!I38, 2)+ROUND((Source!AD38*Source!AV38)*Source!I38, 2)+ROUND((Source!AF38*Source!AV38)*Source!I38, 2) -> 33672.96 | J64: =IF(Source!BC38<> 0, Source!BC38, 1) -> 3.27 | K64: =Source!O38 -> 110110.58 | Q64: =ROUND((Source!DN38/100)*ROUND((Source!AF38*Source!AV38)*Source!I38, 2), 2) -> 0 | R64: =Source!X38 -> 0 | S64: =ROUND((Source!DO38/100)*ROUND((Source!AF38*Source!AV38)*Source!I38, 2), 2) -> 0 | T64: =Source!Y38 -> 0 | U64: =ROUND((175/100)*ROUND((Source!AE38*Source!AV38)*Source!I38, 2), 2) -> 0 | V64: =ROUND((167/100)*ROUND(Source!CS38*Source!I38, 2), 2) -> 0 | X64: =IF(Source!BI38<=1,I64, 0) -> 33672.96 | Y64: =IF(Source!BI38=2,I64, 0) -> 0 | Z64: =IF(Source!BI38=3,I64, 0) -> 0 | AA64: =IF(Source!BI38=4,I64, 0) -> 0
A65: =Source!E39 -> 3,2 | B65: =Source!F39 -> Прайс стр. 14 | C65: =Source!G39 -> Подвесной потолок ARMSTRONG STANDART | D65: =Source!H39 -> м2 | E65: =Source!I39 -> 518.4228 | F65: =Source!AK39 -> 128.6 | G65: *1,02 | H65: =Source!AW39 -> 1 | I65: =ROUND((Source!AC39*Source!AW39)*Source!I39, 2)+ROUND((Source!AD39*Source!AV39)*Source!I39, 2)+ROUND((Source!AF39*Source!AV39)*Source!I39, 2) -> 68002.56 | J65: =IF(Source!BC39<> 0, Source!BC39, 1) -> 5.23 | K65: =Source!O39 -> 355653.37 | Q65: =ROUND((Source!DN39/100)*ROUND((Source!AF39*Source!AV39)*Source!I39, 2), 2) -> 0 | R65: =Source!X39 -> 0 | S65: =ROUND((Source!DO39/100)*ROUND((Source!AF39*Source!AV39)*Source!I39, 2), 2) -> 0 | T65: =Source!Y39 -> 0 | U65: =ROUND((175/100)*ROUND((Source!AE39*Source!AV39)*Source!I39, 2), 2) -> 0 | V65: =ROUND((167/100)*ROUND(Source!CS39*Source!I39, 2), 2) -> 0 | X65: =IF(Source!BI39<=1,I65, 0) -> 68002.56 | Y65: =IF(Source!BI39=2,I65, 0) -> 0 | Z65: =IF(Source!BI39=3,I65, 0) -> 0 | AA65: =IF(Source!BI39=4,I65, 0) -> 0
C66: НР от ЗП | D66: % | E66: =Source!DN37 -> 100 | I66: =SUM(Q59:Q65) -> 11891.78 | J66: =Source!BZ37 -> 86 | K66: =SUM(R59:R65) -> 189709.62
C67: СП от ЗП | D67: % | E67: =Source!DO37 -> 64 | I67: =SUM(S59:S66) -> 7610.74 | J67: =Source!CA37 -> 44 | K67: =SUM(T59:T66) -> 97060.74
C68: НР и СП от ЗПМ | D68: % | E68: =175 -> 175 | I68: =SUM(U59:U67) -> 42.44 | J68: =167 -> 167 | K68: =SUM(V59:V67) -> 40.5
C69: ЗТР | D69: чел-ч | E69: =Source!AQ37 -> 176 | G69: =Source!DI37 -> *1,15 | H69: =Source!AV37 -> 1 | I69: =Source!U37 -> 999.30952
H70: =I60+I61+I63+I66+I67+I68+SUM(I64:I65) -> 133489.44 | J70: =K60+K61+K63+K66+K67+K68+SUM(K64:K65) -> 975263.55 | O70: =I60+I61+I63+I66+I67+I68+SUM(I64:I65) -> 133489.44 | P70: =K60+K61+K63+K66+K67+K68+SUM(K64:K65) -> 975263.55 | X70: =IF(Source!BI37<=1,I60+I61+I63+I66+I67+I68-0, 0) -> 31813.92 | Y70: =IF(Source!BI37=2,I60+I61+I63+I66+I67+I68-0, 0) -> 0 | Z70: =IF(Source!BI37=3,I60+I61+I63+I66+I67+I68-0, 0) -> 0 | AA70: =IF(Source!BI37=4,I60+I61+I63+I66+I67+I68,0) -> 0
A72: =CONCATENATE("Итого по подразделу: ",IF(Source!G41<>"Новый подраздел", Source!G41, "")) -> Итого по подразделу: Потолки 1 этаж | H72: =SUM(O35:O71) -> 245208.9 | J72: =SUM(P35:P71) -> 1859851.4
A73: Итого по ТСН-2001.16 | H73: =SUM(AC35:AC72) -> 0 | J73: =SUM(AD35:AD72) -> 0
A75: =CONCATENATE("Подраздел: ",IF(Source!G70<>"Новый подраздел", Source!G70, "")) -> Подраздел: Стены 1 этаж
A76: =Source!E74 -> 4 | B76: =Source!F74 -> 3.15-165-1 | C76: =Source!G74 -> Обработка поверхностей стен грунтовкой глубокого проникновения внутри помещения | D76: =Source!H74 -> 100 м2 | E76: =Source!I74 -> 25.91 | Q76: =ROUND((Source!DN74/100)*ROUND((Source!AF74*Source!AV74)*Source!I74, 2), 2) -> 1548.82 | R76: =Source!X74 -> 24708.36 | S76: =ROUND((Source!DO74/100)*ROUND((Source!AF74*Source!AV74)*Source!I74, 2), 2) -> 991.24 | T76: =Source!Y74 -> 12641.49 | U76: =ROUND((175/100)*ROUND((Source!AE74*Source!AV74)*Source!I74, 2), 2) -> 7.93 | V76: =ROUND((167/100)*ROUND(Source!CS74*Source!I74, 2), 2) -> 7.57
C77: ЗП | F77: =Source!AO74 -> 51.98 | G77: =Source!DG74 -> *1,15 | H77: =Source!AV74 -> 1 | I77: =ROUND((Source!AF74*Source!AV74)*Source!I74, 2) -> 1548.82 | J77: =IF(Source!BA74<> 0, Source!BA74, 1) -> 18.55 | K77: =Source!S74 -> 28730.65 | W77: =I77 -> 1548.82
C78: ЭМ | F78: =Source!AM74 -> 0.82 | G78: =Source!DE74 -> *1,25 | H78: =Source!AV74 -> 1 | I78: =ROUND((Source!AD74*Source!AV74)*Source!I74, 2) -> 26.56 | J78: =IF(Source!BB74<> 0, Source!BB74, 1) -> 7.41 | K78: =Source!Q74 -> 196.79
C79: в т.ч. ЗПМ | F79: =Source!AN74 -> 0.14 | G79: =Source!DF74 -> *1,25 | H79: =Source!AV74 -> 1 | I79: =ROUND((Source!AE74*Source!AV74)*Source!I74, 2) -> 4.53 | J79: =IF(Source!BS74<> 0, Source!BS74, 1) -> 1 | K79: =Source!R74 -> 4.53 | W79: =I79 -> 4.53
A80: =Source!E75 -> 4,1 | B80: =Source!F75 -> 1.1-1-2854 | C80: =Source!G75 -> Грунтовка акриловая типа «Бетоконтакт», адгезионная для обработки бетонных оснований перед оштукатуриванием | D80: =Source!H75 -> кг | E80: =Source!I75 -> 266.873 | F80: =Source!AK75 -> 28.98 | H80: =Source!AW75 -> 1 | I80: =ROUND((Source!AC75*Source!AW75)*Source!I75, 2)+ROUND((Source!AD75*Source!AV75)*Source!I75, 2)+ROUND((Source!AF75*Source!AV75)*Source!I75, 2) -> 7733.98 | J80: =IF(Source!BC75<> 0, Source!BC75, 1) -> 1.19 | K80: =Source!O75 -> 9203.44 | Q80: =ROUND((Source!DN75/100)*ROUND((Source!AF75*Source!AV75)*Source!I75, 2), 2) -> 0 | R80: =Source!X75 -> 0 | S80: =ROUND((Source!DO75/100)*ROUND((Source!AF75*Source!AV75)*Source!I75, 2), 2) -> 0 | T80: =Source!Y75 -> 0 | U80: =ROUND((175/100)*ROUND((Source!AE75*Source!AV75)*Source!I75, 2), 2) -> 0 | V80: =ROUND((167/100)*ROUND(Source!CS75*Source!I75, 2), 2) -> 0 | X80: =IF(Source!BI75<=1,I80, 0) -> 7733.98 | Y80: =IF(Source!BI75=2,I80, 0) -> 0 | Z80: =IF(Source!BI75=3,I80, 0) -> 0 | AA80: =IF(Source!BI75=4,I80, 0) -> 0
C81: НР от ЗП | D81: % | E81: =Source!DN74 -> 100 | I81: =SUM(Q76:Q80) -> 1548.82 | J81: =Source!BZ74 -> 86 | K81: =SUM(R76:R80) -> 24708.36
C82: СП от ЗП | D82: % | E82: =Source!DO74 -> 64 | I82: =SUM(S76:S81) -> 991.24 | J82: =Source!CA74 -> 44 | K82: =SUM(T76:T81) -> 12641.49
C83: НР и СП от ЗПМ | D83: % | E83: =175 -> 175 | I83: =SUM(U76:U82) -> 7.93 | J83: =167 -> 167 | K83: =SUM(V76:V82) -> 7.57
C84: ЗТР | D84: чел-ч | E84: =Source!AQ74 -> 4.65 | G84: =Source!DI74 -> *1,15 | H84: =Source!AV74 -> 1 | I84: =Source!U74 -> 138.55373
H85: =I77+I78+I81+I82+I83+SUM(I80:I80) -> 11857.35 | J85: =K77+K78+K81+K82+K83+SUM(K80:K80) -> 75488.3 | O85: =I77+I78+I81+I82+I83+SUM(I80:I80) -> 11857.35 | P85: =K77+K78+K81+K82+K83+SUM(K80:K80) -> 75488.3 | X85: =IF(Source!BI74<=1,I77+I78+I81+I82+I83-0, 0) -> 4123.37 | Y85: =IF(Source!BI74=2,I77+I78+I81+I82+I83-0, 0) -> 0 | Z85: =IF(Source!BI74=3,I77+I78+I81+I82+I83-0, 0) -> 0 | AA85: =IF(Source!BI74=4,I77+I78+I81+I82+I83,0) -> 0
A86: =Source!E76 -> 5 | B86: =Source!F76 -> 3.15-63-1 | C86: =Source!G76 -> Улучшенная штукатурка по сетке стен без устройства каркаса цементным раствором | D86: =Source!H76 -> 100 м2 оштукатуриваемой поверхности | E86: =Source!I76 -> 9.25 | Q86: =ROUND((Source!DN76/100)*ROUND((Source!AF76*Source!AV76)*Source!I76, 2), 2) -> 16425.68 | R86: =Source!X76 -> 262038.92 | S86: =ROUND((Source!DO76/100)*ROUND((Source!AF76*Source!AV76)*Source!I76, 2), 2) -> 10512.44 | T86: =Source!Y76 -> 134066.42 | U86: =ROUND((175/100)*ROUND((Source!AE76*Source!AV76)*Source!I76, 2), 2) -> 1222.17 | V86: =ROUND((167/100)*ROUND(Source!CS76*Source!I76, 2), 2) -> 1166.29
C87: ЗП | F87: =Source!AO76 -> 1544.13 | G87: =Source!DG76 -> *1,15 | H87: =Source!AV76 -> 1 | I87: =ROUND((Source!AF76*Source!AV76)*Source!I76, 2) -> 16425.68 | J87: =IF(Source!BA76<> 0, Source!BA76, 1) -> 18.55 | K87: =Source!S76 -> 304696.42 | W87: =I87 -> 16425.68
C88: ЭМ | F88: =Source!AM76 -> 267.05 | G88: =Source!DE76 -> *1,25 | H88: =Source!AV76 -> 1 | I88: =ROUND((Source!AD76*Source!AV76)*Source!I76, 2) -> 3087.77 | J88: =IF(Source!BB76<> 0, Source!BB76, 1) -> 8.38 | K88: =Source!Q76 -> 25875.48
C89: в т.ч. ЗПМ | F89: =Source!AN76 -> 60.4 | G89: =Source!DF76 -> *1,25 | H89: =Source!AV76 -> 1 | I89: =ROUND((Source!AE76*Source!AV76)*Source!I76, 2) -> 698.38 | J89: =IF(Source!BS76<> 0, Source!BS76, 1) -> 1 | K89: =Source!R76 -> 698.38 | W89: =I89 -> 698.38
C90: МР | F90: =Source!AL76 -> 3796.22 | G90: =Source!DD76 | H90: =Source!AW76 -> 1 | I90: =ROUND((Source!AC76*Source!AW76)*Source!I76, 2) -> 35115.04 | J90: =IF(Source!BC76<> 0, Source!BC76, 1) -> 14.24 | K90: =Source!P76 -> 500038.1
A91: =Source!E77 -> 5,1 | B91: =Source!F77 -> 1.1-1-118 | C91: =Source!G77 -> Вода | D91: =Source!H77 -> м3 | E91: =Source!I77 -> 1.68609 | F91: =Source!AK77 -> 7.07 | H91: =Source!AW77 -> 1 | I91: =ROUND((Source!AC77*Source!AW77)*Source!I77, 2)+ROUND((Source!AD77*Source!AV77)*Source!I77, 2)+ROUND((Source!AF77*Source!AV77)*Source!I77, 2) -> 11.92 | J91: =IF(Source!BC77<> 0, Source!BC77, 1) -> 4.24 | K91: =Source!O77 -> 50.54 | Q91: =ROUND((Source!DN77/100)*ROUND((Source!AF77*Source!AV77)*Source!I77, 2), 2) -> 0 | R91: =Source!X77 -> 0 | S91: =ROUND((Source!DO77/100)*ROUND((Source!AF77*Source!AV77)*Source!I77, 2), 2) -> 0 | T91: =Source!Y77 -> 0 | U91: =ROUND((175/100)*ROUND((Source!AE77*Source!AV77)*Source!I77, 2), 2) -> 0 | V91: =ROUND((167/100)*ROUND(Source!CS77*Source!I77, 2), 2) -> 0 | X91: =IF(Source!BI77<=1,I91, 0) -> 11.92 | Y91: =IF(Source!BI77=2,I91, 0) -> 0 | Z91: =IF(Source!BI77=3,I91, 0) -> 0 | AA91: =IF(Source!BI77=4,I91, 0) -> 0
A92: =Source!E78 -> 5,2 | B92: =Source!F78 -> 1.3-2-25 | C92: =Source!G78 -> Смеси сухие штукатурные цементно-песчаные для внутренних и наружных работ, водоудерживающие и повышающие адгезионные свойства, В12,5 (М150), F50, крупность заполнителя не более 0,5 мм | D92: =Source!H78 -> т | E92: =Source!I78 -> 9.6348 | F92: =Source!AK78 -> 1742.15 | H92: =Source!AW78 -> 1 | I92: =ROUND((Source!AC78*Source!AW78)*Source!I78, 2)+ROUND((Source!AD78*Source!AV78)*Source!I78, 2)+ROUND((Source!AF78*Source!AV78)*Source!I78, 2) -> 16785.27 | J92: =IF(Source!BC78<> 0, Source!BC78, 1) -> 2.87 | K92: =Source!O78 -> 48173.72 | Q92: =ROUND((Source!DN78/100)*ROUND((Source!AF78*Source!AV78)*Source!I78, 2), 2) -> 0 | R92: =Source!X78 -> 0 | S92: =ROUND((Source!DO78/100)*ROUND((Source!AF78*Source!AV78)*Source!I78, 2), 2) -> 0 | T92: =Source!Y78 -> 0 | U92: =ROUND((175/100)*ROUND((Source!AE78*Source!AV78)*Source!I78, 2), 2) -> 0 | V92: =ROUND((167/100)*ROUND(Source!CS78*Source!I78, 2), 2) -> 0 | X92: =IF(Source!BI78<=1,I92, 0) -> 16785.27 | Y92: =IF(Source!BI78=2,I92, 0) -> 0 | Z92: =IF(Source!BI78=3,I92, 0) -> 0 | AA92: =IF(Source!BI78=4,I92, 0) -> 0
A93: =Source!E79 -> 5,3 | B93: =Source!F79 -> 1.3-2-6 | C93: =Source!G79 -> Растворы цементные, марка 150 | D93: =Source!H79 -> м3 | E93: =Source!I79 -> 24.087 | F93: =Source!AK79 -> 478.96 | H93: =Source!AW79 -> 1 | I93: =ROUND((Source!AC79*Source!AW79)*Source!I79, 2)+ROUND((Source!AD79*Source!AV79)*Source!I79, 2)+ROUND((Source!AF79*Source!AV79)*Source!I79, 2) -> 11536.71 | J93: =IF(Source!BC79<> 0, Source!BC79, 1) -> 6.54 | K93: =Source!O79 -> 75450.08 | Q93: =ROUND((Source!DN79/100)*ROUND((Source!AF79*Source!AV79)*Source!I79, 2), 2) -> 0 | R93: =Source!X79 -> 0 | S93: =ROUND((Source!DO79/100)*ROUND((Source!AF79*Source!AV79)*Source!I79, 2), 2) -> 0 | T93: =Source!Y79 -> 0 | U93: =ROUND((175/100)*ROUND((Source!AE79*Source!AV79)*Source!I79, 2), 2) -> 0 | V93: =ROUND((167/100)*ROUND(Source!CS79*Source!I79, 2), 2) -> 0 | X93: =IF(Source!BI79<=1,I93, 0) -> 11536.71 | Y93: =IF(Source!BI79=2,I93, 0) -> 0 | Z93: =IF(Source!BI79=3,I93, 0) -> 0 | AA93: =IF(Source!BI79=4,I93, 0) -> 0
C94: НР от ЗП | D94: % | E94: =Source!DN76 -> 100 | I94: =SUM(Q86:Q93) -> 16425.68 | J94: =Source!BZ76 -> 86 | K94: =SUM(R86:R93) -> 262038.92
C95: СП от ЗП | D95: % | E95: =Source!DO76 -> 64 | I95: =SUM(S86:S94) -> 10512.44 | J95: =Source!CA76 -> 44 | K95: =SUM(T86:T94) -> 134066.42
C96: НР и СП от ЗПМ | D96: % | E96: =175 -> 175 | I96: =SUM(U86:U95) -> 1222.17 | J96: =167 -> 167 | K96: =SUM(V86:V95) -> 1166.29
C97: ЗТР | D97: чел-ч | E97: =Source!AQ76 -> 133 | G97: =Source!DI76 -> *1,15 | H97: =Source!AV76 -> 1 | I97: =Source!U76 -> 1414.7875
H98: =I87+I88+I90+I94+I95+I96+SUM(I91:I93) -> 111122.68 | J98: =K87+K88+K90+K94+K95+K96+SUM(K91:K93) -> 1351556 | O98: =I87+I88+I90+I94+I95+I96+SUM(I91:I93) -> 111122.68 | P98: =K87+K88+K90+K94+K95+K96+SUM(K91:K93) -> 1351556 | X98: =IF(Source!BI76<=1,I87+I88+I90+I94+I95+I96-0, 0) -> 82788.78 | Y98: =IF(Source!BI76=2,I87+I88+I90+I94+I95+I96-0, 0) -> 0 | Z98: =IF(Source!BI76=3,I87+I88+I90+I94+I95+I96-0, 0) -> 0 | AA98: =IF(Source!BI76=4,I87+I88+I90+I94+I95+I96,0) -> 0
A99: =Source!E80 -> 6 | B99: =Source!F80 -> 3.15-165-1 | C99: =Source!G80 -> Обработка поверхностей стен грунтовкой глубокого проникновения внутри помещения | D99: =Source!H80 -> 100 м2 | E99: =Source!I80 -> 9.25 | Q99: =ROUND((Source!DN80/100)*ROUND((Source!AF80*Source!AV80)*Source!I80, 2), 2) -> 552.94 | R99: =Source!X80 -> 8821.01 | S99: =ROUND((Source!DO80/100)*ROUND((Source!AF80*Source!AV80)*Source!I80, 2), 2) -> 353.88 | T99: =Source!Y80 -> 4513.08 | U99: =ROUND((175/100)*ROUND((Source!AE80*Source!AV80)*Source!I80, 2), 2) -> 2.84 | V99: =ROUND((167/100)*ROUND(Source!CS80*Source!I80, 2), 2) -> 2.71
C100: ЗП | F100: =Source!AO80 -> 51.98 | G100: =Source!DG80 -> *1,15 | H100: =Source!AV80 -> 1 | I100: =ROUND((Source!AF80*Source!AV80)*Source!I80, 2) -> 552.94 | J100: =IF(Source!BA80<> 0, Source!BA80, 1) -> 18.55 | K100: =Source!S80 -> 10256.99 | W100: =I100 -> 552.94
C101: ЭМ | F101: =Source!AM80 -> 0.82 | G101: =Source!DE80 -> *1,25 | H101: =Source!AV80 -> 1 | I101: =ROUND((Source!AD80*Source!AV80)*Source!I80, 2) -> 9.48 | J101: =IF(Source!BB80<> 0, Source!BB80, 1) -> 7.41 | K101: =Source!Q80 -> 70.26
C102: в т.ч. ЗПМ | F102: =Source!AN80 -> 0.14 | G102: =Source!DF80 -> *1,25 | H102: =Source!AV80 -> 1 | I102: =ROUND((Source!AE80*Source!AV80)*Source!I80, 2) -> 1.62 | J102: =IF(Source!BS80<> 0, Source!BS80, 1) -> 1 | K102: =Source!R80 -> 1.62 | W102: =I102 -> 1.62
A103: =Source!E81 -> 6,1 | B103: =Source!F81 -> 1.1-1-2854 | C103: =Source!G81 -> Грунтовка акриловая типа «Бетоконтакт», адгезионная для обработки бетонных оснований перед оштукатуриванием | D103: =Source!H81 -> кг | E103: =Source!I81 -> 95.275 | F103: =Source!AK81 -> 28.98 | H103: =Source!AW81 -> 1 | I103: =ROUND((Source!AC81*Source!AW81)*Source!I81, 2)+ROUND((Source!AD81*Source!AV81)*Source!I81, 2)+ROUND((Source!AF81*Source!AV81)*Source!I81, 2) -> 2761.07 | J103: =IF(Source!BC81<> 0, Source!BC81, 1) -> 1.19 | K103: =Source!O81 -> 3285.67 | Q103: =ROUND((Source!DN81/100)*ROUND((Source!AF81*Source!AV81)*Source!I81, 2), 2) -> 0 | R103: =Source!X81 -> 0 | S103: =ROUND((Source!DO81/100)*ROUND((Source!AF81*Source!AV81)*Source!I81, 2), 2) -> 0 | T103: =Source!Y81 -> 0 | U103: =ROUND((175/100)*ROUND((Source!AE81*Source!AV81)*Source!I81, 2), 2) -> 0 | V103: =ROUND((167/100)*ROUND(Source!CS81*Source!I81, 2), 2) -> 0 | X103: =IF(Source!BI81<=1,I103, 0) -> 2761.07 | Y103: =IF(Source!BI81=2,I103, 0) -> 0 | Z103: =IF(Source!BI81=3,I103, 0) -> 0 | AA103: =IF(Source!BI81=4,I103, 0) -> 0
C104: НР от ЗП | D104: % | E104: =Source!DN80 -> 100 | I104: =SUM(Q99:Q103) -> 552.94 | J104: =Source!BZ80 -> 86 | K104: =SUM(R99:R103) -> 8821.01
C105: СП от ЗП | D105: % | E105: =Source!DO80 -> 64 | I105: =SUM(S99:S104) -> 353.88 | J105: =Source!CA80 -> 44 | K105: =SUM(T99:T104) -> 4513.08
C106: НР и СП от ЗПМ | D106: % | E106: =175 -> 175 | I106: =SUM(U99:U105) -> 2.84 | J106: =167 -> 167 | K106: =SUM(V99:V105) -> 2.71
C107: ЗТР | D107: чел-ч | E107: =Source!AQ80 -> 4.65 | G107: =Source!DI80 -> *1,15 | H107: =Source!AV80 -> 1 | I107: =Source!U80 -> 49.464375
H108: =I100+I101+I104+I105+I106+SUM(I103:I103) -> 4233.15 | J108: =K100+K101+K104+K105+K106+SUM(K103:K103) -> 26949.72 | O108: =I100+I101+I104+I105+I106+SUM(I103:I103) -> 4233.15 | P108: =K100+K101+K104+K105+K106+SUM(K103:K103) -> 26949.72 | X108: =IF(Source!BI80<=1,I100+I101+I104+I105+I106-0, 0) -> 1472.08 | Y108: =IF(Source!BI80=2,I100+I101+I104+I105+I106-0, 0) -> 0 | Z108: =IF(Source!BI80=3,I100+I101+I104+I105+I106-0, 0) -> 0 | AA108: =IF(Source!BI80=4,I100+I101+I104+I105+I106,0) -> 0
A109: =Source!E82 -> 7 | B109: =Source!F82 -> 3.15-96-3 | C109: =Source!G82 -> Улучшенная окраска поливинилацетатными водоэмульсионными составами по штукатурке стен | D109: =Source!H82 -> 100 м2 окрашиваемой поверхности | E109: =Source!I82 -> 25.91 | Q109: =ROUND((Source!DN82/100)*ROUND((Source!AF82*Source!AV82)*Source!I82, 2), 2) -> 13665.87 | R109: =Source!X82 -> 218011.57 | S109: =ROUND((Source!DO82/100)*ROUND((Source!AF82*Source!AV82)*Source!I82, 2), 2) -> 8746.16 | T109: =Source!Y82 -> 111540.81 | U109: =ROUND((175/100)*ROUND((Source!AE82*Source!AV82)*Source!I82, 2), 2) -> 388.82 | V109: =ROUND((167/100)*ROUND(Source!CS82*Source!I82, 2), 2) -> 371.04
C110: ЗП | F110: =Source!AO82 -> 458.64 | G110: =Source!DG82 -> *1,15 | H110: =Source!AV82 -> 1 | I110: =ROUND((Source!AF82*Source!AV82)*Source!I82, 2) -> 13665.87 | J110: =IF(Source!BA82<> 0, Source!BA82, 1) -> 18.55 | K110: =Source!S82 -> 253501.83 | W110: =I110 -> 13665.87
C111: ЭМ | F111: =Source!AM82 -> 29.03 | G111: =Source!DE82 -> *1,25 | H111: =Source!AV82 -> 1 | I111: =ROUND((Source!AD82*Source!AV82)*Source!I82, 2) -> 940.21 | J111: =IF(Source!BB82<> 0, Source!BB82, 1) -> 8.51 | K111: =Source!Q82 -> 8001.18
C112: в т.ч. ЗПМ | F112: =Source!AN82 -> 6.86 | G112: =Source!DF82 -> *1,25 | H112: =Source!AV82 -> 1 | I112: =ROUND((Source!AE82*Source!AV82)*Source!I82, 2) -> 222.18 | J112: =IF(Source!BS82<> 0, Source!BS82, 1) -> 1 | K112: =Source!R82 -> 222.18 | W112: =I112 -> 222.18
C113: МР | F113: =Source!AL82 -> 6.09 | G113: =Source!DD82 | H113: =Source!AW82 -> 1 | I113: =ROUND((Source!AC82*Source!AW82)*Source!I82, 2) -> 157.79 | J113: =IF(Source!BC82<> 0, Source!BC82, 1) -> 5.23 | K113: =Source!P82 -> 825.25
...

Sheet Source
A1: 0 | B1: Smeta.RU (495) 974-1589 | D1: _PS_ | F1: 0 | G1: 0 | H1: 0 | I1: Smeta.RU | K1: 0 | L1: 29412 | M1: 10
A12: 1 | B12: 730 | C12: 0 | D12: =ROW(A698) -> 698 | E12: 0 | F12: Сперанского АР (ТСН-2001 (Мосгосэкспертиза)) | G12: Сперанского АР (ТСН-2001 (Мосгосэкспертиза)) | I12: 0 | K12: 0 | O12: 0 | P12: 0 | Q12: 0 | R12: 167 | V12: 0 | BH12: Сметные нормы списания | BI12: Коды ОКП для ТСН-2001 | BJ12: 1 | BK12: 1 | BL12: 0 | BM12: 0 | BN12: 1 | BO12: 0 | BP12: 6 | BQ12: 2 | BR12: 1 | BS12: 1 | BT12: 0 | BU12: 0 | BV12: 0 | BW12: 0 | BX12: 0 | BY12: ТСН 2001- Ремонт | BZ12: Типовой расчет для ТСН-2001 (Ремонт) | CA12: ТСН-2001 | CB12: ТСН-2001 | CC12: ТСН-2001 | CD12: ТСН-2001 | CF12: 0 | CG12: 0 | CH12: 8 | CK12: 40 | EC12: 0
A15: 15 | B15: 1
A18: 52 | B18: =B698 -> 730 | C18: =C698 -> 1 | D18: =D698 -> 12 | E18: =E698 -> 0 | F18: =F698 -> Сперанского АР (ТСН-2001 (Мосгосэкспертиза)) | G18: =G698 -> Сперанского АР (ТСН-2001 (Мосгосэкспертиза)) | O18: =O698 -> 17229053 | P18: =P698 -> 11131627 | Q18: =Q698 -> 404675.32 | R18: =R698 -> 8337.02 | S18: =S698 -> 5692751 | T18: =T698 -> 0 | U18: =U698 -> 25382.578 | V18: =V698 -> 0 | ... GX18: =GX698 -> 0
A20: 3 | B20: 1 | D20: =ROW(A669) -> 669 | F20: Новая локальная смета | G20: Новая локальная смета | I20: 0 | K20: 0 | V20: 0 | BD20: *1,25 | BE20: *1,25 | BF20: *1,15 | BH20: *1,15 | BI20: *1,25 | BN20: *1,25 | BX20: 0 | CF20: 0 | CG20: 0
A22: 52 | B22: =B669 -> 1 | C22: =C669 -> 3 | D22: =D669 -> 20 | E22: =E669 -> 0 | F22: =F669 -> Новая локальная смета | G22: =G669 -> Новая локальная смета | O22: =O669 -> 17229053 | P22: =P669 -> 11131627 | Q22: =Q669 -> 404675.32 | R22: =R669 -> 8337.02 | S22: =S669 -> 5692751 | T22: =T669 -> 0 | U22: =U669 -> 25382.578 | V22: =V669 -> 0 | ... GX22: =GX669 -> 0
A24: 4 | B24: 1 | D24: =ROW(A274) -> 274 | F24: Новый раздел | G24: АР | I24: 0 | K24: 0 | V24: 0 | BD24: *1,25 | BE24: *1,25 | BF24: *1,15 | BH24: *1,15 | BI24: *1,25 | BN24: *1,25 | BX24: 0 | CJ24: 0
A26: 52 | B26: =B274 -> 1 | C26: =C274 -> 4 | D26: =D274 -> 24 | E26: =E274 -> 0 | F26: =F274 -> Новый раздел | G26: =G274 -> АР | O26: =O274 -> 10237727 | P26: =P274 -> 6208622.6 | Q26: =Q274 -> 186764.44 | R26: =R274 -> 4592.52 | S26: =S274 -> 3842340.4 | T26: =T274 -> 0 | U26: =U274 -> 16875.898 | V26: =V274 -> 0 | ... GX26: =GX274 -> 0
A28: 5 | B28: 1 | D28: =ROW(A41) -> 41 | F28: Новый подраздел | G28: Потолки 1 этаж | I28: 0 | K28: 0 | V28: 0 | BD28: *1,25 | BE28: *1,25 | BF28: *1,15 | BH28: *1,15 | BI28: *1,25 | BN28: *1,25 | BX28: 0 | CJ28: 0
A30: 52 | B30: =B41 -> 1 | C30: =C41 -> 5 | D30: =D41 -> 28 | E30: =E41 -> 0 | F30: =F41 -> Новый подраздел | G30: =G41 -> Потолки 1 этаж | O30: =O41 -> 1260290.2 | P30: =P41 -> 770334.34 | Q30: =Q41 -> 6332.06 | R30: =R41 -> 191.88 | S30: =S41 -> 483623.85 | T30: =T41 -> 0 | U30: =U41 -> 2096.956 | V30: =V41 -> 0 | ... GX30: =GX41 -> 0
A32: 17 | B32: 1 | E32: 1 | F32: 3.9-51-1 | G32: Монтаж подвесных потолков из алюминиевых перфорированных или сплошных реек | H32: 100 м2 | I32: 1.9168 | J32: 0 | O32: =ROUND(CP32,2) -> 220129.44 | P32: =ROUND(CQ32*I32,2) -> 4502.79 | Q32: =ROUND(CR32*I32,2) -> 5124.23 | R32: =ROUND(CS32*I32,2) -> 161.85 | S32: =ROUND(CT32*I32,2) -> 210502.42 | T32: =ROUND(CU32*I32,2) -> 0 | U32: =CV32*I32 -> 859.6848 | V32: =CW32*I32 -> 0 | W32: =ROUND(CX32*I32,2) -> 0 | X32: =ROUND(CY32,2) -> 151561.74 | Y32: =ROUND(CZ32,2) -> 92621.06 | AA32: 42145827 | AB32: =ROUND((AC32+AD32+AF32),6) -> 6723.4275 | AC32: =ROUND((ES32),6) -> 378.89 | AD32: =ROUND(((ET32*1.25)),6) -> 424.3375 | AE32: =ROUND(((EU32*1.25)),6) -> 84.4375 | AF32: =ROUND(((EV32*1.15)),6) -> 5920.2 | AG32: =ROUND((AP32),6) -> 0 | AH32: =((EW32*1.15)) -> 448.5 | AI32: =((EX32*1.25)) -> 0 | AJ32: =ROUND((AS32),6) -> 0 | AK32: 5866.36 | AL32: 378.89 | AM32: 339.47 | AN32: 67.55 | AO32: 5148 | AP32: 0 | AQ32: 390 | AR32: 0 | AS32: 0 | AT32: 72 | AU32: 44 | AV32: 1 | AW32: 1 | AZ32: 1 | BA32: 18.55 | BB32: 6.3 | BC32: 6.2 | BH32: 0 | BI32: 1 | BJ32: ТСН-2001.3. Доп. 1-42. Сб. 9, т. 51, поз. 1 | BM32: 80 | BN32: 7156650 | BO32: 3.9-51-1 | BP32: 1 | BQ32: 30 | BR32: 0 | BS32: 1 | BT32: 1 | BU32: 1 | BV32: 1 | BW32: 1 | BX32: 1 | BZ32: 72 | CA32: 44 | CF32: 0 | CG32: 0 | CM32: 0 | CO32: 0 | CP32: =(P32+Q32+S32) -> 220129.44 | CQ32: =(AC32*BC32*AW32) -> 2349.118 | CR32: =(AD32*BB32*AV32) -> 2673.3262 | CS32: =(AE32*BS32*AV32) -> 84.4375 | CT32: =(AF32*BA32*AV32) -> 109819.71 | CU32: =AG32 -> 0 | CV32: =(AH32*AV32) -> 448.5 | CW32: =AI32 -> 0 | CX32: =AJ32 -> 0 | CY32: =S32*(BZ32/100) -> 151561.74 | CZ32: =S32*(CA32/100) -> 92621.065 | DE32: *1,25 | DF32: *1,25 | DG32: *1,15 | DI32: *1,15 | DJ32: *1,25 | DN32: 85 | DO32: 70 | DP32: 1.087 | DQ32: 1 | DU32: 1005 | DV32: 100 м2 | DW32: 100 м2 | DX32: 100 | EE32: 21987432 | EF32: 30 | EG32: Строительные работы | EH32: 0 | EJ32: 1 | EK32: 80 | EL32: ТСН-2001.3-9. 9-1...9-72 | EM32: ТСН-2001.3-9-1 | EQ32: 131072 | ER32: 5866.36 | ES32: 378.89 | ET32: 339.47 | EU32: 67.55 | EV32: 5148 | EW32: 390 | EX32: 0 | EY32: 0 | FQ32: 0 | FR32: =ROUND(IF(AND(BH32=3,BI32=3),P32,0),2) -> 0 | FS32: 0 | FX32: 85 | FY32: 70 | GD32: 0 | GF32: -1679795181 | GG32: 2 | GH32: 1 | GI32: 2 | GJ32: 0 | GK32: =ROUND(R32*(R12)/100,2) -> 270.29 | GL32: =ROUND(IF(AND(BH32=3,BI32=3,FS32<>0),P32,0),2) -> 0 | GM32: =ROUND(O32+X32+Y32+GK32,2)+GX32 -> 464582.53 | GN32: =IF(OR(BI32=0,BI32=1),ROUND(O32+X32+Y32+GK32,2),0) -> 464582.53 | GO32: =IF(BI32=2,ROUND(O32+X32+Y32+GK32,2),0) -> 0 | GP32: =IF(BI32=4,ROUND(O32+X32+Y32+GK32,2)+GX32,0) -> 0 | GR32: 0 | GS32: 0 | GT32: 0 | GV32: =ROUND(GT32,6) -> 0 | GW32: 1 | GX32: =ROUND(GV32*GW32*I32,2) -> 0 | HA32: 0 | HB32: 0 | IK32: 0
A33: 18 | B33: 1 | E33: 1,1 | F33: 1.6-2-106 | G33: Потолки реечные подвесные из алюминиевых профилей с защитно-декоративным покрытием, ширина рейки 150 мм, без перфорации, окрашенные порошковой эмалью, цвет белый | H33: м2 | I33: =I32*J33 -> 201.26 | J33: 104.99791 | O33: =ROUND(CP33,2) -> 109401.72 | P33: =ROUND(CQ33*I33,2) -> 109401.72 | Q33: =ROUND(CR33*I33,2) -> 0 | R33: =ROUND(CS33*I33,2) -> 0 | S33: =ROUND(CT33*I33,2) -> 0 | T33: =ROUND(CU33*I33,2) -> 0 | U33: =CV33*I33 -> 0 | V33: =CW33*I33 -> 0 | W33: =ROUND(CX33*I33,2) -> 0 | X33: =ROUND(CY33,2) -> 0 | Y33: =ROUND(CZ33,2) -> 0 | AA33: 42145827 | AB33: =ROUND((AC33+AD33+AF33),6) -> 169.87 | AC33: =ROUND((ES33),6) -> 169.87 | AD33: =ROUND((ET33),6) -> 0 | AE33: =ROUND((EU33),6) -> 0 | AF33: =ROUND((EV33),6) -> 0 | AG33: =ROUND((AP33),6) -> 0 | AH33: =(EW33) -> 0 | AI33: =(EX33) -> 0 | AJ33: =ROUND((AS33),6) -> 0 | AK33: 169.87 | AL33: 169.87 | AM33: 0 | AN33: 0 | AO33: 0 | AP33: 0 | AQ33: 0 | AR33: 0 | AS33: 0 | AT33: 0 | AU33: 0 | AV33: 1 | AW33: 1 | AZ33: 1 | BA33: 1 | BB33: 1 | BC33: 3.2 | BH33: 3 | BI33: 1 | BJ33: ТСН-2001.1. Доп. 1-42. Р. 6, о. 2, поз. 106 | BM33: 80 | BN33: 7156650 | BO33: 1.6-2-106 | BP33: 1 | BQ33: 30 | BR33: 0 | BS33: 1 | BT33: 1 | BU33: 1 | BV33: 1 | BW33: 1 | BX33: 1 | BZ33: 0 | CA33: 0 | CF33: 0 | CG33: 0 | CM33: 0 | CO33: 0 | CP33: =(P33+Q33+S33) -> 109401.72 | CQ33: =(AC33*BC33*AW33) -> 543.584 | CR33: =(AD33*BB33*AV33) -> 0 | CS33: =(AE33*BS33*AV33) -> 0 | CT33: =(AF33*BA33*AV33) -> 0 | CU33: =AG33 -> 0 | CV33: =(AH33*AV33) -> 0 | CW33: =AI33 -> 0 | CX33: =AJ33 -> 0 | CY33: =S33*(BZ33/100) -> 0 | CZ33: =S33*(CA33/100) -> 0 | DN33: 85 | DO33: 70 | DP33: 1.087 | DQ33: 1 | DU33: 1005 | DV33: м2 | DW33: м2 | DX33: 1 | EE33: 21987432 | EF33: 30 | EG33: Строительные работы | EH33: 0 | EJ33: 1 | EK33: 80 | EL33: ТСН-2001.3-9. 9-1...9-72 | EM33: ТСН-2001.3-9-1 | EQ33: 0 | ER33: 169.87 | ES33: 169.87 | ET33: 0 | EU33: 0 | EV33: 0 | EW33: 0 | EX33: 0 | FQ33: 0 | FR33: =ROUND(IF(AND(BH33=3,BI33=3),P33,0),2) -> 0 | FS33: 0 | FX33: 85 | FY33: 70 | GD33: 0 | GF33: -2078191382 | GG33: 2 | GH33: 1 | GI33: 2 | GJ33: 0 | GK33: =ROUND(R33*(R12)/100,2) -> 0 | GL33: =ROUND(IF(AND(BH33=3,BI33=3,FS33<>0),P33,0),2) -> 0 | GM33: =ROUND(O33+X33+Y33+GK33,2)+GX33 -> 109401.72 | GN33: =IF(OR(BI33=0,BI33=1),ROUND(O33+X33+Y33+GK33,2),0) -> 109401.72 | GO33: =IF(BI33=2,ROUND(O33+X33+Y33+GK33,2),0) -> 0 | GP33: =IF(BI33=4,ROUND(O33+X33+Y33+GK33,2)+GX33,0) -> 0 | GR33: 0 | GS33: 0 | GT33: 0 | GV33: =ROUND(GT33,6) -> 0 | GW33: 1 | GX33: =ROUND(GV33*GW33*I33,2) -> 0 | HA33: 0 | HB33: 0 | IK33: 0
A34: 17 | B34: 1 | E34: 2 | F34: 3.15-29-1 | G34: Устройство подвесных потолков из декоративно-акустических плит по готовому каркасу с установкой направляющих из алюминиевого профиля и деталей крепления | H34: 100 м2 | I34: 1.1757 | J34: 0 | O34: =ROUND(CP34,2) -> 53028 | P34: =ROUND(CQ34*I34,2) -> 266.85 | Q34: =ROUND(CR34*I34,2) -> 232.3 | R34: =ROUND(CS34*I34,2) -> 5.78 | S34: =ROUND(CT34*I34,2) -> 52528.85 | T34: =ROUND(CU34*I34,2) -> 0 | U34: =CV34*I34 -> 237.96168 | V34: =CW34*I34 -> 0 | W34: =ROUND(CX34*I34,2) -> 0 | X34: =ROUND(CY34,2) -> 45174.81 | Y34: =ROUND(CZ34,2) -> 23112.69 | AA34: 42145827 | AB34: =ROUND((AC34+AD34+AF34),6) -> 2484.955 | AC34: =ROUND((ES34),6) -> 51.82 | AD34: =ROUND(((ET34*1.25)),6) -> 24.575 | AE34: =ROUND(((EU34*1.25)),6) -> 4.9125 | AF34: =ROUND(((EV34*1.15)),6) -> 2408.56 | AG34: =ROUND((AP34),6) -> 0 | AH34: =((EW34*1.15)) -> 202.4 | AI34: =((EX34*1.25)) -> 0 | AJ34: =ROUND((AS34),6) -> 0 | AK34: 2165.88 | AL34: 51.82 | AM34: 19.66 | AN34: 3.93 | AO34: 2094.4 | AP34: 0 | AQ34: 176 | AR34: 0 | AS34: 0 | AT34: 86 | AU34: 44 | AV34: 1 | AW34: 1 | AZ34: 1 | BA34: 18.55 | BB34: 8.04 | BC34: 4.38 | BH34: 0 | BI34: 1 | BJ34: ТСН-2001.3. Доп. 1-42. Сб. 15, т. 29, поз. 1 | BM34: 113 | BN34: 7156650 | BO34: 3.15-29-1 | BP34: 1 | BQ34: 30 | BR34: 0 | BS34: 1 | BT34: 1 | BU34: 1 | BV34: 1 | BW34: 1 | BX34: 1 | BZ34: 86 | CA34: 44 | CF34: 0 | CG34: 0 | CM34: 0 | CO34: 0 | CP34: =(P34+Q34+S34) -> 53028 | CQ34: =(AC34*BC34*AW34) -> 226.9716 | CR34: =(AD34*BB34*AV34) -> 197.583 | CS34: =(AE34*BS34*AV34) -> 4.9125 | CT34: =(AF34*BA34*AV34) -> 44678.788 | CU34: =AG34 -> 0 | CV34: =(AH34*AV34) -> 202.4 | CW34: =AI34 -> 0 | CX34: =AJ34 -> 0 | CY34: =S34*(BZ34/100) -> 45174.811 | CZ34: =S34*(CA34/100) -> 23112.694 | DE34: *1,25 | DF34: *1,25 | DG34: *1,15 | DI34: *1,15 | DJ34: *1,25 | DN34: 100 | DO34: 64 | DP34: 1.025 | DQ34: 1 | DU34: 1005 | DV34: 100 м2 | DW34: 100 м2 | DX34: 100 | EE34: 21987465 | EF34: 30 | EG34: Строительные работы | EH34: 0 | EJ34: 1 | EK34: 113 | EL34: ТСН-2001.3-15. 15-25...15-29 | EM34: ТСН-2001.3-15-5 | EQ34: 131072 | ER34: 2165.88 | ES34: 51.82 | ET34: 19.66 | EU34: 3.93 | EV34: 2094.4 | EW34: 176 | EX34: 0 | EY34: 0 | FQ34: 0 | FR34: =ROUND(IF(AND(BH34=3,BI34=3),P34,0),2) -> 0 | FS34: 0 | FX34: 100 | FY34: 64 | GD34: 0 | GF34: 756687370 | GG34: 2 | GH34: 1 | GI34: 2 | GJ34: 0 | GK34: =ROUND(R34*(R12)/100,2) -> 9.65 | GL34: =ROUND(IF(AND(BH34=3,BI34=3,FS34<>0),P34,0),2) -> 0 | GM34: =ROUND(O34+X34+Y34+GK34,2)+GX34 -> 121325.15 | GN34: =IF(OR(BI34=0,BI34=1),ROUND(O34+X34+Y34+GK34,2),0) -> 121325.15 | GO34: =IF(BI34=2,ROUND(O34+X34+Y34+GK34,2),0) -> 0 | GP34: =IF(BI34=4,ROUND(O34+X34+Y34+GK34,2)+GX34,0) -> 0 | GR34: 0 | GS34: 0 | GT34: 0 | GV34: =ROUND(GT34,6) -> 0 | GW34: 1 | GX34: =ROUND(GV34*GW34*I34,2) -> 0 | HA34: 0 | HB34: 0 | IK34: 0
A35: 18 | B35: 1 | E35: 2,1 | F35: 1.6-1-291 | G35: Каркасы подвесных потолков с подвесками и деталями крепления | H35: т | I35: =I34*J35 -> 0.4115 | J35: 0.35000425 | O35: =ROUND(CP35,2) -> 26219.84 | P35: =ROUND(CQ35*I35,2) -> 26219.84 | Q35: =ROUND(CR35*I35,2) -> 0 | R35: =ROUND(CS35*I35,2) -> 0 | S35: =ROUND(CT35*I35,2) -> 0 | T35: =ROUND(CU35*I35,2) -> 0 | U35: =CV35*I35 -> 0 | V35: =CW35*I35 -> 0 | W35: =ROUND(CX35*I35,2) -> 0 | X35: =ROUND(CY35,2) -> 0 | Y35: =ROUND(CZ35,2) -> 0 | AA35: 42145827 | AB35: =ROUND((AC35+AD35+AF35),6) -> 19485.54 | AC35: =ROUND((ES35),6) -> 19485.54 | AD35: =ROUND((ET35),6) -> 0 | AE35: =ROUND((EU35),6) -> 0 | AF35: =ROUND((EV35),6) -> 0 | AG35: =ROUND((AP35),6) -> 0 | AH35: =(EW35) -> 0 | AI35: =(EX35) -> 0 | AJ35: =ROUND((AS35),6) -> 0 | AK35: 19485.54 | AL35: 19485.54 | AM35: 0 | AN35: 0 | AO35: 0 | AP35: 0 | AQ35: 0 | AR35: 0 | AS35: 0 | AT35: 0 | AU35: 0 | AV35: 1 | AW35: 1 | AZ35: 1 | BA35: 1 | BB35: 1 | BC35: 3.27 | BH35: 3 | BI35: 1 | BJ35: ТСН-2001.1. Доп. 1-42. Р. 6, о. 1, поз. 291 | BM35: 113 | BN35: 7156650 | BO35: 1.6-1-291 | BP35: 1 | BQ35: 30 | BR35: 0 | BS35: 1 | BT35: 1 | BU35: 1 | BV35: 1 | BW35: 1 | BX35: 1 | BZ35: 0 | CA35: 0 | CF35: 0 | CG35: 0 | CM35: 0 | CO35: 0 | CP35: =(P35+Q35+S35) -> 26219.84 | CQ35: =(AC35*BC35*AW35) -> 63717.716 | CR35: =(AD35*BB35*AV35) -> 0 | CS35: =(AE35*BS35*AV35) -> 0 | CT35: =(AF35*BA35*AV35) -> 0 | CU35: =AG35 -> 0 | CV35: =(AH35*AV35) -> 0 | CW35: =AI35 -> 0 | CX35: =AJ35 -> 0 | CY35: =S35*(BZ35/100) -> 0 | CZ35: =S35*(CA35/100) -> 0 | DN35: 100 | DO35: 64 | DP35: 1.025 | DQ35: 1 | DU35: 1009 | DV35: т | DW35: т | DX35: 1000 | EE35: 21987465 | EF35: 30 | EG35: Строительные работы | EH35: 0 | EJ35: 1 | EK35: 113 | EL35: ТСН-2001.3-15. 15-25...15-29 | EM35: ТСН-2001.3-15-5 | EQ35: 0 | ER35: 19485.54 | ES35: 19485.54 | ET35: 0 | EU35: 0 | EV35: 0 | EW35: 0 | EX35: 0 | FQ35: 0 | FR35: =ROUND(IF(AND(BH35=3,BI35=3),P35,0),2) -> 0 | FS35: 0 | FX35: 100 | FY35: 64 | GD35: 0 | GF35: 1679822580 | GG35: 2 | GH35: 1 | GI35: 2 | GJ35: 0 | GK35: =ROUND(R35*(R12)/100,2) -> 0 | GL35: =ROUND(IF(AND(BH35=3,BI35=3,FS35<>0),P35,0),2) -> 0 | GM35: =ROUND(O35+X35+Y35+GK35,2)+GX35 -> 26219.84 | GN35: =IF(OR(BI35=0,BI35=1),ROUND(O35+X35+Y35+GK35,2),0) -> 26219.84 | GO35: =IF(BI35=2,ROUND(O35+X35+Y35+GK35,2),0) -> 0 | GP35: =IF(BI35=4,ROUND(O35+X35+Y35+GK35,2)+GX35,0) -> 0 | GR35: 0 | GS35: 0 | GT35: 0 | GV35: =ROUND(GT35,6) -> 0 | GW35: 1 | GX35: =ROUND(GV35*GW35*I35,2) -> 0 | HA35: 0 | HB35: 0 | IK35: 0
A36: 18 | B36: 1 | E36: 2,2 | F36: Прайс стр. 14 | G36: Подвесной потолок ARMSTRONG NEWTONE | H36: м2 | I36: =I34*J36 -> 123.45 | J36: 105.00128 | O36: =ROUND(CP36,2) -> 163058.56 | P36: =ROUND(CQ36*I36,2) -> 163058.56 | Q36: =ROUND(CR36*I36,2) -> 0 | R36: =ROUND(CS36*I36,2) -> 0 | S36: =ROUND(CT36*I36,2) -> 0 | T36: =ROUND(CU36*I36,2) -> 0 | U36: =CV36*I36 -> 0 | V36: =CW36*I36 -> 0 | W36: =ROUND(CX36*I36,2) -> 0 | X36: =ROUND(CY36,2) -> 0 | Y36: =ROUND(CZ36,2) -> 0 | AA36: 42145827 | AB36: =ROUND((AC36+AD36+AF36),6) -> 252.552 | AC36: =ROUND(((ES36*1.02)),6) -> 252.552 | AD36: =ROUND((ET36),6) -> 0 | AE36: =ROUND((EU36),6) -> 0 | AF36: =ROUND((EV36),6) -> 0 | AG36: =ROUND((AP36),6) -> 0 | AH36: =(EW36) -> 0 | AI36: =(EX36) -> 0 | AJ36: =ROUND((AS36),6) -> 0 | AK36: 247.6 | AL36: 247.6 | AM36: 0 | AN36: 0 | AO36: 0 | AP36: 0 | AQ36: 0 | AR36: 0 | AS36: 0 | AT36: 0 | AU36: 0 | AV36: 1 | AW36: 1 | AZ36: 1 | BA36: 1 | BB36: 1 | BC36: 5.23 | BH36: 3 | BI36: 1 | BM36: 113 | BN36: 0 | BP36: 0 | BQ36: 30 | BR36: 0 | BS36: 1 | BT36: 1 | BU36: 1 | BV36: 1 | BW36: 1 | BX36: 1 | BZ36: 0 | CA36: 0 | CF36: 0 | CG36: 0 | CM36: 0 | CO36: 0 | CP36: =(P36+Q36+S36) -> 163058.56 | CQ36: =(AC36*BC36*AW36) -> 1320.847 | CR36: =(AD36*BB36*AV36) -> 0 | CS36: =(AE36*BS36*AV36) -> 0 | CT36: =(AF36*BA36*AV36) -> 0 | CU36: =AG36 -> 0 | CV36: =(AH36*AV36) -> 0 | CW36: =AI36 -> 0 | CX36: =AJ36 -> 0 | CY36: =S36*(BZ36/100) -> 0 | CZ36: =S36*(CA36/100) -> 0 | DD36: *1,02 | DN36: 100 | DO36: 64 | DP36: 1.025 | DQ36: 1 | DU36: 1005 | DV36: м2 | DW36: м2 | DX36: 1 | EE36: 21987465 | EF36: 30 | EG36: Строительные работы | EH36: 0 | EJ36: 1 | EK36: 113 | EL36: ТСН-2001.3-15. 15-25...15-29 | EM36: ТСН-2001.3-15-5 | EQ36: 0 | ER36: 247.6 | ES36: 247.6 | ET36: 0 | EU36: 0 | EV36: 0 | EW36: 0 | EX36: 0 | FQ36: 0 | FR36: =ROUND(IF(AND(BH36=3,BI36=3),P36,0),2) -> 0 | FS36: 0 | FX36: 100 | FY36: 64 | GD36: 0 | GF36: 1636948736 | GG36: 2 | GH36: 0 | GI36: 3 | GJ36: 0 | GK36: =ROUND(R36*(R12)/100,2) -> 0 | GL36: =ROUND(IF(AND(BH36=3,BI36=3,FS36<>0),P36,0),2) -> 0 | GM36: =ROUND(O36+X36+Y36+GK36,2)+GX36 -> 163058.56 | GN36: =IF(OR(BI36=0,BI36=1),ROUND(O36+X36+Y36+GK36,2),0) -> 163058.56 | GO36: =IF(BI36=2,ROUND(O36+X36+Y36+GK36,2),0) -> 0 | GP36: =IF(BI36=4,ROUND(O36+X36+Y36+GK36,2)+GX36,0) -> 0 | GR36: 0 | GS36: 0 | GT36: 0 | GV36: =ROUND(GT36,6) -> 0 | GW36: 1 | GX36: =ROUND(GV36*GW36*I36,2) -> 0 | HA36: 0 | HB36: 0 | IK36: 0
A37: 17 | B37: 1 | E37: 3 | F37: 3.15-29-1 | G37: Устройство подвесных потолков из декоративно-акустических плит по готовому каркасу с установкой направляющих из алюминиевого профиля и деталей крепления | H37: 100 м2 | I37: 4.9373 | J37: 0 | O37: =ROUND(CP37,2) -> 222688.74 | P37: =ROUND(CQ37*I37,2) -> 1120.63 | Q37: =ROUND(CR37*I37,2) -> 975.53 | R37: =ROUND(CS37*I37,2) -> 24.25 | S37: =ROUND(CT37*I37,2) -> 220592.58 | T37: =ROUND(CU37*I37,2) -> 0 | U37: =CV37*I37 -> 999.30952 | V37: =CW37*I37 -> 0 | W37: =ROUND(CX37*I37,2) -> 0 | X37: =ROUND(CY37,2) -> 189709.62 | Y37: =ROUND(CZ37,2) -> 97060.74 | AA37: 42145827 | AB37: =ROUND((AC37+AD37+AF37),6) -> 2484.955 | AC37: =ROUND((ES37),6) -> 51.82 | AD37: =ROUND(((ET37*1.25)),6) -> 24.575 | AE37: =ROUND(((EU37*1.25)),6) -> 4.9125 | AF37: =ROUND(((EV37*1.15)),6) -> 2408.56 | AG37: =ROUND((AP37),6) -> 0 | AH37: =((EW37*1.15)) -> 202.4 | AI37: =((EX37*1.25)) -> 0 | AJ37: =ROUND((AS37),6) -> 0 | AK37: 2165.88 | AL37: 51.82 | AM37: 19.66 | AN37: 3.93 | AO37: 2094.4 | AP37: 0 | AQ37: 176 | AR37: 0 | AS37: 0 | AT37: 86 | AU37: 44 | AV37: 1 | AW37: 1 | AZ37: 1 | BA37: 18.55 | BB37: 8.04 | BC37: 4.38 | BH37: 0 | BI37: 1 | BJ37: ТСН-2001.3. Доп. 1-42. Сб. 15, т. 29, поз. 1 | BM37: 113 | BN37: 7156650 | BO37: 3.15-29-1 | BP37: 1 | BQ37: 30 | BR37: 0 | BS37: 1 | BT37: 1 | BU37: 1 | BV37: 1 | BW37: 1 | BX37: 1 | BZ37: 86 | CA37: 44 | CF37: 0 | CG37: 0 | CM37: 0 | CO37: 0 | CP37: =(P37+Q37+S37) -> 222688.74 | CQ37: =(AC37*BC37*AW37) -> 226.9716 | CR37: =(AD37*BB37*AV37) -> 197.583 | CS37: =(AE37*BS37*AV37) -> 4.9125 | CT37: =(AF37*BA37*AV37) -> 44678.788 | CU37: =AG37 -> 0 | CV37: =(AH37*AV37) -> 202.4 | CW37: =AI37 -> 0 | CX37: =AJ37 -> 0 | CY37: =S37*(BZ37/100) -> 189709.62 | CZ37: =S37*(CA37/100) -> 97060.735 | DE37: *1,25 | DF37: *1,25 | DG37: *1,15 | DI37: *1,15 | DJ37: *1,25 | DN37: 100 | DO37: 64 | DP37: 1.025 | DQ37: 1 | DU37: 1005 | DV37: 100 м2 | DW37: 100 м2 | DX37: 100 | EE37: 21987465 | EF37: 30 | EG37: Строительные работы | EH37: 0 | EJ37: 1 | EK37: 113 | EL37: ТСН-2001.3-15. 15-25...15-29 | EM37: ТСН-2001.3-15-5 | EQ37: 131072 | ER37: 2165.88 | ES37: 51.82 | ET37: 19.66 | EU37: 3.93 | EV37: 2094.4 | EW37: 176 | EX37: 0 | EY37: 0 | FQ37: 0 | FR37: =ROUND(IF(AND(BH37=3,BI37=3),P37,0),2) -> 0 | FS37: 0 | FX37: 100 | FY37: 64 | GD37: 0 | GF37: 756687370 | GG37: 2 | GH37: 1 | GI37: 2 | GJ37: 0 | GK37: =ROUND(R37*(R12)/100,2) -> 40.5 | GL37: =ROUND(IF(AND(BH37=3,BI37=3,FS37<>0),P37,0),2) -> 0 | GM37: =ROUND(O37+X37+Y37+GK37,2)+GX37 -> 509499.6 | GN37: =IF(OR(BI37=0,BI37=1),ROUND(O37+X37+Y37+GK37,2),0) -> 509499.6 | GO37: =IF(BI37=2,ROUND(O37+X37+Y37+GK37,2),0) -> 0 | GP37: =IF(BI37=4,ROUND(O37+X37+Y37+GK37,2)+GX37,0) -> 0 | GR37: 0 | GS37: 0 | GT37: 0 | GV37: =ROUND(GT37,6) -> 0 | GW37: 1 | GX37: =ROUND(GV37*GW37*I37,2) -> 0 | HA37: 0 | HB37: 0 | IK37: 0
A38: 18 | B38: 1 | E38: 3,1 | F38: 1.6-1-291 | G38: Каркасы подвесных потолков с подвесками и деталями крепления | H38: т | I38: =I37*J38 -> 1.7281 | J38: 0.35000911 | O38: =ROUND(CP38,2) -> 110110.58 | P38: =ROUND(CQ38*I38,2) -> 110110.58 | Q38: =ROUND(CR38*I38,2) -> 0 | R38: =ROUND(CS38*I38,2) -> 0 | S38: =ROUND(CT38*I38,2) -> 0 | T38: =ROUND(CU38*I38,2) -> 0 | U38: =CV38*I38 -> 0 | V38: =CW38*I38 -> 0 | W38: =ROUND(CX38*I38,2) -> 0 | X38: =ROUND(CY38,2) -> 0 | Y38: =ROUND(CZ38,2) -> 0 | AA38: 42145827 | AB38: =ROUND((AC38+AD38+AF38),6) -> 19485.54 | AC38: =ROUND((ES38),6) -> 19485.54 | AD38: =ROUND((ET38),6) -> 0 | AE38: =ROUND((EU38),6) -> 0 | AF38: =ROUND((EV38),6) -> 0 | AG38: =ROUND((AP38),6) -> 0 | AH38: =(EW38) -> 0 | AI38: =(EX38) -> 0 | AJ38: =ROUND((AS38),6) -> 0 | AK38: 19485.54 | AL38: 19485.54 | AM38: 0 | AN38: 0 | AO38: 0 | AP38: 0 | AQ38: 0 | AR38: 0 | AS38: 0 | AT38: 0 | AU38: 0 | AV38: 1 | AW38: 1 | AZ38: 1 | BA38: 1 | BB38: 1 | BC38: 3.27 | BH38: 3 | BI38: 1 | BJ38: ТСН-2001.1. Доп. 1-42. Р. 6, о. 1, поз. 291 | BM38: 113 | BN38: 7156650 | BO38: 1.6-1-291 | BP38: 1 | BQ38: 30 | BR38: 0 | BS38: 1 | BT38: 1 | BU38: 1 | BV38: 1 | BW38: 1 | BX38: 1 | BZ38: 0 | CA38: 0 | CF38: 0 | CG38: 0 | CM38: 0 | CO38: 0 | CP38: =(P38+Q38+S38) -> 110110.58 | CQ38: =(AC38*BC38*AW38) -> 63717.716 | CR38: =(AD38*BB38*AV38) -> 0 | CS38: =(AE38*BS38*AV38) -> 0 | CT38: =(AF38*BA38*AV38) -> 0 | CU38: =AG38 -> 0 | CV38: =(AH38*AV38) -> 0 | CW38: =AI38 -> 0 | CX38: =AJ38 -> 0 | CY38: =S38*(BZ38/100) -> 0 | CZ38: =S38*(CA38/100) -> 0 | DN38: 100 | DO38: 64 | DP38: 1.025 | DQ38: 1 | DU38: 1009 | DV38: т | DW38: т | DX38: 1000 | EE38: 21987465 | EF38: 30 | EG38: Строительные работы | EH38: 0 | EJ38: 1 | EK38: 113 | EL38: ТСН-2001.3-15. 15-25...15-29 | EM38: ТСН-2001.3-15-5 | EQ38: 0 | ER38: 19485.54 | ES38: 19485.54 | ET38: 0 | EU38: 0 | EV38: 0 | EW38: 0 | EX38: 0 | FQ38: 0 | FR38: =ROUND(IF(AND(BH38=3,BI38=3),P38,0),2) -> 0 | FS38: 0 | FX38: 100 | FY38: 64 | GD38: 0 | GF38: 1679822580 | GG38: 2 | GH38: 1 | GI38: 2 | GJ38: 0 | GK38: =ROUND(R38*(R12)/100,2) -> 0 | GL38: =ROUND(IF(AND(BH38=3,BI38=3,FS38<>0),P38,0),2) -> 0 | GM38: =ROUND(O38+X38+Y38+GK38,2)+GX38 -> 110110.58 | GN38: =IF(OR(BI38=0,BI38=1),ROUND(O38+X38+Y38+GK38,2),0) -> 110110.58 | GO38: =IF(BI38=2,ROUND(O38+X38+Y38+GK38,2),0) -> 0 | GP38: =IF(BI38=4,ROUND(O38+X38+Y38+GK38,2)+GX38,0) -> 0 | GR38: 0 | GS38: 0 | GT38: 0 | GV38: =ROUND(GT38,6) -> 0 | GW38: 1 | GX38: =ROUND(GV38*GW38*I38,2) -> 0 | HA38: 0 | HB38: 0 | IK38: 0
A39: 18 | B39: 1 | E39: 3,2 | F39: Прайс стр. 14 | G39: Подвесной потолок ARMSTRONG STANDART | H39: м2 | I39: =I37*J39 -> 518.4228 | J39: 105.00128 | O39: =ROUND(CP39,2) -> 355653.37 | P39: =ROUND(CQ39*I39,2) -> 355653.37 | Q39: =ROUND(CR39*I39,2) -> 0 | R39: =ROUND(CS39*I39,2) -> 0 | S39: =ROUND(CT39*I39,2) -> 0 | T39: =ROUND(CU39*I39,2) -> 0 | U39: =CV39*I39 -> 0 | V39: =CW39*I39 -> 0 | W39: =ROUND(CX39*I39,2) -> 0 | X39: =ROUND(CY39,2) -> 0 | Y39: =ROUND(CZ39,2) -> 0 | AA39: 42145827 | AB39: =ROUND((AC39+AD39+AF39),6) -> 131.172 | AC39: =ROUND(((ES39*1.02)),6) -> 131.172 | AD39: =ROUND((ET39),6) -> 0 | AE39: =ROUND((EU39),6) -> 0 | AF39: =ROUND((EV39),6) -> 0 | AG39: =ROUND((AP39),6) -> 0 | AH39: =(EW39) -> 0 | AI39: =(EX39) -> 0 | AJ39: =ROUND((AS39),6) -> 0 | AK39: 128.6 | AL39: 128.6 | AM39: 0 | AN39: 0 | AO39: 0 | AP39: 0 | AQ39: 0 | AR39: 0 | AS39: 0 | AT39: 0 | AU39: 0 | AV39: 1 | AW39: 1 | AZ39: 1 | BA39: 1 | BB39: 1 | BC39: 5.23 | BH39: 3 | BI39: 1 | BM39: 113 | BN39: 0 | BP39: 0 | BQ39: 30 | BR39: 0 | BS39: 1 | BT39: 1 | BU39: 1 | BV39: 1 | BW39: 1 | BX39: 1 | BZ39: 0 | CA39: 0 | CF39: 0 | CG39: 0 | CM39: 0 | CO39: 0 | CP39: =(P39+Q39+S39) -> 355653.37 | CQ39: =(AC39*BC39*AW39) -> 686.02956 | CR39: =(AD39*BB39*AV39) -> 0 | CS39: =(AE39*BS39*AV39) -> 0 | CT39: =(AF39*BA39*AV39) -> 0 | CU39: =AG39 -> 0 | CV39: =(AH39*AV39) -> 0 | CW39: =AI39 -> 0 | CX39: =AJ39 -> 0 | CY39: =S39*(BZ39/100) -> 0 | CZ39: =S39*(CA39/100) -> 0 | DD39: *1,02 | DN39: 100 | DO39: 64 | DP39: 1.025 | DQ39: 1 | DU39: 1005 | DV39: м2 | DW39: м2 | DX39: 1 | EE39: 21987465 | EF39: 30 | EG39: Строительные работы | EH39: 0 | EJ39: 1 | EK39: 113 | EL39: ТСН-2001.3-15. 15-25...15-29 | EM39: ТСН-2001.3-15-5 | EQ39: 0 | ER39: 128.6 | ES39: 128.6 | ET39: 0 | EU39: 0 | EV39: 0 | EW39: 0 | EX39: 0 | FQ39: 0 | FR39: =ROUND(IF(AND(BH39=3,BI39=3),P39,0),2) -> 0 | FS39: 0 | FX39: 100 | FY39: 64 | GD39: 0 | GF39: 1493592268 | GG39: 2 | GH39: 0 | GI39: 3 | GJ39: 0 | GK39: =ROUND(R39*(R12)/100,2) -> 0 | GL39: =ROUND(IF(AND(BH39=3,BI39=3,FS39<>0),P39,0),2) -> 0 | GM39: =ROUND(O39+X39+Y39+GK39,2)+GX39 -> 355653.37 | GN39: =IF(OR(BI39=0,BI39=1),ROUND(O39+X39+Y39+GK39,2),0) -> 355653.37 | GO39: =IF(BI39=2,ROUND(O39+X39+Y39+GK39,2),0) -> 0 | GP39: =IF(BI39=4,ROUND(O39+X39+Y39+GK39,2)+GX39,0) -> 0 | GR39: 0 | GS39: 0 | GT39: 0 | GV39: =ROUND(GT39,6) -> 0 | GW39: 1 | GX39: =ROUND(GV39*GW39*I39,2) -> 0 | HA39: 0 | HB39: 0 | IK39: 0
A41: 51 | B41: =B28 -> 1 | C41: =A28 -> 5 | D41: =ROW(A28) -> 28 | F41: =IF(F28<>"",F28,"") -> Новый подраздел | G41: =IF(G28<>"",G28,"") -> Потолки 1 этаж | H41: 0 | O41: =ROUND(AB41,2) -> 1260290.2 | P41: =ROUND(AC41,2) -> 770334.34 | Q41: =ROUND(AD41,2) -> 6332.06 | R41: =ROUND(AE41,2) -> 191.88 | S41: =ROUND(AF41,2) -> 483623.85 | T41: =ROUND(AG41,2) -> 0 | U41: =AH41 -> 2096.956 | V41: =AI41 -> 0 | W41: =ROUND(AJ41,2) -> 0 | X41: =ROUND(AK41,2) -> 386446.17 | Y41: =ROUND(AL41,2) -> 212794.49 | AB41: =ROUND(SUMIF(AA32:AA39,"=42145827",O32:O39),2) -> 1260290.2 | AC41: =ROUND(SUMIF(AA32:AA39,"=42145827",P32:P39),2) -> 770334.34 | AD41: =ROUND(SUMIF(AA32:AA39,"=42145827",Q32:Q39),2) -> 6332.06 | AE41: =ROUND(SUMIF(AA32:AA39,"=42145827",R32:R39),2) -> 191.88 | AF41: =ROUND(SUMIF(AA32:AA39,"=42145827",S32:S39),2) -> 483623.85 | AG41: =ROUND(SUMIF(AA32:AA39,"=42145827",T32:T39),2) -> 0 | AH41: =SUMIF(AA32:AA39,"=42145827",U32:U39) -> 2096.956 | AI41: =SUMIF(AA32:AA39,"=42145827",V32:V39) -> 0 | AJ41: =ROUND(SUMIF(AA32:AA39,"=42145827",W32:W39),2) -> 0 | AK41: =ROUND(SUMIF(AA32:AA39,"=42145827",X32:X39),2) -> 386446.17 | AL41: =ROUND(SUMIF(AA32:AA39,"=42145827",Y32:Y39),2) -> 212794.49 | AO41: =ROUND(BX41,2) -> 0 | AP41: =ROUND(BY41,2) -> 0 | AQ41: =ROUND(BZ41,2) -> 0 | AR41: =ROUND(CA41,2) -> 1859851.4 | AS41: =ROUND(CB41,2) -> 1859851.4 | AT41: =ROUND(CC41,2) -> 0 | AU41: =ROUND(CD41,2) -> 0 | AV41: =ROUND(CE41,2) -> 770334.34 | ... BC41: =ROUND(CL41,2) -> 0 | BX41: =ROUND(SUMIF(AA32:AA39,"=42145827",FQ32:FQ39),2) -> 0 | BY41: =ROUND(SUMIF(AA32:AA39,"=42145827",FR32:FR39),2) -> 0 | BZ41: =ROUND(SUMIF(AA32:AA39,"=42145827",GL32:GL39),2) -> 0 | CA41: =ROUND(SUMIF(AA32:AA39,"=42145827",GM32:GM39),2) -> 1859851.4 | CB41: =ROUND(SUMIF(AA32:AA39,"=42145827",GN32:GN39),2) -> 1859851.4 | CC41: =ROUND(SUMIF(AA32:AA39,"=42145827",GO32:GO39),2) -> 0 | CD41: =ROUND(SUMIF(AA32:AA39,"=42145827",GP32:GP39),2) -> 0 | CE41: =AC41-BX41 -> 770334.34 | CF41: =AC41-BY41 -> 770334.34 | CG41: =BX41-BZ41 -> 0 | CH41: =AC41-BX41-BY41+BZ41 -> 770334.34 | CI41: =BY41-BZ41 -> 0 | CJ41: =ROUND(SUMIF(AA32:AA39,"=42145827",GX32:GX39),2) -> 0 | CK41: =ROUND(SUMIF(AA32:AA39,"=42145827",GY32:GY39),2) -> 0 | CL41: =ROUND(SUMIF(AA32:AA39,"=42145827",GZ32:GZ39),2) -> 0 | GX41: 0
A43: 50 | B43: 0 | C43: 0 | D43: 1 | E43: 201 | F43: =ROUND(Source!O41,O43) -> 1260290.2 | G43: ПЗ | H43: Прямые затраты | K43: 201 | L43: 1 | M43: 3 | O43: 2
A44: 50 | B44: 0 | C44: 0 | D44: 1 | E44: 202 | F44: =ROUND(Source!P41,O44) -> 770334.34 | G44: СтМатОб | H44: Стоимость материальных ресурсов (всего) | K44: 202 | L44: 2 | M44: 3 | O44: 2
A45: 50 | B45: 0 | C45: 0 | D45: 1 | E45: 222 | F45: =ROUND(Source!AO41,O45) -> 0 | G45: СтМатОбЗак | H45: Стоимость материалов и оборудования заказчика | K45: 222 | L45: 3 | M45: 3 | O45: 2
A46: 50 | B46: 0 | C46: 0 | D46: 1 | E46: 225 | F46: =ROUND(Source!AV41,O46) -> 770334.34 | G46: СтМатОбПод | H46: Стоимость материалов и оборудования подрядчика | K46: 225 | L46: 4 | M46: 3 | O46: 2
A47: 50 | B47: 0 | C47: 0 | D47: 1 | E47: 226 | F47: =ROUND(Source!AW41,O47) -> 770334.34 | G47: СтМат | H47: Стоимость материалов (всего) | K47: 226 | L47: 5 | M47: 3 | O47: 2
A48: 50 | B48: 0 | C48: 0 | D48: 1 | E48: 227 | F48: =ROUND(Source!AX41,O48) -> 0 | G48: СтМатЗак | H48: Стоимость материалов заказчика | K48: 227 | L48: 6 | M48: 3 | O48: 2
A49: 50 | B49: 0 | C49: 0 | D49: 1 | E49: 228 | F49: =ROUND(Source!AY41,O49) -> 770334.34 | G49: СтМатПод | H49: Стоимость материалов подрядчика | K49: 228 | L49: 7 | M49: 3 | O49: 2
A50: 50 | B50: 0 | C50: 0 | D50: 1 | E50: 216 | F50: =ROUND(Source!AP41,O50) -> 0 | G50: Оборуд | H50: Стоимость оборудования (всего) | K50: 216 | L50: 8 | M50: 3 | O50: 2
A51: 50 | B51: 0 | C51: 0 | D51: 1 | E51: 223 | F51: =ROUND(Source!AQ41,O51) -> 0 | G51: ОборудЗак | H51: Стоимость оборудования заказчика | K51: 223 | L51: 9 | M51: 3 | O51: 2
A52: 50 | B52: 0 | C52: 0 | D52: 1 | E52: 229 | F52: =ROUND(Source!AZ41,O52) -> 0 | G52: ОборудПод | H52: Стоимость оборудования подрядчика | K52: 229 | L52: 10 | M52: 3 | O52: 2
A53: 50 | B53: 0 | C53: 0 | D53: 1 | E53: 203 | F53: =ROUND(Source!Q41,O53) -> 6332.06 | G53: ЭММ | H53: Эксплуатация машин | K53: 203 | L53: 11 | M53: 3 | O53: 2
A54: 50 | B54: 0 | C54: 0 | D54: 1 | E54: 231 | F54: =ROUND(Source!BB41,O54) -> 0 | G54: ЭММсНРиСП | H54: Эксплуатация машин по ТСН-2001.16 | K54: 231 | L54: 12 | M54: 3 | O54: 2
A55: 50 | B55: 0 | C55: 0 | D55: 1 | E55: 204 | F55: =ROUND(Source!R41,O55) -> 191.88 | G55: ЗПМ | H55: ЗП машинистов | K55: 204 | L55: 13 | M55: 3 | O55: 2
A56: 50 | B56: 0 | C56: 0 | D56: 1 | E56: 205 | F56: =ROUND(Source!S41,O56) -> 483623.85 | G56: ОЗП | H56: Основная ЗП рабочих | K56: 205 | L56: 14 | M56: 3 | O56: 2
A57: 50 | B57: 0 | C57: 0 | D57: 1 | E57: 232 | F57: =ROUND(Source!BC41,O57) -> 0 | G57: ОЗПсНРиСП | H57: Основная ЗП рабочих по ТСН-2001.16 | K57: 232 | L57: 15 | M57: 3 | O57: 2
A58: 50 | B58: 0 | C58: 0 | D58: 1 | E58: 214 | F58: =ROUND(Source!AS41,O58) -> 1859851.4 | G58: Строит | H58: Строительные работы с НР и СП | K58: 214 | L58: 16 | M58: 3 | O58: 2
A59: 50 | B59: 0 | C59: 0 | D59: 1 | E59: 215 | F59: =ROUND(Source!AT41,O59) -> 0 | G59: Монтаж | H59: Монтажные работы с НР и СП | K59: 215 | L59: 17 | M59: 3 | O59: 2
A60: 50 | B60: 0 | C60: 0 | D60: 1 | E60: 217 | F60: =ROUND(Source!AU41,O60) -> 0 | G60: Прочие | H60: Прочие работы с НР и СП | K60: 217 | L60: 18 | M60: 3 | O60: 2
A61: 50 | B61: 0 | C61: 0 | D61: 1 | E61: 230 | F61: =ROUND(Source!BA41,O61) -> 0 | G61: ПрочиеЗатр | H61: Прочие затраты по ТСН-2001.16 | K61: 230 | L61: 19 | M61: 3 | O61: 2
A62: 50 | B62: 0 | C62: 0 | D62: 1 | E62: 206 | F62: =ROUND(Source!T41,O62) -> 0 | G62: ВозврМат | H62: Возврат материалов | K62: 206 | L62: 20 | M62: 3 | O62: 2
A63: 50 | B63: 0 | C63: 0 | D63: 1 | E63: 207 | F63: =Source!U41 -> 2096.956 | G63: ТрудСтр | H63: Трудозатраты строителей | K63: 207 | L63: 21 | M63: 3 | O63: -1
A64: 50 | B64: 0 | C64: 0 | D64: 1 | E64: 208 | F64: =Source!V41 -> 0 | G64: ТрудМаш | H64: Трудозатраты машинистов | K64: 208 | L64: 22 | M64: 3 | O64: -1
A65: 50 | B65: 0 | C65: 0 | D65: 1 | E65: 209 | F65: =ROUND(Source!W41,O65) -> 0 | G65: ТранспМат | H65: Транспорт материалов | K65: 209 | L65: 23 | M65: 3 | O65: 2
A66: 50 | B66: 0 | C66: 0 | D66: 1 | E66: 210 | F66: =ROUND(Source!X41,O66) -> 386446.17 | G66: НР | H66: Накладные расходы | K66: 210 | L66: 24 | M66: 3 | O66: 2
A67: 50 | B67: 0 | C67: 0 | D67: 1 | E67: 211 | F67: =ROUND(Source!Y41,O67) -> 212794.49 | G67: СмПриб | H67: Сметная прибыль | K67: 211 | L67: 25 | M67: 3 | O67: 2
A68: 50 | B68: 0 | C68: 0 | D68: 1 | E68: 224 | F68: =ROUND(Source!AR41,O68) -> 1859851.4 | G68: Всего | H68: Всего с НР и СП | K68: 224 | L68: 26 | M68: 3 | O68: 2
A70: 5 | B70: 1 | D70: =ROW(A108) -> 108 | F70: Новый подраздел | G70: Стены 1 этаж | I70: 0 | K70: -1 | V70: 0 | BD70: *1,25 | BE70: *1,25 | BF70: *1,15 | BH70: *1,15 | BI70: *1,25 | BN70: *1,25 | BX70: 0 | CJ70: 0
A72: 52 | B72: =B108 -> 1 | C72: =C108 -> 5 | D72: =D108 -> 70 | E72: =E108 -> 0 | F72: =F108 -> Новый подраздел | G72: =G108 -> Стены 1 этаж | O72: =O108 -> 4474499.9 | P72: =P108 -> 2604029.7 | Q72: =Q108 -> 43425.3 | R72: =R108 -> 1150.58 | S72: =S108 -> 1827044.9 | T72: =T108 -> 0 | U72: =U108 -> 7979.2954 | V72: =V108 -> 0 | ... GX72: =GX108 -> 0
A74: 17 | B74: 1 | E74: 4 | F74: 3.15-165-1 | G74: Обработка поверхностей стен грунтовкой глубокого проникновения внутри помещения | H74: 100 м2 | I74: 25.91 | J74: 0 | O74: =ROUND(CP74,2) -> 28927.44 | P74: =ROUND(CQ74*I74,2) -> 0 | Q74: =ROUND(CR74*I74,2) -> 196.79 | R74: =ROUND(CS74*I74,2) -> 4.53 | S74: =ROUND(CT74*I74,2) -> 28730.65 | T74: =ROUND(CU74*I74,2) -> 0 | U74: =CV74*I74 -> 138.55373 | V74: =CW74*I74 -> 0 | W74: =ROUND(CX74*I74,2) -> 0 | X74: =ROUND(CY74,2) -> 24708.36 | Y74: =ROUND(CZ74,2) -> 12641.49 | AA74: 42145827 | AB74: =ROUND((AC74+AD74+AF74),6) -> 60.802 | AC74: =ROUND((ES74),6) -> 0 | AD74: =ROUND(((ET74*1.25)),6) -> 1.025 | AE74: =ROUND(((EU74*1.25)),6) -> 0.175 | AF74: =ROUND(((EV74*1.15)),6) -> 59.777 | AG74: =ROUND((AP74),6) -> 0 | AH74: =((EW74*1.15)) -> 5.3475 | AI74: =((EX74*1.25)) -> 0 | AJ74: =ROUND((AS74),6) -> 0 | AK74: 52.8 | AL74: 0 | AM74: 0.82 | AN74: 0.14 | AO74: 51.98 | AP74: 0 | AQ74: 4.65 | AR74: 0 | AS74: 0 | AT74: 86 | AU74: 44 | AV74: 1 | AW74: 1 | AZ74: 1 | BA74: 18.55 | BB74: 7.41 | BC74: 1 | BH74: 0 | BI74: 1 | BJ74: ТСН-2001.3 Доп. 47, Сб. 15, т. 165, поз. 1 | BM74: 1523 | BN74: 7156650 | BO74: 3.15-165-1 | BP74: 1 | BQ74: 30 | BR74: 0 | BS74: 1 | BT74: 1 | BU74: 1 | BV74: 1 | BW74: 1 | BX74: 1 | BZ74: 86 | CA74: 44 | CF74: 0 | CG74: 0 | CM74: 0 | CO74: 0 | CP74: =(P74+Q74+S74) -> 28927.44 | CQ74: =(AC74*BC74*AW74) -> 0 | CR74: =(AD74*BB74*AV74) -> 7.59525 | CS74: =(AE74*BS74*AV74) -> 0.175 | CT74: =(AF74*BA74*AV74) -> 1108.8634 | CU74: =AG74 -> 0 | CV74: =(AH74*AV74) -> 5.3475 | CW74: =AI74 -> 0 | CX74: =AJ74 -> 0 | CY74: =S74*(BZ74/100) -> 24708.359 | CZ74: =S74*(CA74/100) -> 12641.486 | DE74: *1,25 | DF74: *1,25 | DG74: *1,15 | DI74: *1,15 | DJ74: *1,25 | DN74: 100 | DO74: 64 | DP74: 1.025 | DQ74: 1 | DU74: 1005 | DV74: 100 м2 | DW74: 100 м2 | DX74: 100 | EE74: 21988875 | EF74: 30 | EG74: Строительные работы | EH74: 0 | EJ74: 1 | EK74: 1523 | EL74: ТСН-2001.3-15. 15-164, 15-165 (доп. 20) | EM74: ТСН-2001.3-15-28 | EQ74: 131072 | ER74: 52.8 | ES74: 0 | ET74: 0.82 | EU74: 0.14 | EV74: 51.98 | EW74: 4.65 | EX74: 0 | EY74: 0 | FQ74: 0 | FR74: =ROUND(IF(AND(BH74=3,BI74=3),P74,0),2) -> 0 | FS74: 0 | FX74: 100 | FY74: 64 | GD74: 0 | GF74: -1757916944 | GG74: 2 | GH74: 1 | GI74: 2 | GJ74: 0 | GK74: =ROUND(R74*(R12)/100,2) -> 7.57 | GL74: =ROUND(IF(AND(BH74=3,BI74=3,FS74<>0),P74,0),2) -> 0 | GM74: =ROUND(O74+X74+Y74+GK74,2)+GX74 -> 66284.86 | GN74: =IF(OR(BI74=0,BI74=1),ROUND(O74+X74+Y74+GK74,2),0) -> 66284.86 | GO74: =IF(BI74=2,ROUND(O74+X74+Y74+GK74,2),0) -> 0 | GP74: =IF(BI74=4,ROUND(O74+X74+Y74+GK74,2)+GX74,0) -> 0 | GR74: 0 | GS74: 0 | GT74: 0 | GV74: =ROUND(GT74,6) -> 0 | GW74: 1 | GX74: =ROUND(GV74*GW74*I74,2) -> 0 | HA74: 0 | HB74: 0 | IK74: 0
A75: 18 | B75: 1 | E75: 4,1 | F75: 1.1-1-2854 | G75: Грунтовка акриловая типа «Бетоконтакт», адгезионная для обработки бетонных оснований перед оштукатуриванием | H75: кг | I75: =I74*J75 -> 266.873 | J75: 10.3 | O75: =ROUND(CP75,2) -> 9203.44 | P75: =ROUND(CQ75*I75,2) -> 9203.44 | Q75: =ROUND(CR75*I75,2) -> 0 | R75: =ROUND(CS75*I75,2) -> 0 | S75: =ROUND(CT75*I75,2) -> 0 | T75: =ROUND(CU75*I75,2) -> 0 | U75: =CV75*I75 -> 0 | V75: =CW75*I75 -> 0 | W75: =ROUND(CX75*I75,2) -> 0 | X75: =ROUND(CY75,2) -> 0 | Y75: =ROUND(CZ75,2) -> 0 | AA75: 42145827 | AB75: =ROUND((AC75+AD75+AF75),6) -> 28.98 | AC75: =ROUND((ES75),6) -> 28.98 | AD75: =ROUND((ET75),6) -> 0 | AE75: =ROUND((EU75),6) -> 0 | AF75: =ROUND((EV75),6) -> 0 | AG75: =ROUND((AP75),6) -> 0 | AH75: =(EW75) -> 0 | AI75: =(EX75) -> 0 | AJ75: =ROUND((AS75),6) -> 0 | AK75: 28.98 | AL75: 28.98 | AM75: 0 | AN75: 0 | AO75: 0 | AP75: 0 | AQ75: 0 | AR75: 0 | AS75: 0 | AT75: 0 | AU75: 0 | AV75: 1 | AW75: 1 | AZ75: 1 | BA75: 1 | BB75: 1 | BC75: 1.19 | BH75: 3 | BI75: 1 | BJ75: ТСН-2001.1 Доп. 44, Р. 1, о. 1, поз. 2854 | BM75: 1523 | BN75: 7156650 | BO75: 1.1-1-2854 | BP75: 1 | BQ75: 30 | BR75: 0 | BS75: 1 | BT75: 1 | BU75: 1 | BV75: 1 | BW75: 1 | BX75: 1 | BZ75: 0 | CA75: 0 | CF75: 0 | CG75: 0 | CM75: 0 | CO75: 0 | CP75: =(P75+Q75+S75) -> 9203.44 | CQ75: =(AC75*BC75*AW75) -> 34.4862 | CR75: =(AD75*BB75*AV75) -> 0 | CS75: =(AE75*BS75*AV75) -> 0 | CT75: =(AF75*BA75*AV75) -> 0 | CU75: =AG75 -> 0 | CV75: =(AH75*AV75) -> 0 | CW75: =AI75 -> 0 | CX75: =AJ75 -> 0 | CY75: =S75*(BZ75/100) -> 0 | CZ75: =S75*(CA75/100) -> 0 | DN75: 100 | DO75: 64 | DP75: 1.025 | DQ75: 1 | DU75: 1009 | DV75: кг | DW75: кг | DX75: 1 | EE75: 21988875 | EF75: 30 | EG75: Строительные работы | EH75: 0 | EJ75: 1 | EK75: 1523 | EL75: ТСН-2001.3-15. 15-164, 15-165 (доп. 20) | EM75: ТСН-2001.3-15-28 | EQ75: 0 | ER75: 28.98 | ES75: 28.98 | ET75: 0 | EU75: 0 | EV75: 0 | EW75: 0 | EX75: 0 | FQ75: 0 | FR75: =ROUND(IF(AND(BH75=3,BI75=3),P75,0),2) -> 0 | FS75: 0 | FX75: 100 | FY75: 64 | GD75: 0 | GF75: 33071459 | GG75: 2 | GH75: 1 | GI75: 2 | GJ75: 0 | GK75: =ROUND(R75*(R12)/100,2) -> 0 | GL75: =ROUND(IF(AND(BH75=3,BI75=3,FS75<>0),P75,0),2) -> 0 | GM75: =ROUND(O75+X75+Y75+GK75,2)+GX75 -> 9203.44 | GN75: =IF(OR(BI75=0,BI75=1),ROUND(O75+X75+Y75+GK75,2),0) -> 9203.44 | GO75: =IF(BI75=2,ROUND(O75+X75+Y75+GK75,2),0) -> 0 | GP75: =IF(BI75=4,ROUND(O75+X75+Y75+GK75,2)+GX75,0) -> 0 | GR75: 0 | GS75: 0 | GT75: 0 | GV75: =ROUND(GT75,6) -> 0 | GW75: 1 | GX75: =ROUND(GV75*GW75*I75,2) -> 0 | HA75: 0 | HB75: 0 | IK75: 0
A76: 17 | B76: 1 | E76: 5 | F76: 3.15-63-1 | G76: Улучшенная штукатурка по сетке стен без устройства каркаса цементным раствором | H76: 100 м2 оштукатуриваемой поверхности | I76: 9.25 | J76: 0 | O76: =ROUND(CP76,2) -> 830610 | P76: =ROUND(CQ76*I76,2) -> 500038.1 | Q76: =ROUND(CR76*I76,2) -> 25875.48 | R76: =ROUND(CS76*I76,2) -> 698.38 | S76: =ROUND(CT76*I76,2) -> 304696.42 | T76: =ROUND(CU76*I76,2) -> 0 | U76: =CV76*I76 -> 1414.7875 | V76: =CW76*I76 -> 0 | W76: =ROUND(CX76*I76,2) -> 0 | X76: =ROUND(CY76,2) -> 262038.92 | Y76: =ROUND(CZ76,2) -> 134066.42 | AA76: 42145827 | AB76: =ROUND((AC76+AD76+AF76),6) -> 5905.782 | AC76: =ROUND((ES76),6) -> 3796.22 | AD76: =ROUND(((ET76*1.25)),6) -> 333.8125 | AE76: =ROUND(((EU76*1.25)),6) -> 75.5 | AF76: =ROUND(((EV76*1.15)),6) -> 1775.7495 | AG76: =ROUND((AP76),6) -> 0 | AH76: =((EW76*1.15)) -> 152.95 | AI76: =((EX76*1.25)) -> 0 | AJ76: =ROUND((AS76),6) -> 0 | AK76: 5607.4 | AL76: 3796.22 | AM76: 267.05 | AN76: 60.4 | AO76: 1544.13 | AP76: 0 | AQ76: 133 | AR76: 0 | AS76: 0 | AT76: 86 | AU76: 44 | AV76: 1 | AW76: 1 | AZ76: 1 | BA76: 18.55 | BB76: 8.38 | BC76: 14.24 | BH76: 0 | BI76: 1 | BJ76: ТСН-2001.3. Доп. 1-42. Сб. 15, т. 63, поз. 1 | BM76: 115 | BN76: 7156650 | BO76: 3.15-63-1 | BP76: 1 | BQ76: 30 | BR76: 0 | BS76: 1 | BT76: 1 | BU76: 1 | BV76: 1 | BW76: 1 | BX76: 1 | BZ76: 86 | CA76: 44 | CF76: 0 | CG76: 0 | CM76: 0 | CO76: 0 | CP76: =(P76+Q76+S76) -> 830610 | CQ76: =(AC76*BC76*AW76) -> 54058.173 | CR76: =(AD76*BB76*AV76) -> 2797.3488 | CS76: =(AE76*BS76*AV76) -> 75.5 | CT76: =(AF76*BA76*AV76) -> 32940.153 | CU76: =AG76 -> 0 | CV76: =(AH76*AV76) -> 152.95 | CW76: =AI76 -> 0 | CX76: =AJ76 -> 0 | CY76: =S76*(BZ76/100) -> 262038.92 | CZ76: =S76*(CA76/100) -> 134066.42 | DE76: *1,25 | DF76: *1,25 | DG76: *1,15 | DI76: *1,15 | DJ76: *1,25 | DN76: 100 | DO76: 64 | DP76: 1.025 | DQ76: 1 | DU76: 1013 | DV76: 100 м2 оштукатуриваемой поверхности | DW76: 100 м2 оштукатуриваемой поверхности | DX76: 1 | EE76: 21987467 | EF76: 30 | EG76: Строительные работы | EH76: 0 | EJ76: 1 | EK76: 115 | EL76: ТСН-2001.3-15. 15-51...15-81 | EM76: ТСН-2001.3-15-7 | EQ76: 131072 | ER76: 5607.4 | ES76: 3796.22 | ET76: 267.05 | EU76: 60.4 | EV76: 1544.13 | EW76: 133 | EX76: 0 | EY76: 0 | FQ76: 0 | FR76: =ROUND(IF(AND(BH76=3,BI76=3),P76,0),2) -> 0 | FS76: 0 | FX76: 100 | FY76: 64 | GD76: 0 | GF76: -1898966943 | GG76: 2 | GH76: 1 | GI76: 2 | GJ76: 0 | GK76: =ROUND(R76*(R12)/100,2) -> 1166.29 | GL76: =ROUND(IF(AND(BH76=3,BI76=3,FS76<>0),P76,0),2) -> 0 | GM76: =ROUND(O76+X76+Y76+GK76,2)+GX76 -> 1227881.6 | GN76: =IF(OR(BI76=0,BI76=1),ROUND(O76+X76+Y76+GK76,2),0) -> 1227881.6 | GO76: =IF(BI76=2,ROUND(O76+X76+Y76+GK76,2),0) -> 0 | GP76: =IF(BI76=4,ROUND(O76+X76+Y76+GK76,2)+GX76,0) -> 0 | GR76: 0 | GS76: 0 | GT76: 0 | GV76: =ROUND(GT76,6) -> 0 | GW76: 1 | GX76: =ROUND(GV76*GW76*I76,2) -> 0 | HA76: 0 | HB76: 0 | IK76: 0
A77: 18 | B77: 1 | E77: 5,1 | F77: 1.1-1-118 | G77: Вода | H77: м3 | I77: =I76*J77 -> 1.68609 | J77: 0.18228 | O77: =ROUND(CP77,2) -> 50.54 | P77: =ROUND(CQ77*I77,2) -> 50.54 | Q77: =ROUND(CR77*I77,2) -> 0 | R77: =ROUND(CS77*I77,2) -> 0 | S77: =ROUND(CT77*I77,2) -> 0 | T77: =ROUND(CU77*I77,2) -> 0 | U77: =CV77*I77 -> 0 | V77: =CW77*I77 -> 0 | W77: =ROUND(CX77*I77,2) -> 0 | X77: =ROUND(CY77,2) -> 0 | Y77: =ROUND(CZ77,2) -> 0 | AA77: 42145827 | AB77: =ROUND((AC77+AD77+AF77),6) -> 7.07 | AC77: =ROUND((ES77),6) -> 7.07 | AD77: =ROUND((ET77),6) -> 0 | AE77: =ROUND((EU77),6) -> 0 | AF77: =ROUND((EV77),6) -> 0 | AG77: =ROUND((AP77),6) -> 0 | AH77: =(EW77) -> 0 | AI77: =(EX77) -> 0 | AJ77: =ROUND((AS77),6) -> 0 | AK77: 7.07 | AL77: 7.07 | AM77: 0 | AN77: 0 | AO77: 0 | AP77: 0 | AQ77: 0 | AR77: 0 | AS77: 0 | AT77: 0 | AU77: 0 | AV77: 1 | AW77: 1 | AZ77: 1 | BA77: 1 | BB77: 1 | BC77: 4.24 | BH77: 3 | BI77: 1 | BJ77: ТСН-2001.1. Доп. 1-42. Р. 1, о. 1, поз. 118 | BM77: 115 | BN77: 7156650 | BO77: 1.1-1-118 | BP77: 1 | BQ77: 30 | BR77: 0 | BS77: 1 | BT77: 1 | BU77: 1 | BV77: 1 | BW77: 1 | BX77: 1 | BZ77: 0 | CA77: 0 | CF77: 0 | CG77: 0 | CM77: 0 | CO77: 0 | CP77: =(P77+Q77+S77) -> 50.54 | CQ77: =(AC77*BC77*AW77) -> 29.9768 | CR77: =(AD77*BB77*AV77) -> 0 | CS77: =(AE77*BS77*AV77) -> 0 | CT77: =(AF77*BA77*AV77) -> 0 | CU77: =AG77 -> 0 | CV77: =(AH77*AV77) -> 0 | CW77: =AI77 -> 0 | CX77: =AJ77 -> 0 | CY77: =S77*(BZ77/100) -> 0 | CZ77: =S77*(CA77/100) -> 0 | DN77: 100 | DO77: 64 | DP77: 1.025 | DQ77: 1 | DU77: 1007 | DV77: м3 | DW77: м3 | DX77: 1 | EE77: 21987467 | EF77: 30 | EG77: Строительные работы | EH77: 0 | EJ77: 1 | EK77: 115 | EL77: ТСН-2001.3-15. 15-51...15-81 | EM77: ТСН-2001.3-15-7 | EQ77: 0 | ER77: 7.07 | ES77: 7.07 | ET77: 0 | EU77: 0 | EV77: 0 | EW77: 0 | EX77: 0 | FQ77: 0 | FR77: =ROUND(IF(AND(BH77=3,BI77=3),P77,0),2) -> 0 | FS77: 0 | FX77: 100 | FY77: 64 | GD77: 0 | GF77: -862991314 | GG77: 2 | GH77: 1 | GI77: 2 | GJ77: 0 | GK77: =ROUND(R77*(R12)/100,2) -> 0 | GL77: =ROUND(IF(AND(BH77=3,BI77=3,FS77<>0),P77,0),2) -> 0 | GM77: =ROUND(O77+X77+Y77+GK77,2)+GX77 -> 50.54 | GN77: =IF(OR(BI77=0,BI77=1),ROUND(O77+X77+Y77+GK77,2),0) -> 50.54 | GO77: =IF(BI77=2,ROUND(O77+X77+Y77+GK77,2),0) -> 0 | GP77: =IF(BI77=4,ROUND(O77+X77+Y77+GK77,2)+GX77,0) -> 0 | GR77: 0 | GS77: 0 | GT77: 0 | GV77: =ROUND(GT77,6) -> 0 | GW77: 1 | GX77: =ROUND(GV77*GW77*I77,2) -> 0 | HA77: 0 | HB77: 0 | IK77: 0
A78: 18 | B78: 1 | E78: 5,2 | F78: 1.3-2-25 | G78: Смеси сухие штукатурные цементно-песчаные для внутренних и наружных работ, водоудерживающие и повышающие адгезионные свойства, В12,5 (М150), F50, крупность заполнителя не более 0,5 мм | H78: т | I78: =I76*J78 -> 9.6348 | J78: 1.0416 | O78: =ROUND(CP78,2) -> 48173.72 | P78: =ROUND(CQ78*I78,2) -> 48173.72 | Q78: =ROUND(CR78*I78,2) -> 0 | R78: =ROUND(CS78*I78,2) -> 0 | S78: =ROUND(CT78*I78,2) -> 0 | T78: =ROUND(CU78*I78,2) -> 0 | U78: =CV78*I78 -> 0 | V78: =CW78*I78 -> 0 | W78: =ROUND(CX78*I78,2) -> 0 | X78: =ROUND(CY78,2) -> 0 | Y78: =ROUND(CZ78,2) -> 0 | AA78: 42145827 | AB78: =ROUND((AC78+AD78+AF78),6) -> 1742.15 | AC78: =ROUND((ES78),6) -> 1742.15 | AD78: =ROUND((ET78),6) -> 0 | AE78: =ROUND((EU78),6) -> 0 | AF78: =ROUND((EV78),6) -> 0 | AG78: =ROUND((AP78),6) -> 0 | AH78: =(EW78) -> 0 | AI78: =(EX78) -> 0 | AJ78: =ROUND((AS78),6) -> 0 | AK78: 1742.15 | AL78: 1742.15 | AM78: 0 | AN78: 0 | AO78: 0 | AP78: 0 | AQ78: 0 | AR78: 0 | AS78: 0 | AT78: 0 | AU78: 0 | AV78: 1 | AW78: 1 | AZ78: 1 | BA78: 1 | BB78: 1 | BC78: 2.87 | BH78: 3 | BI78: 1 | BJ78: ТСН-2001.1. Доп. 1-42. Р. 3, о. 2, поз. 25 | BM78: 115 | BN78: 7156650 | BO78: 1.3-2-25 | BP78: 1 | BQ78: 30 | BR78: 0 | BS78: 1 | BT78: 1 | BU78: 1 | BV78: 1 | BW78: 1 | BX78: 1 | BZ78: 0 | CA78: 0 | CF78: 0 | CG78: 0 | CM78: 0 | CO78: 0 | CP78: =(P78+Q78+S78) -> 48173.72 | CQ78: =(AC78*BC78*AW78) -> 4999.9705 | CR78: =(AD78*BB78*AV78) -> 0 | CS78: =(AE78*BS78*AV78) -> 0 | CT78: =(AF78*BA78*AV78) -> 0 | CU78: =AG78 -> 0 | CV78: =(AH78*AV78) -> 0 | CW78: =AI78 -> 0 | CX78: =AJ78 -> 0 | CY78: =S78*(BZ78/100) -> 0 | CZ78: =S78*(CA78/100) -> 0 | DN78: 100 | DO78: 64 | DP78: 1.025 | DQ78: 1 | DU78: 1009 | DV78: т | DW78: т | DX78: 1000 | EE78: 21987467 | EF78: 30 | EG78: Строительные работы | EH78: 0 | EJ78: 1 | EK78: 115 | EL78: ТСН-2001.3-15. 15-51...15-81 | EM78: ТСН-2001.3-15-7 | EQ78: 0 | ER78: 1742.15 | ES78: 1742.15 | ET78: 0 | EU78: 0 | EV78: 0 | EW78: 0 | EX78: 0 | FQ78: 0 | FR78: =ROUND(IF(AND(BH78=3,BI78=3),P78,0),2) -> 0 | FS78: 0 | FX78: 100 | FY78: 64 | GD78: 0 | GF78: -1495068045 | GG78: 2 | GH78: 1 | GI78: 2 | GJ78: 0 | GK78: =ROUND(R78*(R12)/100,2) -> 0 | GL78: =ROUND(IF(AND(BH78=3,BI78=3,FS78<>0),P78,0),2) -> 0 | GM78: =ROUND(O78+X78+Y78+GK78,2)+GX78 -> 48173.72 | GN78: =IF(OR(BI78=0,BI78=1),ROUND(O78+X78+Y78+GK78,2),0) -> 48173.72 | GO78: =IF(BI78=2,ROUND(O78+X78+Y78+GK78,2),0) -> 0 | GP78: =IF(BI78=4,ROUND(O78+X78+Y78+GK78,2)+GX78,0) -> 0 | GR78: 0 | GS78: 0 | GT78: 0 | GV78: =ROUND(GT78,6) -> 0 | GW78: 1 | GX78: =ROUND(GV78*GW78*I78,2) -> 0 | HA78: 0 | HB78: 0 | IK78: 0
A79: 18 | B79: 1 | E79: 5,3 | F79: 1.3-2-6 | G79: Растворы цементные, марка 150 | H79: м3 | I79: =I76*J79 -> 24.087 | J79: 2.604 | O79: =ROUND(CP79,2) -> 75450.08 | P79: =ROUND(CQ79*I79,2) -> 75450.08 | Q79: =ROUND(CR79*I79,2) -> 0 | R79: =ROUND(CS79*I79,2) -> 0 | S79: =ROUND(CT79*I79,2) -> 0 | T79: =ROUND(CU79*I79,2) -> 0 | U79: =CV79*I79 -> 0 | V79: =CW79*I79 -> 0 | W79: =ROUND(CX79*I79,2) -> 0 | X79: =ROUND(CY79,2) -> 0 | Y79: =ROUND(CZ79,2) -> 0 | AA79: 42145827 | AB79: =ROUND((AC79+AD79+AF79),6) -> 478.96 | AC79: =ROUND((ES79),6) -> 478.96 | AD79: =ROUND((ET79),6) -> 0 | AE79: =ROUND((EU79),6) -> 0 | AF79: =ROUND((EV79),6) -> 0 | AG79: =ROUND((AP79),6) -> 0 | AH79: =(EW79) -> 0 | AI79: =(EX79) -> 0 | AJ79: =ROUND((AS79),6) -> 0 | AK79: 478.96 | AL79: 478.96 | AM79: 0 | AN79: 0 | AO79: 0 | AP79: 0 | AQ79: 0 | AR79: 0 | AS79: 0 | AT79: 0 | AU79: 0 | AV79: 1 | AW79: 1 | AZ79: 1 | BA79: 1 | BB79: 1 | BC79: 6.54 | BH79: 3 | BI79: 1 | BJ79: ТСН-2001.1. Доп. 1-42. Р. 3, о. 2, поз. 6 | BM79: 115 | BN79: 7156650 | BO79: 1.3-2-6 | BP79: 1 | BQ79: 30 | BR79: 0 | BS79: 1 | BT79: 1 | BU79: 1 | BV79: 1 | BW79: 1 | BX79: 1 | BZ79: 0 | CA79: 0 | CF79: 0 | CG79: 0 | CM79: 0 | CO79: 0 | CP79: =(P79+Q79+S79) -> 75450.08 | CQ79: =(AC79*BC79*AW79) -> 3132.3984 | CR79: =(AD79*BB79*AV79) -> 0 | CS79: =(AE79*BS79*AV79) -> 0 | CT79: =(AF79*BA79*AV79) -> 0 | CU79: =AG79 -> 0 | CV79: =(AH79*AV79) -> 0 | CW79: =AI79 -> 0 | CX79: =AJ79 -> 0 | CY79: =S79*(BZ79/100) -> 0 | CZ79: =S79*(CA79/100) -> 0 | DN79: 100 | DO79: 64 | DP79: 1.025 | DQ79: 1 | DU79: 1007 | DV79: м3 | DW79: м3 | DX79: 1 | EE79: 21987467 | EF79: 30 | EG79: Строительные работы | EH79: 0 | EJ79: 1 | EK79: 115 | EL79: ТСН-2001.3-15. 15-51...15-81 | EM79: ТСН-2001.3-15-7 | EQ79: 0 | ER79: 478.96 | ES79: 478.96 | ET79: 0 | EU79: 0 | EV79: 0 | EW79: 0 | EX79: 0 | FQ79: 0 | FR79: =ROUND(IF(AND(BH79=3,BI79=3),P79,0),2) -> 0 | FS79: 0 | FX79: 100 | FY79: 64 | GD79: 0 | GF79: -1161195218 | GG79: 2 | GH79: 1 | GI79: 2 | GJ79: 0 | GK79: =ROUND(R79*(R12)/100,2) -> 0 | GL79: =ROUND(IF(AND(BH79=3,BI79=3,FS79<>0),P79,0),2) -> 0 | GM79: =ROUND(O79+X79+Y79+GK79,2)+GX79 -> 75450.08 | GN79: =IF(OR(BI79=0,BI79=1),ROUND(O79+X79+Y79+GK79,2),0) -> 75450.08 | GO79: =IF(BI79=2,ROUND(O79+X79+Y79+GK79,2),0) -> 0 | GP79: =IF(BI79=4,ROUND(O79+X79+Y79+GK79,2)+GX79,0) -> 0 | GR79: 0 | GS79: 0 | GT79: 0 | GV79: =ROUND(GT79,6) -> 0 | GW79: 1 | GX79: =ROUND(GV79*GW79*I79,2) -> 0 | HA79: 0 | HB79: 0 | IK79: 0
A80: 17 | B80: 1 | E80: 6 | F80: 3.15-165-1 | G80: Обработка поверхностей стен грунтовкой глубокого проникновения внутри помещения | H80: 100 м2 | I80: 9.25 | J80: 0 | O80: =ROUND(CP80,2) -> 10327.25 | P80: =ROUND(CQ80*I80,2) -> 0 | Q80: =ROUND(CR80*I80,2) -> 70.26 | R80: =ROUND(CS80*I80,2) -> 1.62 | S80: =ROUND(CT80*I80,2) -> 10256.99 | T80: =ROUND(CU80*I80,2) -> 0 | U80: =CV80*I80 -> 49.464375 | V80: =CW80*I80 -> 0 | W80: =ROUND(CX80*I80,2) -> 0 | X80: =ROUND(CY80,2) -> 8821.01 | Y80: =ROUND(CZ80,2) -> 4513.08 | AA80: 42145827 | AB80: =ROUND((AC80+AD80+AF80),6) -> 60.802 | AC80: =ROUND((ES80),6) -> 0 | AD80: =ROUND(((ET80*1.25)),6) -> 1.025 | AE80: =ROUND(((EU80*1.25)),6) -> 0.175 | AF80: =ROUND(((EV80*1.15)),6) -> 59.777 | AG80: =ROUND((AP80),6) -> 0 | AH80: =((EW80*1.15)) -> 5.3475 | AI80: =((EX80*1.25)) -> 0 | AJ80: =ROUND((AS80),6) -> 0 | AK80: 52.8 | AL80: 0 | AM80: 0.82 | AN80: 0.14 | AO80: 51.98 | AP80: 0 | AQ80: 4.65 | AR80: 0 | AS80: 0 | AT80: 86 | AU80: 44 | AV80: 1 | AW80: 1 | AZ80: 1 | BA80: 18.55 | BB80: 7.41 | BC80: 1 | BH80: 0 | BI80: 1 | BJ80: ТСН-2001.3 Доп. 47, Сб. 15, т. 165, поз. 1 | BM80: 1523 | BN80: 7156650 | BO80: 3.15-165-1 | BP80: 1 | BQ80: 30 | BR80: 0 | BS80: 1 | BT80: 1 | BU80: 1 | BV80: 1 | BW80: 1 | BX80: 1 | BZ80: 86 | CA80: 44 | CF80: 0 | CG80: 0 | CM80: 0 | CO80: 0 | CP80: =(P80+Q80+S80) -> 10327.25 | CQ80: =(AC80*BC80*AW80) -> 0 | CR80: =(AD80*BB80*AV80) -> 7.59525 | CS80: =(AE80*BS80*AV80) -> 0.175 | CT80: =(AF80*BA80*AV80) -> 1108.8634 | CU80: =AG80 -> 0 | CV80: =(AH80*AV80) -> 5.3475 | CW80: =AI80 -> 0 | CX80: =AJ80 -> 0 | CY80: =S80*(BZ80/100) -> 8821.0114 | CZ80: =S80*(CA80/100) -> 4513.0756 | DE80: *1,25 | DF80: *1,25 | DG80: *1,15 | DI80: *1,15 | DJ80: *1,25 | DN80: 100 | DO80: 64 | DP80: 1.025 | DQ80: 1 | DU80: 1005 | DV80: 100 м2 | DW80: 100 м2 | DX80: 100 | EE80: 21988875 | EF80: 30 | EG80: Строительные работы | EH80: 0 | EJ80: 1 | EK80: 1523 | EL80: ТСН-2001.3-15. 15-164, 15-165 (доп. 20) | EM80: ТСН-2001.3-15-28 | EQ80: 131072 | ER80: 52.8 | ES80: 0 | ET80: 0.82 | EU80: 0.14 | EV80: 51.98 | EW80: 4.65 | EX80: 0 | EY80: 0 | FQ80: 0 | FR80: =ROUND(IF(AND(BH80=3,BI80=3),P80,0),2) -> 0 | FS80: 0 | FX80: 100 | FY80: 64 | GD80: 0 | GF80: -1757916944 | GG80: 2 | GH80: 1 | GI80: 2 | GJ80: 0 | GK80: =ROUND(R80*(R12)/100,2) -> 2.71 | GL80: =ROUND(IF(AND(BH80=3,BI80=3,FS80<>0),P80,0),2) -> 0 | GM80: =ROUND(O80+X80+Y80+GK80,2)+GX80 -> 23664.05 | GN80: =IF(OR(BI80=0,BI80=1),ROUND(O80+X80+Y80+GK80,2),0) -> 23664.05 | GO80: =IF(BI80=2,ROUND(O80+X80+Y80+GK80,2),0) -> 0 | GP80: =IF(BI80=4,ROUND(O80+X80+Y80+GK80,2)+GX80,0) -> 0 | GR80: 0 | GS80: 0 | GT80: 0 | GV80: =ROUND(GT80,6) -> 0 | GW80: 1 | GX80: =ROUND(GV80*GW80*I80,2) -> 0 | HA80: 0 | HB80: 0 | IK80: 0
A81: 18 | B81: 1 | E81: 6,1 | F81: 1.1-1-2854 | G81: Грунтовка акриловая типа «Бетоконтакт», адгезионная для обработки бетонных оснований перед оштукатуриванием | H81: кг | I81: =I80*J81 -> 95.275 | J81: 10.3 | O81: =ROUND(CP81,2) -> 3285.67 | P81: =ROUND(CQ81*I81,2) -> 3285.67 | Q81: =ROUND(CR81*I81,2) -> 0 | R81: =ROUND(CS81*I81,2) -> 0 | S81: =ROUND(CT81*I81,2) -> 0 | T81: =ROUND(CU81*I81,2) -> 0 | U81: =CV81*I81 -> 0 | V81: =CW81*I81 -> 0 | W81: =ROUND(CX81*I81,2) -> 0 | X81: =ROUND(CY81,2) -> 0 | Y81: =ROUND(CZ81,2) -> 0 | AA81: 42145827 | AB81: =ROUND((AC81+AD81+AF81),6) -> 28.98 | AC81: =ROUND((ES81),6) -> 28.98 | AD81: =ROUND((ET81),6) -> 0 | AE81: =ROUND((EU81),6) -> 0 | AF81: =ROUND((EV81),6) -> 0 | AG81: =ROUND((AP81),6) -> 0 | AH81: =(EW81) -> 0 | AI81: =(EX81) -> 0 | AJ81: =ROUND((AS81),6) -> 0 | AK81: 28.98 | AL81: 28.98 | AM81: 0 | AN81: 0 | AO81: 0 | AP81: 0 | AQ81: 0 | AR81: 0 | AS81: 0 | AT81: 0 | AU81: 0 | AV81: 1 | AW81: 1 | AZ81: 1 | BA81: 1 | BB81: 1 | BC81: 1.19 | BH81: 3 | BI81: 1 | BJ81: ТСН-2001.1 Доп. 44, Р. 1, о. 1, поз. 2854 | BM81: 1523 | BN81: 7156650 | BO81: 1.1-1-2854 | BP81: 1 | BQ81: 30 | BR81: 0 | BS81: 1 | BT81: 1 | BU81: 1 | BV81: 1 | BW81: 1 | BX81: 1 | BZ81: 0 | CA81: 0 | CF81: 0 | CG81: 0 | CM81: 0 | CO81: 0 | CP81: =(P81+Q81+S81) -> 3285.67 | CQ81: =(AC81*BC81*AW81) -> 34.4862 | CR81: =(AD81*BB81*AV81) -> 0 | CS81: =(AE81*BS81*AV81) -> 0 | CT81: =(AF81*BA81*AV81) -> 0 | CU81: =AG81 -> 0 | CV81: =(AH81*AV81) -> 0 | CW81: =AI81 -> 0 | CX81: =AJ81 -> 0 | CY81: =S81*(BZ81/100) -> 0 | CZ81: =S81*(CA81/100) -> 0 | DN81: 100 | DO81: 64 | DP81: 1.025 | DQ81: 1 | DU81: 1009 | DV81: кг | DW81: кг | DX81: 1 | EE81: 21988875 | EF81: 30 | EG81: Строительные работы | EH81: 0 | EJ81: 1 | EK81: 1523 | EL81: ТСН-2001.3-15. 15-164, 15-165 (доп. 20) | EM81: ТСН-2001.3-15-28 | EQ81: 0 | ER81: 28.98 | ES81: 28.98 | ET81: 0 | EU81: 0 | EV81: 0 | EW81: 0 | EX81: 0 | FQ81: 0 | FR81: =ROUND(IF(AND(BH81=3,BI81=3),P81,0),2) -> 0 | FS81: 0 | FX81: 100 | FY81: 64 | GD81: 0 | GF81: 33071459 | GG81: 2 | GH81: 1 | GI81: 2 | GJ81: 0 | GK81: =ROUND(R81*(R12)/100,2) -> 0 | GL81: =ROUND(IF(AND(BH81=3,BI81=3,FS81<>0),P81,0),2) -> 0 | GM81: =ROUND(O81+X81+Y81+GK81,2)+GX81 -> 3285.67 | GN81: =IF(OR(BI81=0,BI81=1),ROUND(O81+X81+Y81+GK81,2),0) -> 3285.67 | GO81: =IF(BI81=2,ROUND(O81+X81+Y81+GK81,2),0) -> 0 | GP81: =IF(BI81=4,ROUND(O81+X81+Y81+GK81,2)+GX81,0) -> 0 | GR81: 0 | GS81: 0 | GT81: 0 | GV81: =ROUND(GT81,6) -> 0 | GW81: 1 | GX81: =ROUND(GV81*GW81*I81,2) -> 0 | HA81: 0 | HB81: 0 | IK81: 0
A82: 17 | B82: 1 | E82: 7 | F82: 3.15-96-3 | G82: Улучшенная окраска поливинилацетатными водоэмульсионными составами по штукатурке стен | H82: 100 м2 окрашиваемой поверхности | I82: 25.91 | J82: 0 | O82: =ROUND(CP82,2) -> 262328.26 | P82: =ROUND(CQ82*I82,2) -> 825.25 | Q82: =ROUND(CR82*I82,2) -> 8001.18 | R82: =ROUND(CS82*I82,2) -> 222.18 | S82: =ROUND(CT82*I82,2) -> 253501.83 | T82: =ROUND(CU82*I82,2) -> 0 | U82: =CV82*I82 -> 1162.0635 | V82: =CW82*I82 -> 0 | W82: =ROUND(CX82*I82,2) -> 0 | X82: =ROUND(CY82,2) -> 218011.57 | Y82: =ROUND(CZ82,2) -> 111540.81 | AA82: 42145827 | AB82: =ROUND((AC82+AD82+AF82),6) -> 569.8135 | AC82: =ROUND((ES82),6) -> 6.09 | AD82: =ROUND(((ET82*1.25)),6) -> 36.2875 | AE82: =ROUND(((EU82*1.25)),6) -> 8.575 | AF82: =ROUND(((EV82*1.15)),6) -> 527.436 | AG82: =ROUND((AP82),6) -> 0 | AH82: =((EW82*1.15)) -> 44.85 | AI82: =((EX82*1.25)) -> 0 | AJ82: =ROUND((AS82),6) -> 0 | AK82: 493.76 | AL82: 6.09 | AM82: 29.03 | AN82: 6.86 | AO82: 458.64 | AP82: 0 | AQ82: 39 | AR82: 0 | AS82: 0 | AT82: 86 | AU82: 44 | AV82: 1 | AW82: 1 | AZ82: 1 | BA82: 18.55 | BB82: 8.51 | BC82: 5.23 | BH82: 0 | BI82: 1 | BJ82: ТСН-2001.3. Доп. 1-42. Сб. 15, т. 96, поз. 3 | BM82: 117 | BN82: 7156650 | BO82: 3.15-96-3 | BP82: 1 | BQ82: 30 | BR82: 0 | BS82: 1 | BT82: 1 | BU82: 1 | BV82: 1 | BW82: 1 | BX82: 1 | BZ82: 86 | CA82: 44 | CF82: 0 | CG82: 0 | CM82: 0 | CO82: 0 | CP82: =(P82+Q82+S82) -> 262328.26 | CQ82: =(AC82*BC82*AW82) -> 31.8507 | CR82: =(AD82*BB82*AV82) -> 308.80662 | CS82: =(AE82*BS82*AV82) -> 8.575 | CT82: =(AF82*BA82*AV82) -> 9783.9378 | CU82: =AG82 -> 0 | CV82: =(AH82*AV82) -> 44.85 | CW82: =AI82 -> 0 | CX82: =AJ82 -> 0 | CY82: =S82*(BZ82/100) -> 218011.57 | CZ82: =S82*(CA82/100) -> 111540.81 | DE82: *1,25 | DF82: *1,25 | DG82: *1,15 | DI82: *1,15 | DJ82: *1,25 | DN82: 100 | DO82: 64 | DP82: 1.025 | DQ82: 1 | DU82: 1005 | DV82: 100 м2 окрашиваемой поверхности | DW82: 100 м2 окрашиваемой поверхности | DX82: 100 | EE82: 21987469 | EF82: 30 | EG82: Строительные работы | EH82: 0 | EJ82: 1 | EK82: 117 | EL82: ТСН-2001.3-15. 15-91-3, 15-91-4, 15-92...15-115 | EM82: ТСН-2001.3-15-9 | EQ82: 131072 | ER82: 493.76 | ES82: 6.09 | ET82: 29.03 | EU82: 6.86 | EV82: 458.64 | EW82: 39 | EX82: 0 | EY82: 0 | FQ82: 0 | FR82: =ROUND(IF(AND(BH82=3,BI82=3),P82,0),2) -> 0 | FS82: 0 | FX82: 100 | FY82: 64 | GD82: 0 | GF82: 1023748172 | GG82: 2 | GH82: 1 | GI82: 2 | GJ82: 0 | GK82: =ROUND(R82*(R12)/100,2) -> 371.04 | GL82: =ROUND(IF(AND(BH82=3,BI82=3,FS82<>0),P82,0),2) -> 0 | GM82: =ROUND(O82+X82+Y82+GK82,2)+GX82 -> 592251.68 | GN82: =IF(OR(BI82=0,BI82=1),ROUND(O82+X82+Y82+GK82,2),0) -> 592251.68 | GO82: =IF(BI82=2,ROUND(O82+X82+Y82+GK82,2),0) -> 0 | GP82: =IF(BI82=4,ROUND(O82+X82+Y82+GK82,2)+GX82,0) -> 0 | GR82: 0 | GS82: 0 | GT82: 0 | GV82: =ROUND(GT82,6) -> 0 | GW82: 1 | GX82: =ROUND(GV82*GW82*I82,2) -> 0 | HA82: 0 | HB82: 0 | IK82: 0
A83: 18 | B83: 1 | E83: 7,1 | F83: 1.1-1-1478 | G83: Шпатлевка водно-дисперсионная акриловая | H83: т | I83: =I82*J83 -> 1.32141 | J83: 0.051 | O83: =ROUND(CP83,2) -> 38905.08 | P83: =ROUND(CQ83*I83,2) -> 38905.08 | Q83: =ROUND(CR83*I83,2) -> 0 | R83: =ROUND(CS83*I83,2) -> 0 | S83: =ROUND(CT83*I83,2) -> 0 | T83: =ROUND(CU83*I83,2) -> 0 | U83: =CV83*I83 -> 0 | V83: =CW83*I83 -> 0 | W83: =ROUND(CX83*I83,2) -> 0 | X83: =ROUND(CY83,2) -> 0 | Y83: =ROUND(CZ83,2) -> 0 | AA83: 42145827 | AB83: =ROUND((AC83+AD83+AF83),6) -> 13953.6 | AC83: =ROUND((ES83),6) -> 13953.6 | AD83: =ROUND((ET83),6) -> 0 | AE83: =ROUND((EU83),6) -> 0 | AF83: =ROUND((EV83),6) -> 0 | AG83: =ROUND((AP83),6) -> 0 | AH83: =(EW83) -> 0 | AI83: =(EX83) -> 0 | AJ83: =ROUND((AS83),6) -> 0 | AK83: 13953.6 | AL83: 13953.6 | AM83: 0 | AN83: 0 | AO83: 0 | AP83: 0 | AQ83: 0 | AR83: 0 | AS83: 0 | AT83: 0 | AU83: 0 | AV83: 1 | AW83: 1 | AZ83: 1 | BA83: 1 | BB83: 1 | BC83: 2.11 | BH83: 3 | BI83: 1 | BJ83: ТСН-2001.1. Доп. 1-42. Р. 1, о. 1, поз. 1478 | BM83: 117 | BN83: 7156650 | BO83: 1.1-1-1478 | BP83: 1 | BQ83: 30 | BR83: 0 | BS83: 1 | BT83: 1 | BU83: 1 | BV83: 1 | BW83: 1 | BX83: 1 | BZ83: 0 | CA83: 0 | CF83: 0 | CG83: 0 | CM83: 0 | CO83: 0 | CP83: =(P83+Q83+S83) -> 38905.08 | CQ83: =(AC83*BC83*AW83) -> 29442.096 | CR83: =(AD83*BB83*AV83) -> 0 | CS83: =(AE83*BS83*AV83) -> 0 | CT83: =(AF83*BA83*AV83) -> 0 | CU83: =AG83 -> 0 | CV83: =(AH83*AV83) -> 0 | CW83: =AI83 -> 0 | CX83: =AJ83 -> 0 | CY83: =S83*(BZ83/100) -> 0 | CZ83: =S83*(CA83/100) -> 0 | DN83: 100 | DO83: 64 | DP83: 1.025 | DQ83: 1 | DU83: 1009 | DV83: т | DW83: т | DX83: 1000 | EE83: 21987469 | EF83: 30 | EG83: Строительные работы | EH83: 0 | EJ83: 1 | EK83: 117 | EL83: ТСН-2001.3-15. 15-91-3, 15-91-4, 15-92...15-115 | EM83: ТСН-2001.3-15-9 | EQ83: 0 | ER83: 13953.6 | ES83: 13953.6 | ET83: 0 | EU83: 0 | EV83: 0 | EW83: 0 | EX83: 0 | FQ83: 0 | FR83: =ROUND(IF(AND(BH83=3,BI83=3),P83,0),2) -> 0 | FS83: 0 | FX83: 100 | FY83: 64 | GD83: 0 | GF83: 580281819 | GG83: 2 | GH83: 1 | GI83: 2 | GJ83: 0 | GK83: =ROUND(R83*(R12)/100,2) -> 0 | GL83: =ROUND(IF(AND(BH83=3,BI83=3,FS83<>0),P83,0),2) -> 0 | GM83: =ROUND(O83+X83+Y83+GK83,2)+GX83 -> 38905.08 | GN83: =IF(OR(BI83=0,BI83=1),ROUND(O83+X83+Y83+GK83,2),0) -> 38905.08 | GO83: =IF(BI83=2,ROUND(O83+X83+Y83+GK83,2),0) -> 0 | GP83: =IF(BI83=4,ROUND(O83+X83+Y83+GK83,2)+GX83,0) -> 0 | GR83: 0 | GS83: 0 | GT83: 0 | GV83: =ROUND(GT83,6) -> 0 | GW83: 1 | GX83: =ROUND(GV83*GW83*I83,2) -> 0 | HA83: 0 | HB83: 0 | IK83: 0
A84: 18 | B84: 1 | E84: 7,2 | F84: 1.1-1-2180 | G84: Краски водно-дисперсионные для внутренних работ, марка "ВД-БИО" | H84: т | I84: =I82*J84 -> 1.63233 | J84: 0.063 | O84: =ROUND(CP84,2) -> 157975.38 | P84: =ROUND(CQ84*I84,2) -> 157975.38 | Q84: =ROUND(CR84*I84,2) -> 0 | R84: =ROUND(CS84*I84,2) -> 0 | S84: =ROUND(CT84*I84,2) -> 0 | T84: =ROUND(CU84*I84,2) -> 0 | U84: =CV84*I84 -> 0 | V84: =CW84*I84 -> 0 | W84: =ROUND(CX84*I84,2) -> 0 | X84: =ROUND(CY84,2) -> 0 | Y84: =ROUND(CZ84,2) -> 0 | AA84: 42145827 | AB84: =ROUND((AC84+AD84+AF84),6) -> 33030.4 | AC84: =ROUND((ES84),6) -> 33030.4 | AD84: =ROUND((ET84),6) -> 0 | AE84: =ROUND((EU84),6) -> 0 | AF84: =ROUND((EV84),6) -> 0 | AG84: =ROUND((AP84),6) -> 0 | AH84: =(EW84) -> 0 | AI84: =(EX84) -> 0 | AJ84: =ROUND((AS84),6) -> 0 | AK84: 33030.4 | AL84: 33030.4 | AM84: 0 | AN84: 0 | AO84: 0 | AP84: 0 | AQ84: 0 | AR84: 0 | AS84: 0 | AT84: 0 | AU84: 0 | AV84: 1 | AW84: 1 | AZ84: 1 | BA84: 1 | BB84: 1 | BC84: 2.93 | BH84: 3 | BI84: 1 | BJ84: ТСН-2001.1. Доп. 1-42. Р. 1, о. 1, поз. 2180 | BM84: 117 | BN84: 7156650 | BO84: 1.1-1-2180 | BP84: 1 | BQ84: 30 | BR84: 0 | BS84: 1 | BT84: 1 | BU84: 1 | BV84: 1 | BW84: 1 | BX84: 1 | BZ84: 0 | CA84: 0 | CF84: 0 | CG84: 0 | CM84: 0 | CO84: 0 | CP84: =(P84+Q84+S84) -> 157975.38 | CQ84: =(AC84*BC84*AW84) -> 96779.072 | CR84: =(AD84*BB84*AV84) -> 0 | CS84: =(AE84*BS84*AV84) -> 0 | CT84: =(AF84*BA84*AV84) -> 0 | CU84: =AG84 -> 0 | CV84: =(AH84*AV84) -> 0 | CW84: =AI84 -> 0 | CX84: =AJ84 -> 0 | CY84: =S84*(BZ84/100) -> 0 | CZ84: =S84*(CA84/100) -> 0 | DN84: 100 | DO84: 64 | DP84: 1.025 | DQ84: 1 | DU84: 1009 | DV84: т | DW84: т | DX84: 1000 | EE84: 21987469 | EF84: 30 | EG84: Строительные работы | EH84: 0 | EJ84: 1 | EK84: 117 | EL84: ТСН-2001.3-15. 15-91-3, 15-91-4, 15-92...15-115 | EM84: ТСН-2001.3-15-9 | EQ84: 0 | ER84: 33030.4 | ES84: 33030.4 | ET84: 0 | EU84: 0 | EV84: 0 | EW84: 0 | EX84: 0 | FQ84: 0 | FR84: =ROUND(IF(AND(BH84=3,BI84=3),P84,0),2) -> 0 | FS84: 0 | FX84: 100 | FY84: 64 | GD84: 0 | GF84: -740096928 | GG84: 2 | GH84: 1 | GI84: 2 | GJ84: 0 | GK84: =ROUND(R84*(R12)/100,2) -> 0 | GL84: =ROUND(IF(AND(BH84=3,BI84=3,FS84<>0),P84,0),2) -> 0 | GM84: =ROUND(O84+X84+Y84+GK84,2)+GX84 -> 157975.38 | GN84: =IF(OR(BI84=0,BI84=1),ROUND(O84+X84+Y84+GK84,2),0) -> 157975.38 | GO84: =IF(BI84=2,ROUND(O84+X84+Y84+GK84,2),0) -> 0 | GP84: =IF(BI84=4,ROUND(O84+X84+Y84+GK84,2)+GX84,0) -> 0 | GR84: 0 | GS84: 0 | GT84: 0 | GV84: =ROUND(GT84,6) -> 0 | GW84: 1 | GX84: =ROUND(GV84*GW84*I84,2) -> 0 | HA84: 0 | HB84: 0 | IK84: 0
A85: 17 | B85: 1 | E85: 8 | F85: 3.15-165-1 | G85: Обработка поверхностей стен грунтовкой глубокого проникновения внутри помещения | H85: 100 м2 | I85: 13.407 | J85: 0 | O85: =ROUND(CP85,2) -> 14968.36 | P85: =ROUND(CQ85*I85,2) -> 0 | Q85: =ROUND(CR85*I85,2) -> 101.83 | R85: =ROUND(CS85*I85,2) -> 2.35 | S85: =ROUND(CT85*I85,2) -> 14866.53 | T85: =ROUND(CU85*I85,2) -> 0 | U85: =CV85*I85 -> 71.693933 | V85: =CW85*I85 -> 0 | W85: =ROUND(CX85*I85,2) -> 0 | X85: =ROUND(CY85,2) -> 12785.22 | Y85: =ROUND(CZ85,2) -> 6541.27 | AA85: 42145827 | AB85: =ROUND((AC85+AD85+AF85),6) -> 60.802 | AC85: =ROUND((ES85),6) -> 0 | AD85: =ROUND(((ET85*1.25)),6) -> 1.025 | AE85: =ROUND(((EU85*1.25)),6) -> 0.175 | AF85: =ROUND(((EV85*1.15)),6) -> 59.777 | AG85: =ROUND((AP85),6) -> 0 | AH85: =((EW85*1.15)) -> 5.3475 | AI85: =((EX85*1.25)) -> 0 | AJ85: =ROUND((AS85),6) -> 0 | AK85: 52.8 | AL85: 0 | AM85: 0.82 | AN85: 0.14 | AO85: 51.98 | AP85: 0 | AQ85: 4.65 | AR85: 0 | AS85: 0 | AT85: 86 | AU85: 44 | AV85: 1 | AW85: 1 | AZ85: 1 | BA85: 18.55 | BB85: 7.41 | BC85: 1 | BH85: 0 | BI85: 1 | BJ85: ТСН-2001.3 Доп. 47, Сб. 15, т. 165, поз. 1 | BM85: 1523 | BN85: 7156650 | BO85: 3.15-165-1 | BP85: 1 | BQ85: 30 | BR85: 0 | BS85: 1 | BT85: 1 | BU85: 1 | BV85: 1 | BW85: 1 | BX85: 1 | BZ85: 86 | CA85: 44 | CF85: 0 | CG85: 0 | CM85: 0 | CO85: 0 | CP85: =(P85+Q85+S85) -> 14968.36 | CQ85: =(AC85*BC85*AW85) -> 0 | CR85: =(AD85*BB85*AV85) -> 7.59525 | CS85: =(AE85*BS85*AV85) -> 0.175 | CT85: =(AF85*BA85*AV85) -> 1108.8634 | CU85: =AG85 -> 0 | CV85: =(AH85*AV85) -> 5.3475 | CW85: =AI85 -> 0 | CX85: =AJ85 -> 0 | CY85: =S85*(BZ85/100) -> 12785.216 | CZ85: =S85*(CA85/100) -> 6541.2732 | DE85: *1,25 | DF85: *1,25 | DG85: *1,15 | DI85: *1,15 | DJ85: *1,25 | DN85: 100 | DO85: 64 | DP85: 1.025 | DQ85: 1 | DU85: 1005 | DV85: 100 м2 | DW85: 100 м2 | DX85: 100 | EE85: 21988875 | EF85: 30 | EG85: Строительные работы | EH85: 0 | EJ85: 1 | EK85: 1523 | EL85: ТСН-2001.3-15. 15-164, 15-165 (доп. 20) | EM85: ТСН-2001.3-15-28 | EQ85: 131072 | ER85: 52.8 | ES85: 0 | ET85: 0.82 | EU85: 0.14 | EV85: 51.98 | EW85: 4.65 | EX85: 0 | EY85: 0 | FQ85: 0 | FR85: =ROUND(IF(AND(BH85=3,BI85=3),P85,0),2) -> 0 | FS85: 0 | FX85: 100 | FY85: 64 | GD85: 0 | GF85: -1757916944 | GG85: 2 | GH85: 1 | GI85: 2 | GJ85: 0 | GK85: =ROUND(R85*(R12)/100,2) -> 3.92 | GL85: =ROUND(IF(AND(BH85=3,BI85=3,FS85<>0),P85,0),2) -> 0 | GM85: =ROUND(O85+X85+Y85+GK85,2)+GX85 -> 34298.77 | GN85: =IF(OR(BI85=0,BI85=1),ROUND(O85+X85+Y85+GK85,2),0) -> 34298.77 | GO85: =IF(BI85=2,ROUND(O85+X85+Y85+GK85,2),0) -> 0 | GP85: =IF(BI85=4,ROUND(O85+X85+Y85+GK85,2)+GX85,0) -> 0 | GR85: 0 | GS85: 0 | GT85: 0 | GV85: =ROUND(GT85,6) -> 0 | GW85: 1 | GX85: =ROUND(GV85*GW85*I85,2) -> 0 | HA85: 0 | HB85: 0 | IK85: 0
A86: 18 | B86: 1 | E86: 8,1 | F86: 1.1-1-2854 | G86: Грунтовка акриловая типа «Бетоконтакт», адгезионная для обработки бетонных оснований перед оштукатуриванием | H86: кг | I86: =I85*J86 -> 138.0921 | J86: 10.3 | O86: =ROUND(CP86,2) -> 4762.27 | P86: =ROUND(CQ86*I86,2) -> 4762.27 | Q86: =ROUND(CR86*I86,2) -> 0 | R86: =ROUND(CS86*I86,2) -> 0 | S86: =ROUND(CT86*I86,2) -> 0 | T86: =ROUND(CU86*I86,2) -> 0 | U86: =CV86*I86 -> 0 | V86: =CW86*I86 -> 0 | W86: =ROUND(CX86*I86,2) -> 0 | X86: =ROUND(CY86,2) -> 0 | Y86: =ROUND(CZ86,2) -> 0 | AA86: 42145827 | AB86: =ROUND((AC86+AD86+AF86),6) -> 28.98 | AC86: =ROUND((ES86),6) -> 28.98 | AD86: =ROUND((ET86),6) -> 0 | AE86: =ROUND((EU86),6) -> 0 | AF86: =ROUND((EV86),6) -> 0 | AG86: =ROUND((AP86),6) -> 0 | AH86: =(EW86) -> 0 | AI86: =(EX86) -> 0 | AJ86: =ROUND((AS86),6) -> 0 | AK86: 28.98 | AL86: 28.98 | AM86: 0 | AN86: 0 | AO86: 0 | AP86: 0 | AQ86: 0 | AR86: 0 | AS86: 0 | AT86: 0 | AU86: 0 | AV86: 1 | AW86: 1 | AZ86: 1 | BA86: 1 | BB86: 1 | BC86: 1.19 | BH86: 3 | BI86: 1 | BJ86: ТСН-2001.1 Доп. 44, Р. 1, о. 1, поз. 2854 | BM86: 1523 | BN86: 7156650 | BO86: 1.1-1-2854 | BP86: 1 | BQ86: 30 | BR86: 0 | BS86: 1 | BT86: 1 | BU86: 1 | BV86: 1 | BW86: 1 | BX86: 1 | BZ86: 0 | CA86: 0 | CF86: 0 | CG86: 0 | CM86: 0 | CO86: 0 | CP86: =(P86+Q86+S86) -> 4762.27 | CQ86: =(AC86*BC86*AW86) -> 34.4862 | CR86: =(AD86*BB86*AV86) -> 0 | CS86: =(AE86*BS86*AV86) -> 0 | CT86: =(AF86*BA86*AV86) -> 0 | CU86: =AG86 -> 0 | CV86: =(AH86*AV86) -> 0 | CW86: =AI86 -> 0 | CX86: =AJ86 -> 0 | CY86: =S86*(BZ86/100) -> 0 | CZ86: =S86*(CA86/100) -> 0 | DN86: 100 | DO86: 64 | DP86: 1.025 | DQ86: 1 | DU86: 1009 | DV86: кг | DW86: кг | DX86: 1 | EE86: 21988875 | EF86: 30 | EG86: Строительные работы | EH86: 0 | EJ86: 1 | EK86: 1523 | EL86: ТСН-2001.3-15. 15-164, 15-165 (доп. 20) | EM86: ТСН-2001.3-15-28 | EQ86: 0 | ER86: 28.98 | ES86: 28.98 | ET86: 0 | EU86: 0 | EV86: 0 | EW86: 0 | EX86: 0 | FQ86: 0 | FR86: =ROUND(IF(AND(BH86=3,BI86=3),P86,0),2) -> 0 | FS86: 0 | FX86: 100 | FY86: 64 | GD86: 0 | GF86: 33071459 | GG86: 2 | GH86: 1 | GI86: 2 | GJ86: 0 | GK86: =ROUND(R86*(R12)/100,2) -> 0 | GL86: =ROUND(IF(AND(BH86=3,BI86=3,FS86<>0),P86,0),2) -> 0 | GM86: =ROUND(O86+X86+Y86+GK86,2)+GX86 -> 4762.27 | GN86: =IF(OR(BI86=0,BI86=1),ROUND(O86+X86+Y86+GK86,2),0) -> 4762.27 | GO86: =IF(BI86=2,ROUND(O86+X86+Y86+GK86,2),0) -> 0 | GP86: =IF(BI86=4,ROUND(O86+X86+Y86+GK86,2)+GX86,0) -> 0 | GR86: 0 | GS86: 0 | GT86: 0 | GV86: =ROUND(GT86,6) -> 0 | GW86: 1 | GX86: =ROUND(GV86*GW86*I86,2) -> 0 | HA86: 0 | HB86: 0 | IK86: 0
A87: 17 | B87: 1 | E87: 9 | F87: 3.15-149-2 | G87: Гладкая облицовка стен (без карнизных, плинтусных и угловых плиток) на клее из сухих смесей по дереву и гипсовым плитам | H87: 100 м2 | I87: 13.407 | J87: 0 | O87: =ROUND(CP87,2) -> 1298837.9 | P87: =ROUND(CQ87*I87,2) -> 744708.71 | Q87: =ROUND(CR87*I87,2) -> 5935.2 | R87: =ROUND(CS87*I87,2) -> 135.75 | S87: =ROUND(CT87*I87,2) -> 548194.03 | T87: =ROUND(CU87*I87,2) -> 0 | U87: =CV87*I87 -> 2577.1271 | V87: =CW87*I87 -> 0 | W87: =ROUND(CX87*I87,2) -> 0 | X87: =ROUND(CY87,2) -> 471446.87 | Y87: =ROUND(CZ87,2) -> 241205.37 | AA87: 42145827 | AB87: =ROUND((AC87+AD87+AF87),6) -> 6466.0145 | AC87: =ROUND((ES87),6) -> 4208.05 | AD87: =ROUND(((ET87*1.25)),6) -> 53.725 | AE87: =ROUND(((EU87*1.25)),6) -> 10.125 | AF87: =ROUND(((EV87*1.15)),6) -> 2204.2395 | AG87: =ROUND((AP87),6) -> 0 | AH87: =((EW87*1.15)) -> 192.2225 | AI87: =((EX87*1.25)) -> 0 | AJ87: =ROUND((AS87),6) -> 0 | AK87: 6167.76 | AL87: 4208.05 | AM87: 42.98 | AN87: 8.1 | AO87: 1916.73 | AP87: 0 | AQ87: 167.15 | AR87: 0 | AS87: 0 | AT87: 86 | AU87: 44 | AV87: 1 | AW87: 1 | AZ87: 1 | BA87: 18.55 | BB87: 8.24 | BC87: 13.2 | BH87: 0 | BI87: 1 | BJ87: ТСН-2001.3. Доп. 1-42. Сб. 15, т. 149, поз. 2 | BM87: 126 | BN87: 7156650 | BO87: 3.15-149-2 | BP87: 1 | BQ87: 30 | BR87: 0 | BS87: 1 | BT87: 1 | BU87: 1 | BV87: 1 | BW87: 1 | BX87: 1 | BZ87: 86 | CA87: 44 | CF87: 0 | CG87: 0 | CM87: 0 | CO87: 0 | CP87: =(P87+Q87+S87) -> 1298837.9 | CQ87: =(AC87*BC87*AW87) -> 55546.26 | CR87: =(AD87*BB87*AV87) -> 442.694 | CS87: =(AE87*BS87*AV87) -> 10.125 | CT87: =(AF87*BA87*AV87) -> 40888.643 | CU87: =AG87 -> 0 | CV87: =(AH87*AV87) -> 192.2225 | CW87: =AI87 -> 0 | CX87: =AJ87 -> 0 | CY87: =S87*(BZ87/100) -> 471446.87 | CZ87: =S87*(CA87/100) -> 241205.37 | DE87: *1,25 | DF87: *1,25 | DG87: *1,15 | DI87: *1,15 | DJ87: *1,25 | DN87: 100 | DO87: 64 | DP87: 1.025 | DQ87: 1 | DU87: 1005 | DV87: 100 м2 | DW87: 100 м2 | DX87: 100 | EE87: 21987478 | EF87: 30 | EG87: Строительные работы | EH87: 0 | EJ87: 1 | EK87: 126 | EL87: ТСН-2001.3-15. 15-149, 15-150 | EM87: ТСН-2001.3-15-18 | EQ87: 131072 | ER87: 6167.76 | ES87: 4208.05 | ET87: 42.98 | EU87: 8.1 | EV87: 1916.73 | EW87: 167.15 | EX87: 0 | EY87: 0 | FQ87: 0 | FR87: =ROUND(IF(AND(BH87=3,BI87=3),P87,0),2) -> 0 | FS87: 0 | FX87: 100 | FY87: 64 | GD87: 0 | GF87: 187385203 | GG87: 2 | GH87: 1 | GI87: 2 | GJ87: 0 | GK87: =ROUND(R87*(R12)/100,2) -> 226.7 | GL87: =ROUND(IF(AND(BH87=3,BI87=3,FS87<>0),P87,0),2) -> 0 | GM87: =ROUND(O87+X87+Y87+GK87,2)+GX87 -> 2011716.9 | GN87: =IF(OR(BI87=0,BI87=1),ROUND(O87+X87+Y87+GK87,2),0) -> 2011716.9 | GO87: =IF(BI87=2,ROUND(O87+X87+Y87+GK87,2),0) -> 0 | GP87: =IF(BI87=4,ROUND(O87+X87+Y87+GK87,2)+GX87,0) -> 0 | GR87: 0 | GS87: 0 | GT87: 0 | GV87: =ROUND(GT87,6) -> 0 | GW87: 1 | GX87: =ROUND(GV87*GW87*I87,2) -> 0 | HA87: 0 | HB87: 0 | IK87: 0
A88: 18 | B88: 1 | E88: 9,1 | F88: 1.3-2-137 | G88: Смеси сухие для заполнения швов между плитками, белые | H88: т | I88: =I87*J88 -> 1.6088 | J88: 0.11999702 | O88: =ROUND(CP88,2) -> 35616.99 | P88: =ROUND(CQ88*I88,2) -> 35616.99 | Q88: =ROUND(CR88*I88,2) -> 0 | R88: =ROUND(CS88*I88,2) -> 0 | S88: =ROUND(CT88*I88,2) -> 0 | T88: =ROUND(CU88*I88,2) -> 0 | U88: =CV88*I88 -> 0 | V88: =CW88*I88 -> 0 | W88: =ROUND(CX88*I88,2) -> 0 | X88: =ROUND(CY88,2) -> 0 | Y88: =ROUND(CZ88,2) -> 0 | AA88: 42145827 | AB88: =ROUND((AC88+AD88+AF88),6) -> 17999.07 | AC88: =ROUND((ES88),6) -> 17999.07 | AD88: =ROUND((ET88),6) -> 0 | AE88: =ROUND((EU88),6) -> 0 | AF88: =ROUND((EV88),6) -> 0 | AG88: =ROUND((AP88),6) -> 0 | AH88: =(EW88) -> 0 | AI88: =(EX88) -> 0 | AJ88: =ROUND((AS88),6) -> 0 | AK88: 17999.07 | AL88: 17999.07 | AM88: 0 | AN88: 0 | AO88: 0 | AP88: 0 | AQ88: 0 | AR88: 0 | AS88: 0 | AT88: 0 | AU88: 0 | AV88: 1 | AW88: 1 | AZ88: 1 | BA88: 1 | BB88: 1 | BC88: 1.23 | BH88: 3 | BI88: 1 | BJ88: ТСН-2001.1. Доп. 1-42. Р. 3, о. 2, поз. 137 | BM88: 126 | BN88: 7156650 | BO88: 1.3-2-137 | BP88: 1 | BQ88: 30 | BR88: 0 | BS88: 1 | BT88: 1 | BU88: 1 | BV88: 1 | BW88: 1 | BX88: 1 | BZ88: 0 | CA88: 0 | CF88: 0 | CG88: 0 | CM88: 0 | CO88: 0 | CP88: =(P88+Q88+S88) -> 35616.99 | CQ88: =(AC88*BC88*AW88) -> 22138.856 | CR88: =(AD88*BB88*AV88) -> 0 | CS88: =(AE88*BS88*AV88) -> 0 | CT88: =(AF88*BA88*AV88) -> 0 | CU88: =AG88 -> 0 | CV88: =(AH88*AV88) -> 0 | CW88: =AI88 -> 0 | CX88: =AJ88 -> 0 | CY88: =S88*(BZ88/100) -> 0 | CZ88: =S88*(CA88/100) -> 0 | DN88: 100 | DO88: 64 | DP88: 1.025 | DQ88: 1 | DU88: 1009 | DV88: т | DW88: т | DX88: 1000 | EE88: 21987478 | EF88: 30 | EG88: Строительные работы | EH88: 0 | EJ88: 1 | EK88: 126 | EL88: ТСН-2001.3-15. 15-149, 15-150 | EM88: ТСН-2001.3-15-18 | EQ88: 0 | ER88: 17999.07 | ES88: 17999.07 | ET88: 0 | EU88: 0 | EV88: 0 | EW88: 0 | EX88: 0 | FQ88: 0 | FR88: =ROUND(IF(AND(BH88=3,BI88=3),P88,0),2) -> 0 | FS88: 0 | FX88: 100 | FY88: 64 | GD88: 0 | GF88: 318845614 | GG88: 2 | GH88: 1 | GI88: 2 | GJ88: 0 | GK88: =ROUND(R88*(R12)/100,2) -> 0 | GL88: =ROUND(IF(AND(BH88=3,BI88=3,FS88<>0),P88,0),2) -> 0 | GM88: =ROUND(O88+X88+Y88+GK88,2)+GX88 -> 35616.99 | GN88: =IF(OR(BI88=0,BI88=1),ROUND(O88+X88+Y88+GK88,2),0) -> 35616.99 | GO88: =IF(BI88=2,ROUND(O88+X88+Y88+GK88,2),0) -> 0 | GP88: =IF(BI88=4,ROUND(O88+X88+Y88+GK88,2)+GX88,0) -> 0 | GR88: 0 | GS88: 0 | GT88: 0 | GV88: =ROUND(GT88,6) -> 0 | GW88: 1 | GX88: =ROUND(GV88*GW88*I88,2) -> 0 | HA88: 0 | HB88: 0 | IK88: 0
A89: 18 | B89: 1 | E89: 9,2 | F89: 1.3-2-36 | G89: Смеси сухие цементно-песчаные, клеевые, высокоадгезионные для плиточных работ, В12,5 (М150), F50, крупность заполнителя не более 0,5 мм | H89: т | I89: =I87*J89 -> 5.027625 | J89: 0.375 | O89: =ROUND(CP89,2) -> 74656.03 | P89: =ROUND(CQ89*I89,2) -> 74656.03 | Q89: =ROUND(CR89*I89,2) -> 0 | R89: =ROUND(CS89*I89,2) -> 0 | S89: =ROUND(CT89*I89,2) -> 0 | T89: =ROUND(CU89*I89,2) -> 0 | U89: =CV89*I89 -> 0 | V89: =CW89*I89 -> 0 | W89: =ROUND(CX89*I89,2) -> 0 | X89: =ROUND(CY89,2) -> 0 | Y89: =ROUND(CZ89,2) -> 0 | AA89: 42145827 | AB89: =ROUND((AC89+AD89+AF89),6) -> 3374.81 | AC89: =ROUND((ES89),6) -> 3374.81 | AD89: =ROUND((ET89),6) -> 0 | AE89: =ROUND((EU89),6) -> 0 | AF89: =ROUND((EV89),6) -> 0 | AG89: =ROUND((AP89),6) -> 0 | AH89: =(EW89) -> 0 | AI89: =(EX89) -> 0 | AJ89: =ROUND((AS89),6) -> 0 | AK89: 3374.81 | AL89: 3374.81 | AM89: 0 | AN89: 0 | AO89: 0 | AP89: 0 | AQ89: 0 | AR89: 0 | AS89: 0 | AT89: 0 | AU89: 0 | AV89: 1 | AW89: 1 | AZ89: 1 | BA89: 1 | BB89: 1 | BC89: 4.4 | BH89: 3 | BI89: 1 | BJ89: ТСН-2001.1. Доп. 1-42. Р. 3, о. 2, поз. 36 | BM89: 126 | BN89: 7156650 | BO89: 1.3-2-36 | BP89: 1 | BQ89: 30 | BR89: 0 | BS89: 1 | BT89: 1 | BU89: 1 | BV89: 1 | BW89: 1 | BX89: 1 | BZ89: 0 | CA89: 0 | CF89: 0 | CG89: 0 | CM89: 0 | CO89: 0 | CP89: =(P89+Q89+S89) -> 74656.03 | CQ89: =(AC89*BC89*AW89) -> 14849.164 | CR89: =(AD89*BB89*AV89) -> 0 | CS89: =(AE89*BS89*AV89) -> 0 | CT89: =(AF89*BA89*AV89) -> 0 | CU89: =AG89 -> 0 | CV89: =(AH89*AV89) -> 0 | CW89: =AI89 -> 0 | CX89: =AJ89 -> 0 | CY89: =S89*(BZ89/100) -> 0 | CZ89: =S89*(CA89/100) -> 0 | DN89: 100 | DO89: 64 | DP89: 1.025 | DQ89: 1 | DU89: 1009 | DV89: т | DW89: т | DX89: 1000 | EE89: 21987478 | EF89: 30 | EG89: Строительные работы | EH89: 0 | EJ89: 1 | EK89: 126 | EL89: ТСН-2001.3-15. 15-149, 15-150 | EM89: ТСН-2001.3-15-18 | EQ89: 0 | ER89: 3374.81 | ES89: 3374.81 | ET89: 0 | EU89: 0 | EV89: 0 | EW89: 0 | EX89: 0 | FQ89: 0 | FR89: =ROUND(IF(AND(BH89=3,BI89=3),P89,0),2) -> 0 | FS89: 0 | FX89: 100 | FY89: 64 | GD89: 0 | GF89: 1724304728 | GG89: 2 | GH89: 1 | GI89: 2 | GJ89: 0 | GK89: =ROUND(R89*(R12)/100,2) -> 0 | GL89: =ROUND(IF(AND(BH89=3,BI89=3,FS89<>0),P89,0),2) -> 0 | GM89: =ROUND(O89+X89+Y89+GK89,2)+GX89 -> 74656.03 | GN89: =IF(OR(BI89=0,BI89=1),ROUND(O89+X89+Y89+GK89,2),0) -> 74656.03 | GO89: =IF(BI89=2,ROUND(O89+X89+Y89+GK89,2),0) -> 0 | GP89: =IF(BI89=4,ROUND(O89+X89+Y89+GK89,2)+GX89,0) -> 0 | GR89: 0 | GS89: 0 | GT89: 0 | GV89: =ROUND(GT89,6) -> 0 | GW89: 1 | GX89: =ROUND(GV89*GW89*I89,2) -> 0 | HA89: 0 | HB89: 0 | IK89: 0
A90: 18 | B90: 1 | E90: 9,3 | F90: 1.1-1-834 | G90: Плитки керамические глазурованные для внутренней облицовки гладкие, белые и цветные (однотонные), квадратные и прямоугольные, сорт I | H90: м2 | I90: =I87*J90 -> 1340.7 | J90: 100 | O90: =ROUND(CP90,2) -> 351428.57 | P90: =ROUND(CQ90*I90,2) -> 351428.57 | Q90: =ROUND(CR90*I90,2) -> 0 | R90: =ROUND(CS90*I90,2) -> 0 | S90: =ROUND(CT90*I90,2) -> 0 | T90: =ROUND(CU90*I90,2) -> 0 | U90: =CV90*I90 -> 0 | V90: =CW90*I90 -> 0 | W90: =ROUND(CX90*I90,2) -> 0 | X90: =ROUND(CY90,2) -> 0 | Y90: =ROUND(CZ90,2) -> 0 | AA90: 42145827 | AB90: =ROUND((AC90+AD90+AF90),6) -> 52.32 | AC90: =ROUND((ES90),6) -> 52.32 | AD90: =ROUND((ET90),6) -> 0 | AE90: =ROUND((EU90),6) -> 0 | AF90: =ROUND((EV90),6) -> 0 | AG90: =ROUND((AP90),6) -> 0 | AH90: =(EW90) -> 0 | AI90: =(EX90) -> 0 | AJ90: =ROUND((AS90),6) -> 0 | AK90: 52.32 | AL90: 52.32 | AM90: 0 | AN90: 0 | AO90: 0 | AP90: 0 | AQ90: 0 | AR90: 0 | AS90: 0 | AT90: 0 | AU90: 0 | AV90: 1 | AW90: 1 | AZ90: 1 | BA90: 1 | BB90: 1 | BC90: 5.01 | BH90: 3 | BI90: 1 | BJ90: ТСН-2001.1. Доп. 1-42. Р. 1, о. 1, поз. 834 | BM90: 126 | BN90: 7156650 | BO90: 1.1-1-834 | BP90: 1 | BQ90: 30 | BR90: 0 | BS90: 1 | BT90: 1 | BU90: 1 | BV90: 1 | BW90: 1 | BX90: 1 | BZ90: 0 | CA90: 0 | CF90: 0 | CG90: 0 | CM90: 0 | CO90: 0 | CP90: =(P90+Q90+S90) -> 351428.57 | CQ90: =(AC90*BC90*AW90) -> 262.1232 | CR90: =(AD90*BB90*AV90) -> 0 | CS90: =(AE90*BS90*AV90) -> 0 | CT90: =(AF90*BA90*AV90) -> 0 | CU90: =AG90 -> 0 | CV90: =(AH90*AV90) -> 0 | CW90: =AI90 -> 0 | CX90: =AJ90 -> 0 | CY90: =S90*(BZ90/100) -> 0 | CZ90: =S90*(CA90/100) -> 0 | DN90: 100 | DO90: 64 | DP90: 1.025 | DQ90: 1 | DU90: 1005 | DV90: м2 | DW90: м2 | DX90: 1 | EE90: 21987478 | EF90: 30 | EG90: Строительные работы | EH90: 0 | EJ90: 1 | EK90: 126 | EL90: ТСН-2001.3-15. 15-149, 15-150 | EM90: ТСН-2001.3-15-18 | EQ90: 0 | ER90: 52.32 | ES90: 52.32 | ET90: 0 | EU90: 0 | EV90: 0 | EW90: 0 | EX90: 0 | FQ90: 0 | FR90: =ROUND(IF(AND(BH90=3,BI90=3),P90,0),2) -> 0 | FS90: 0 | FX90: 100 | FY90: 64 | GD90: 0 | GF90: 344105930 | GG90: 2 | GH90: 1 | GI90: 2 | GJ90: 0 | GK90: =ROUND(R90*(R12)/100,2) -> 0 | GL90: =ROUND(IF(AND(BH90=3,BI90=3,FS90<>0),P90,0),2) -> 0 | GM90: =ROUND(O90+X90+Y90+GK90,2)+GX90 -> 351428.57 | GN90: =IF(OR(BI90=0,BI90=1),ROUND(O90+X90+Y90+GK90,2),0) -> 351428.57 | GO90: =IF(BI90=2,ROUND(O90+X90+Y90+GK90,2),0) -> 0 | GP90: =IF(BI90=4,ROUND(O90+X90+Y90+GK90,2)+GX90,0) -> 0 | GR90: 0 | GS90: 0 | GT90: 0 | GV90: =ROUND(GT90,6) -> 0 | GW90: 1 | GX90: =ROUND(GV90*GW90*I90,2) -> 0 | HA90: 0 | HB90: 0 | IK90: 0
A91: 17 | B91: 1 | E91: 10 | F91: 3.15-149-2 | G91: Гладкая облицовка стен (без карнизных, плинтусных и угловых плиток) на клее из сухих смесей по дереву и гипсовым плитам | H91: 100 м2 | I91: 0.252 | J91: 0 | O91: =ROUND(CP91,2) -> 24413.16 | P91: =ROUND(CQ91*I91,2) -> 13997.66 | Q91: =ROUND(CR91*I91,2) -> 111.56 | R91: =ROUND(CS91*I91,2) -> 2.55 | S91: =ROUND(CT91*I91,2) -> 10303.94 | T91: =ROUND(CU91*I91,2) -> 0 | U91: =CV91*I91 -> 48.44007 | V91: =CW91*I91 -> 0 | W91: =ROUND(CX91*I91,2) -> 0 | X91: =ROUND(CY91,2) -> 8861.39 | Y91: =ROUND(CZ91,2) -> 4533.73 | AA91: 42145827 | AB91: =ROUND((AC91+AD91+AF91),6) -> 6466.0145 | AC91: =ROUND((ES91),6) -> 4208.05 | AD91: =ROUND(((ET91*1.25)),6) -> 53.725 | AE91: =ROUND(((EU91*1.25)),6) -> 10.125 | AF91: =ROUND(((EV91*1.15)),6) -> 2204.2395 | AG91: =ROUND((AP91),6) -> 0 | AH91: =((EW91*1.15)) -> 192.2225 | AI91: =((EX91*1.25)) -> 0 | AJ91: =ROUND((AS91),6) -> 0 | AK91: 6167.76 | AL91: 4208.05 | AM91: 42.98 | AN91: 8.1 | AO91: 1916.73 | AP91: 0 | AQ91: 167.15 | AR91: 0 | AS91: 0 | AT91: 86 | AU91: 44 | AV91: 1 | AW91: 1 | AZ91: 1 | BA91: 18.55 | BB91: 8.24 | BC91: 13.2 | BH91: 0 | BI91: 1 | BJ91: ТСН-2001.3. Доп. 1-42. Сб. 15, т. 149, поз. 2 | BM91: 126 | BN91: 7156650 | BO91: 3.15-149-2 | BP91: 1 | BQ91: 30 | BR91: 0 | BS91: 1 | BT91: 1 | BU91: 1 | BV91: 1 | BW91: 1 | BX91: 1 | BZ91: 86 | CA91: 44 | CF91: 0 | CG91: 0 | CM91: 0 | CO91: 0 | CP91: =(P91+Q91+S91) -> 24413.16 | CQ91: =(AC91*BC91*AW91) -> 55546.26 | CR91: =(AD91*BB91*AV91) -> 442.694 | CS91: =(AE91*BS91*AV91) -> 10.125 | CT91: =(AF91*BA91*AV91) -> 40888.643 | CU91: =AG91 -> 0 | CV91: =(AH91*AV91) -> 192.2225 | CW91: =AI91 -> 0 | CX91: =AJ91 -> 0 | CY91: =S91*(BZ91/100) -> 8861.3884 | CZ91: =S91*(CA91/100) -> 4533.7336 | DE91: *1,25 | DF91: *1,25 | DG91: *1,15 | DI91: *1,15 | DJ91: *1,25 | DN91: 100 | DO91: 64 | DP91: 1.025 | DQ91: 1 | DU91: 1005 | DV91: 100 м2 | DW91: 100 м2 | DX91: 100 | EE91: 21987478 | EF91: 30 | EG91: Строительные работы | EH91: 0 | EJ91: 1 | EK91: 126 | EL91: ТСН-2001.3-15. 15-149, 15-150 | EM91: ТСН-2001.3-15-18 | EQ91: 131072 | ER91: 6167.76 | ES91: 4208.05 | ET91: 42.98 | EU91: 8.1 | EV91: 1916.73 | EW91: 167.15 | EX91: 0 | EY91: 0 | FQ91: 0 | FR91: =ROUND(IF(AND(BH91=3,BI91=3),P91,0),2) -> 0 | FS91: 0 | FX91: 100 | FY91: 64 | GD91: 0 | GF91: 187385203 | GG91: 2 | GH91: 1 | GI91: 2 | GJ91: 0 | GK91: =ROUND(R91*(R12)/100,2) -> 4.26 | GL91: =ROUND(IF(AND(BH91=3,BI91=3,FS91<>0),P91,0),2) -> 0 | GM91: =ROUND(O91+X91+Y91+GK91,2)+GX91 -> 37812.54 | GN91: =IF(OR(BI91=0,BI91=1),ROUND(O91+X91+Y91+GK91,2),0) -> 37812.54 | GO91: =IF(BI91=2,ROUND(O91+X91+Y91+GK91,2),0) -> 0 | GP91: =IF(BI91=4,ROUND(O91+X91+Y91+GK91,2)+GX91,0) -> 0 | GR91: 0 | GS91: 0 | GT91: 0 | GV91: =ROUND(GT91,6) -> 0 | GW91: 1 | GX91: =ROUND(GV91*GW91*I91,2) -> 0 | HA91: 0 | HB91: 0 | IK91: 0
A92: 18 | B92: 1 | E92: 10,1 | F92: 1.3-2-137 | G92: Смеси сухие для заполнения швов между плитками, белые | H92: т | I92: =I91*J92 -> 0.0302 | J92: 0.11984127 | O92: =ROUND(CP92,2) -> 668.59 | P92: =ROUND(CQ92*I92,2) -> 668.59 | Q92: =ROUND(CR92*I92,2) -> 0 | R92: =ROUND(CS92*I92,2) -> 0 | S92: =ROUND(CT92*I92,2) -> 0 | T92: =ROUND(CU92*I92,2) -> 0 | U92: =CV92*I92 -> 0 | V92: =CW92*I92 -> 0 | W92: =ROUND(CX92*I92,2) -> 0 | X92: =ROUND(CY92,2) -> 0 | Y92: =ROUND(CZ92,2) -> 0 | AA92: 42145827 | AB92: =ROUND((AC92+AD92+AF92),6) -> 17999.07 | AC92: =ROUND((ES92),6) -> 17999.07 | AD92: =ROUND((ET92),6) -> 0 | AE92: =ROUND((EU92),6) -> 0 | AF92: =ROUND((EV92),6) -> 0 | AG92: =ROUND((AP92),6) -> 0 | AH92: =(EW92) -> 0 | AI92: =(EX92) -> 0 | AJ92: =ROUND((AS92),6) -> 0 | AK92: 17999.07 | AL92: 17999.07 | AM92: 0 | AN92: 0 | AO92: 0 | AP92: 0 | AQ92: 0 | AR92: 0 | AS92: 0 | AT92: 0 | AU92: 0 | AV92: 1 | AW92: 1 | AZ92: 1 | BA92: 1 | BB92: 1 | BC92: 1.23 | BH92: 3 | BI92: 1 | BJ92: ТСН-2001.1. Доп. 1-42. Р. 3, о. 2, поз. 137 | BM92: 126 | BN92: 7156650 | BO92: 1.3-2-137 | BP92: 1 | BQ92: 30 | BR92: 0 | BS92: 1 | BT92: 1 | BU92: 1 | BV92: 1 | BW92: 1 | BX92: 1 | BZ92: 0 | CA92: 0 | CF92: 0 | CG92: 0 | CM92: 0 | CO92: 0 | CP92: =(P92+Q92+S92) -> 668.59 | CQ92: =(AC92*BC92*AW92) -> 22138.856 | CR92: =(AD92*BB92*AV92) -> 0 | CS92: =(AE92*BS92*AV92) -> 0 | CT92: =(AF92*BA92*AV92) -> 0 | CU92: =AG92 -> 0 | CV92: =(AH92*AV92) -> 0 | CW92: =AI92 -> 0 | CX92: =AJ92 -> 0 | CY92: =S92*(BZ92/100) -> 0 | CZ92: =S92*(CA92/100) -> 0 | DN92: 100 | DO92: 64 | DP92: 1.025 | DQ92: 1 | DU92: 1009 | DV92: т | DW92: т | DX92: 1000 | EE92: 21987478 | EF92: 30 | EG92: Строительные работы | EH92: 0 | EJ92: 1 | EK92: 126 | EL92: ТСН-2001.3-15. 15-149, 15-150 | EM92: ТСН-2001.3-15-18 | EQ92: 0 | ER92: 17999.07 | ES92: 17999.07 | ET92: 0 | EU92: 0 | EV92: 0 | EW92: 0 | EX92: 0 | FQ92: 0 | FR92: =ROUND(IF(AND(BH92=3,BI92=3),P92,0),2) -> 0 | FS92: 0 | FX92: 100 | FY92: 64 | GD92: 0 | GF92: 318845614 | GG92: 2 | GH92: 1 | GI92: 2 | GJ92: 0 | GK92: =ROUND(R92*(R12)/100,2) -> 0 | GL92: =ROUND(IF(AND(BH92=3,BI92=3,FS92<>0),P92,0),2) -> 0 | GM92: =ROUND(O92+X92+Y92+GK92,2)+GX92 -> 668.59 | GN92: =IF(OR(BI92=0,BI92=1),ROUND(O92+X92+Y92+GK92,2),0) -> 668.59 | GO92: =IF(BI92=2,ROUND(O92+X92+Y92+GK92,2),0) -> 0 | GP92: =IF(BI92=4,ROUND(O92+X92+Y92+GK92,2)+GX92,0) -> 0 | GR92: 0 | GS92: 0 | GT92: 0 | GV92: =ROUND(GT92,6) -> 0 | GW92: 1 | GX92: =ROUND(GV92*GW92*I92,2) -> 0 | HA92: 0 | HB92: 0 | IK92: 0
A93: 18 | B93: 1 | E93: 10,2 | F93: 1.3-2-36 | G93: Смеси сухие цементно-песчаные, клеевые, высокоадгезионные для плиточных работ, В12,5 (М150), F50, крупность заполнителя не более 0,5 мм | H93: т | I93: =I91*J93 -> 0.0945 | J93: 0.375 | O93: =ROUND(CP93,2) -> 1403.25 | P93: =ROUND(CQ93*I93,2) -> 1403.25 | Q93: =ROUND(CR93*I93,2) -> 0 | R93: =ROUND(CS93*I93,2) -> 0 | S93: =ROUND(CT93*I93,2) -> 0 | T93: =ROUND(CU93*I93,2) -> 0 | U93: =CV93*I93 -> 0 | V93: =CW93*I93 -> 0 | W93: =ROUND(CX93*I93,2) -> 0 | X93: =ROUND(CY93,2) -> 0 | Y93: =ROUND(CZ93,2) -> 0 | AA93: 42145827 | AB93: =ROUND((AC93+AD93+AF93),6) -> 3374.81 | AC93: =ROUND((ES93),6) -> 3374.81 | AD93: =ROUND((ET93),6) -> 0 | AE93: =ROUND((EU93),6) -> 0 | AF93: =ROUND((EV93),6) -> 0 | AG93: =ROUND((AP93),6) -> 0 | AH93: =(EW93) -> 0 | AI93: =(EX93) -> 0 | AJ93: =ROUND((AS93),6) -> 0 | AK93: 3374.81 | AL93: 3374.81 | AM93: 0 | AN93: 0 | AO93: 0 | AP93: 0 | AQ93: 0 | AR93: 0 | AS93: 0 | AT93: 0 | AU93: 0 | AV93: 1 | AW93: 1 | AZ93: 1 | BA93: 1 | BB93: 1 | BC93: 4.4 | BH93: 3 | BI93: 1 | BJ93: ТСН-2001.1. Доп. 1-42. Р. 3, о. 2, поз. 36 | BM93: 126 | BN93: 7156650 | BO93: 1.3-2-36 | BP93: 1 | BQ93: 30 | BR93: 0 | BS93: 1 | BT93: 1 | BU93: 1 | BV93: 1 | BW93: 1 | BX93: 1 | BZ93: 0 | CA93: 0 | CF93: 0 | CG93: 0 | CM93: 0 | CO93: 0 | CP93: =(P93+Q93+S93) -> 1403.25 | CQ93: =(AC93*BC93*AW93) -> 14849.164 | CR93: =(AD93*BB93*AV93) -> 0 | CS93: =(AE93*BS93*AV93) -> 0 | CT93: =(AF93*BA93*AV93) -> 0 | CU93: =AG93 -> 0 | CV93: =(AH93*AV93) -> 0 | CW93: =AI93 -> 0 | CX93: =AJ93 -> 0 | CY93: =S93*(BZ93/100) -> 0 | CZ93: =S93*(CA93/100) -> 0 | DN93: 100 | DO93: 64 | DP93: 1.025 | DQ93: 1 | DU93: 1009 | DV93: т | DW93: т | DX93: 1000 | EE93: 21987478 | EF93: 30 | EG93: Строительные работы | EH93: 0 | EJ93: 1 | EK93: 126 | EL93: ТСН-2001.3-15. 15-149, 15-150 | EM93: ТСН-2001.3-15-18 | EQ93: 0 | ER93: 3374.81 | ES93: 3374.81 | ET93: 0 | EU93: 0 | EV93: 0 | EW93: 0 | EX93: 0 | FQ93: 0 | FR93: =ROUND(IF(AND(BH93=3,BI93=3),P93,0),2) -> 0 | FS93: 0 | FX93: 100 | FY93: 64 | GD93: 0 | GF93: 1724304728 | GG93: 2 | GH93: 1 | GI93: 2 | GJ93: 0 | GK93: =ROUND(R93*(R12)/100,2) -> 0 | GL93: =ROUND(IF(AND(BH93=3,BI93=3,FS93<>0),P93,0),2) -> 0 | GM93: =ROUND(O93+X93+Y93+GK93,2)+GX93 -> 1403.25 | GN93: =IF(OR(BI93=0,BI93=1),ROUND(O93+X93+Y93+GK93,2),0) -> 1403.25 | GO93: =IF(BI93=2,ROUND(O93+X93+Y93+GK93,2),0) -> 0 | GP93: =IF(BI93=4,ROUND(O93+X93+Y93+GK93,2)+GX93,0) -> 0 | GR93: 0 | GS93: 0 | GT93: 0 | GV93: =ROUND(GT93,6) -> 0 | GW93: 1 | GX93: =ROUND(GV93*GW93*I93,2) -> 0 | HA93: 0 | HB93: 0 | IK93: 0
A94: 18 | B94: 1 | E94: 10,3 | F94: 1.1-1-834 | G94: Плитки керамические глазурованные для внутренней облицовки гладкие, белые и цветные (однотонные), квадратные и прямоугольные, сорт I | H94: м2 | I94: =I91*J94 -> 25.2 | J94: 100 | O94: =ROUND(CP94,2) -> 6605.5 | P94: =ROUND(CQ94*I94,2) -> 6605.5 | Q94: =ROUND(CR94*I94,2) -> 0 | R94: =ROUND(CS94*I94,2) -> 0 | S94: =ROUND(CT94*I94,2) -> 0 | T94: =ROUND(CU94*I94,2) -> 0 | U94: =CV94*I94 -> 0 | V94: =CW94*I94 -> 0 | W94: =ROUND(CX94*I94,2) -> 0 | X94: =ROUND(CY94,2) -> 0 | Y94: =ROUND(CZ94,2) -> 0 | AA94: 42145827 | AB94: =ROUND((AC94+AD94+AF94),6) -> 52.32 | AC94: =ROUND((ES94),6) -> 52.32 | AD94: =ROUND((ET94),6) -> 0 | AE94: =ROUND((EU94),6) -> 0 | AF94: =ROUND((EV94),6) -> 0 | AG94: =ROUND((AP94),6) -> 0 | AH94: =(EW94) -> 0 | AI94: =(EX94) -> 0 | AJ94: =ROUND((AS94),6) -> 0 | AK94: 52.32 | AL94: 52.32 | AM94: 0 | AN94: 0 | AO94: 0 | AP94: 0 | AQ94: 0 | AR94: 0 | AS94: 0 | AT94: 0 | AU94: 0 | AV94: 1 | AW94: 1 | AZ94: 1 | BA94: 1 | BB94: 1 | BC94: 5.01 | BH94: 3 | BI94: 1 | BJ94: ТСН-2001.1. Доп. 1-42. Р. 1, о. 1, поз. 834 | BM94: 126 | BN94: 7156650 | BO94: 1.1-1-834 | BP94: 1 | BQ94: 30 | BR94: 0 | BS94: 1 | BT94: 1 | BU94: 1 | BV94: 1 | BW94: 1 | BX94: 1 | BZ94: 0 | CA94: 0 | CF94: 0 | CG94: 0 | CM94: 0 | CO94: 0 | CP94: =(P94+Q94+S94) -> 6605.5 | CQ94: =(AC94*BC94*AW94) -> 262.1232 | CR94: =(AD94*BB94*AV94) -> 0 | CS94: =(AE94*BS94*AV94) -> 0 | CT94: =(AF94*BA94*AV94) -> 0 | CU94: =AG94 -> 0 | CV94: =(AH94*AV94) -> 0 | CW94: =AI94 -> 0 | CX94: =AJ94 -> 0 | CY94: =S94*(BZ94/100) -> 0 | CZ94: =S94*(CA94/100) -> 0 | DN94: 100 | DO94: 64 | DP94: 1.025 | DQ94: 1 | DU94: 1005 | DV94: м2 | DW94: м2 | DX94: 1 | EE94: 21987478 | EF94: 30 | EG94: Строительные работы | EH94: 0 | EJ94: 1 | EK94: 126 | EL94: ТСН-2001.3-15. 15-149, 15-150 | EM94: ТСН-2001.3-15-18 | EQ94: 0 | ER94: 52.32 | ES94: 52.32 | ET94: 0 | EU94: 0 | EV94: 0 | EW94: 0 | EX94: 0 | FQ94: 0 | FR94: =ROUND(IF(AND(BH94=3,BI94=3),P94,0),2) -> 0 | FS94: 0 | FX94: 100 | FY94: 64 | GD94: 0 | GF94: 344105930 | GG94: 2 | GH94: 1 | GI94: 2 | GJ94: 0 | GK94: =ROUND(R94*(R12)/100,2) -> 0 | GL94: =ROUND(IF(AND(BH94=3,BI94=3,FS94<>0),P94,0),2) -> 0 | GM94: =ROUND(O94+X94+Y94+GK94,2)+GX94 -> 6605.5 | GN94: =IF(OR(BI94=0,BI94=1),ROUND(O94+X94+Y94+GK94,2),0) -> 6605.5 | GO94: =IF(BI94=2,ROUND(O94+X94+Y94+GK94,2),0) -> 0 | GP94: =IF(BI94=4,ROUND(O94+X94+Y94+GK94,2)+GX94,0) -> 0 | GR94: 0 | GS94: 0 | GT94: 0 | GV94: =ROUND(GT94,6) -> 0 | GW94: 1 | GX94: =ROUND(GV94*GW94*I94,2) -> 0 | HA94: 0 | HB94: 0 | IK94: 0
A95: 17 | B95: 1 | E95: 11 | F95: 3.15-63-1 | G95: Улучшенная штукатурка по сетке стен без устройства каркаса цементным раствором | H95: 100 м2 оштукатуриваемой поверхности | I95: 0.9156 | J95: 0 | O95: =ROUND(CP95,2) -> 82216.91 | P95: =ROUND(CQ95*I95,2) -> 49495.66 | Q95: =ROUND(CR95*I95,2) -> 2561.25 | R95: =ROUND(CS95*I95,2) -> 69.13 | S95: =ROUND(CT95*I95,2) -> 30160 | T95: =ROUND(CU95*I95,2) -> 0 | U95: =CV95*I95 -> 140.04102 | V95: =CW95*I95 -> 0 | W95: =ROUND(CX95*I95,2) -> 0 | X95: =ROUND(CY95,2) -> 25937.6 | Y95: =ROUND(CZ95,2) -> 13270.4 | AA95: 42145827 | AB95: =ROUND((AC95+AD95+AF95),6) -> 5905.782 | AC95: =ROUND((ES95),6) -> 3796.22 | AD95: =ROUND(((ET95*1.25)),6) -> 333.8125 | AE95: =ROUND(((EU95*1.25)),6) -> 75.5 | AF95: =ROUND(((EV95*1.15)),6) -> 1775.7495 | AG95: =ROUND((AP95),6) -> 0 | AH95: =((EW95*1.15)) -> 152.95 | AI95: =((EX95*1.25)) -> 0 | AJ95: =ROUND((AS95),6) -> 0 | AK95: 5607.4 | AL95: 3796.22 | AM95: 267.05 | AN95: 60.4 | AO95: 1544.13 | AP95: 0 | AQ95: 133 | AR95: 0 | AS95: 0 | AT95: 86 | AU95: 44 | AV95: 1 | AW95: 1 | AZ95: 1 | BA95: 18.55 | BB95: 8.38 | BC95: 14.24 | BH95: 0 | BI95: 1 | BJ95: ТСН-2001.3. Доп. 1-42. Сб. 15, т. 63, поз. 1 | BM95: 115 | BN95: 7156650 | BO95: 3.15-63-1 | BP95: 1 | BQ95: 30 | BR95: 0 | BS95: 1 | BT95: 1 | BU95: 1 | BV95: 1 | BW95: 1 | BX95: 1 | BZ95: 86 | CA95: 44 | CF95: 0 | CG95: 0 | CM95: 0 | CO95: 0 | CP95: =(P95+Q95+S95) -> 82216.91 | CQ95: =(AC95*BC95*AW95) -> 54058.173 | CR95: =(AD95*BB95*AV95) -> 2797.3488 | CS95: =(AE95*BS95*AV95) -> 75.5 | CT95: =(AF95*BA95*AV95) -> 32940.153 | CU95: =AG95 -> 0 | CV95: =(AH95*AV95) -> 152.95 | CW95: =AI95 -> 0 | CX95: =AJ95 -> 0 | CY95: =S95*(BZ95/100) -> 25937.6 | CZ95: =S95*(CA95/100) -> 13270.4 | DE95: *1,25 | DF95: *1,25 | DG95: *1,15 | DI95: *1,15 | DJ95: *1,25 | DN95: 100 | DO95: 64 | DP95: 1.025 | DQ95: 1 | DU95: 1013 | DV95: 100 м2 оштукатуриваемой поверхности | DW95: 100 м2 оштукатуриваемой поверхности | DX95: 1 | EE95: 21987467 | EF95: 30 | EG95: Строительные работы | EH95: 0 | EJ95: 1 | EK95: 115 | EL95: ТСН-2001.3-15. 15-51...15-81 | EM95: ТСН-2001.3-15-7 | EQ95: 131072 | ER95: 5607.4 | ES95: 3796.22 | ET95: 267.05 | EU95: 60.4 | EV95: 1544.13 | EW95: 133 | EX95: 0 | EY95: 0 | FQ95: 0 | FR95: =ROUND(IF(AND(BH95=3,BI95=3),P95,0),2) -> 0 | FS95: 0 | FX95: 100 | FY95: 64 | GD95: 0 | GF95: -1898966943 | GG95: 2 | GH95: 1 | GI95: 2 | GJ95: 0 | GK95: =ROUND(R95*(R12)/100,2) -> 115.45 | GL95: =ROUND(IF(AND(BH95=3,BI95=3,FS95<>0),P95,0),2) -> 0 | GM95: =ROUND(O95+X95+Y95+GK95,2)+GX95 -> 121540.36 | GN95: =IF(OR(BI95=0,BI95=1),ROUND(O95+X95+Y95+GK95,2),0) -> 121540.36 | GO95: =IF(BI95=2,ROUND(O95+X95+Y95+GK95,2),0) -> 0 | GP95: =IF(BI95=4,ROUND(O95+X95+Y95+GK95,2)+GX95,0) -> 0 | GR95: 0 | GS95: 0 | GT95: 0 | GV95: =ROUND(GT95,6) -> 0 | GW95: 1 | GX95: =ROUND(GV95*GW95*I95,2) -> 0 | HA95: 0 | HB95: 0 | IK95: 0
A96: 18 | B96: 1 | E96: 11,1 | F96: 1.1-1-118 | G96: Вода | H96: м3 | I96: =I95*J96 -> 0.166896 | J96: 0.18228047 | O96: =ROUND(CP96,2) -> 5 | P96: =ROUND(CQ96*I96,2) -> 5 | Q96: =ROUND(CR96*I96,2) -> 0 | R96: =ROUND(CS96*I96,2) -> 0 | S96: =ROUND(CT96*I96,2) -> 0 | T96: =ROUND(CU96*I96,2) -> 0 | U96: =CV96*I96 -> 0 | V96: =CW96*I96 -> 0 | W96: =ROUND(CX96*I96,2) -> 0 | X96: =ROUND(CY96,2) -> 0 | Y96: =ROUND(CZ96,2) -> 0 | AA96: 42145827 | AB96: =ROUND((AC96+AD96+AF96),6) -> 7.07 | AC96: =ROUND((ES96),6) -> 7.07 | AD96: =ROUND((ET96),6) -> 0 | AE96: =ROUND((EU96),6) -> 0 | AF96: =ROUND((EV96),6) -> 0 | AG96: =ROUND((AP96),6) -> 0 | AH96: =(EW96) -> 0 | AI96: =(EX96) -> 0 | AJ96: =ROUND((AS96),6) -> 0 | AK96: 7.07 | AL96: 7.07 | AM96: 0 | AN96: 0 | AO96: 0 | AP96: 0 | AQ96: 0 | AR96: 0 | AS96: 0 | AT96: 0 | AU96: 0 | AV96: 1 | AW96: 1 | AZ96: 1 | BA96: 1 | BB96: 1 | BC96: 4.24 | BH96: 3 | BI96: 1 | BJ96: ТСН-2001.1. Доп. 1-42. Р. 1, о. 1, поз. 118 | BM96: 115 | BN96: 7156650 | BO96: 1.1-1-118 | BP96: 1 | BQ96: 30 | BR96: 0 | BS96: 1 | BT96: 1 | BU96: 1 | BV96: 1 | BW96: 1 | BX96: 1 | BZ96: 0 | CA96: 0 | CF96: 0 | CG96: 0 | CM96: 0 | CO96: 0 | CP96: =(P96+Q96+S96) -> 5 | CQ96: =(AC96*BC96*AW96) -> 29.9768 | CR96: =(AD96*BB96*AV96) -> 0 | CS96: =(AE96*BS96*AV96) -> 0 | CT96: =(AF96*BA96*AV96) -> 0 | CU96: =AG96 -> 0 | CV96: =(AH96*AV96) -> 0 | CW96: =AI96 -> 0 | CX96: =AJ96 -> 0 | CY96: =S96*(BZ96/100) -> 0 | CZ96: =S96*(CA96/100) -> 0 | DN96: 100 | DO96: 64 | DP96: 1.025 | DQ96: 1 | DU96: 1007 | DV96: м3 | DW96: м3 | DX96: 1 | EE96: 21987467 | EF96: 30 | EG96: Строительные работы | EH96: 0 | EJ96: 1 | EK96: 115 | EL96: ТСН-2001.3-15. 15-51...15-81 | EM96: ТСН-2001.3-15-7 | EQ96: 0 | ER96: 7.07 | ES96: 7.07 | ET96: 0 | EU96: 0 | EV96: 0 | EW96: 0 | EX96: 0 | FQ96: 0 | FR96: =ROUND(IF(AND(BH96=3,BI96=3),P96,0),2) -> 0 | FS96: 0 | FX96: 100 | FY96: 64 | GD96: 0 | GF96: -862991314 | GG96: 2 | GH96: 1 | GI96: 2 | GJ96: 0 | GK96: =ROUND(R96*(R12)/100,2) -> 0 | GL96: =ROUND(IF(AND(BH96=3,BI96=3,FS96<>0),P96,0),2) -> 0 | GM96: =ROUND(O96+X96+Y96+GK96,2)+GX96 -> 5 | GN96: =IF(OR(BI96=0,BI96=1),ROUND(O96+X96+Y96+GK96,2),0) -> 5 | GO96: =IF(BI96=2,ROUND(O96+X96+Y96+GK96,2),0) -> 0 | GP96: =IF(BI96=4,ROUND(O96+X96+Y96+GK96,2)+GX96,0) -> 0 | GR96: 0 | GS96: 0 | GT96: 0 | GV96: =ROUND(GT96,6) -> 0 | GW96: 1 | GX96: =ROUND(GV96*GW96*I96,2) -> 0 | HA96: 0 | HB96: 0 | IK96: 0
A97: 18 | B97: 1 | E97: 11,2 | F97: 1.3-2-25 | G97: Смеси сухие штукатурные цементно-песчаные для внутренних и наружных работ, водоудерживающие и повышающие адгезионные свойства, В12,5 (М150), F50, крупность заполнителя не более 0,5 мм | H97: т | I97: =I95*J97 -> 0.953689 | J97: 1.0416 | O97: =ROUND(CP97,2) -> 4768.42 | P97: =ROUND(CQ97*I97,2) -> 4768.42 | Q97: =ROUND(CR97*I97,2) -> 0 | R97: =ROUND(CS97*I97,2) -> 0 | S97: =ROUND(CT97*I97,2) -> 0 | T97: =ROUND(CU97*I97,2) -> 0 | U97: =CV97*I97 -> 0 | V97: =CW97*I97 -> 0 | W97: =ROUND(CX97*I97,2) -> 0 | X97: =ROUND(CY97,2) -> 0 | Y97: =ROUND(CZ97,2) -> 0 | AA97: 42145827 | AB97: =ROUND((AC97+AD97+AF97),6) -> 1742.15 | AC97: =ROUND((ES97),6) -> 1742.15 | AD97: =ROUND((ET97),6) -> 0 | AE97: =ROUND((EU97),6) -> 0 | AF97: =ROUND((EV97),6) -> 0 | AG97: =ROUND((AP97),6) -> 0 | AH97: =(EW97) -> 0 | AI97: =(EX97) -> 0 | AJ97: =ROUND((AS97),6) -> 0 | AK97: 1742.15 | AL97: 1742.15 | AM97: 0 | AN97: 0 | AO97: 0 | AP97: 0 | AQ97: 0 | AR97: 0 | AS97: 0 | AT97: 0 | AU97: 0 | AV97: 1 | AW97: 1 | AZ97: 1 | BA97: 1 | BB97: 1 | BC97: 2.87 | BH97: 3 | BI97: 1 | BJ97: ТСН-2001.1. Доп. 1-42. Р. 3, о. 2, поз. 25 | BM97: 115 | BN97: 7156650 | BO97: 1.3-2-25 | BP97: 1 | BQ97: 30 | BR97: 0 | BS97: 1 | BT97: 1 | BU97: 1 | BV97: 1 | BW97: 1 | BX97: 1 | BZ97: 0 | CA97: 0 | CF97: 0 | CG97: 0 | CM97: 0 | CO97: 0 | CP97: =(P97+Q97+S97) -> 4768.42 | CQ97: =(AC97*BC97*AW97) -> 4999.9705 | CR97: =(AD97*BB97*AV97) -> 0 | CS97: =(AE97*BS97*AV97) -> 0 | CT97: =(AF97*BA97*AV97) -> 0 | CU97: =AG97 -> 0 | CV97: =(AH97*AV97) -> 0 | CW97: =AI97 -> 0 | CX97: =AJ97 -> 0 | CY97: =S97*(BZ97/100) -> 0 | CZ97: =S97*(CA97/100) -> 0 | DN97: 100 | DO97: 64 | DP97: 1.025 | DQ97: 1 | DU97: 1009 | DV97: т | DW97: т | DX97: 1000 | EE97: 21987467 | EF97: 30 | EG97: Строительные работы | EH97: 0 | EJ97: 1 | EK97: 115 | EL97: ТСН-2001.3-15. 15-51...15-81 | EM97: ТСН-2001.3-15-7 | EQ97: 0 | ER97: 1742.15 | ES97: 1742.15 | ET97: 0 | EU97: 0 | EV97: 0 | EW97: 0 | EX97: 0 | FQ97: 0 | FR97: =ROUND(IF(AND(BH97=3,BI97=3),P97,0),2) -> 0 | FS97: 0 | FX97: 100 | FY97: 64 | GD97: 0 | GF97: -1495068045 | GG97: 2 | GH97: 1 | GI97: 2 | GJ97: 0 | GK97: =ROUND(R97*(R12)/100,2) -> 0 | GL97: =ROUND(IF(AND(BH97=3,BI97=3,FS97<>0),P97,0),2) -> 0 | GM97: =ROUND(O97+X97+Y97+GK97,2)+GX97 -> 4768.42 | GN97: =IF(OR(BI97=0,BI97=1),ROUND(O97+X97+Y97+GK97,2),0) -> 4768.42 | GO97: =IF(BI97=2,ROUND(O97+X97+Y97+GK97,2),0) -> 0 | GP97: =IF(BI97=4,ROUND(O97+X97+Y97+GK97,2)+GX97,0) -> 0 | GR97: 0 | GS97: 0 | GT97: 0 | GV97: =ROUND(GT97,6) -> 0 | GW97: 1 | GX97: =ROUND(GV97*GW97*I97,2) -> 0 | HA97: 0 | HB97: 0 | IK97: 0
A98: 18 | B98: 1 | E98: 11,3 | F98: 1.3-2-6 | G98: Растворы цементные, марка 150 | H98: м3 | I98: =I95*J98 -> 2.384222 | J98: 2.6039996 | O98: =ROUND(CP98,2) -> 7468.33 | P98: =ROUND(CQ98*I98,2) -> 7468.33 | Q98: =ROUND(CR98*I98,2) -> 0 | R98: =ROUND(CS98*I98,2) -> 0 | S98: =ROUND(CT98*I98,2) -> 0 | T98: =ROUND(CU98*I98,2) -> 0 | U98: =CV98*I98 -> 0 | V98: =CW98*I98 -> 0 | W98: =ROUND(CX98*I98,2) -> 0 | X98: =ROUND(CY98,2) -> 0 | Y98: =ROUND(CZ98,2) -> 0 | AA98: 42145827 | AB98: =ROUND((AC98+AD98+AF98),6) -> 478.96 | AC98: =ROUND((ES98),6) -> 478.96 | AD98: =ROUND((ET98),6) -> 0 | AE98: =ROUND((EU98),6) -> 0 | AF98: =ROUND((EV98),6) -> 0 | AG98: =ROUND((AP98),6) -> 0 | AH98: =(EW98) -> 0 | AI98: =(EX98) -> 0 | AJ98: =ROUND((AS98),6) -> 0 | AK98: 478.96 | AL98: 478.96 | AM98: 0 | AN98: 0 | AO98: 0 | AP98: 0 | AQ98: 0 | AR98: 0 | AS98: 0 | AT98: 0 | AU98: 0 | AV98: 1 | AW98: 1 | AZ98: 1 | BA98: 1 | BB98: 1 | BC98: 6.54 | BH98: 3 | BI98: 1 | BJ98: ТСН-2001.1. Доп. 1-42. Р. 3, о. 2, поз. 6 | BM98: 115 | BN98: 7156650 | BO98: 1.3-2-6 | BP98: 1 | BQ98: 30 | BR98: 0 | BS98: 1 | BT98: 1 | BU98: 1 | BV98: 1 | BW98: 1 | BX98: 1 | BZ98: 0 | CA98: 0 | CF98: 0 | CG98: 0 | CM98: 0 | CO98: 0 | CP98: =(P98+Q98+S98) -> 7468.33 | CQ98: =(AC98*BC98*AW98) -> 3132.3984 | CR98: =(AD98*BB98*AV98) -> 0 | CS98: =(AE98*BS98*AV98) -> 0 | CT98: =(AF98*BA98*AV98) -> 0 | CU98: =AG98 -> 0 | CV98: =(AH98*AV98) -> 0 | CW98: =AI98 -> 0 | CX98: =AJ98 -> 0 | CY98: =S98*(BZ98/100) -> 0 | CZ98: =S98*(CA98/100) -> 0 | DN98: 100 | DO98: 64 | DP98: 1.025 | DQ98: 1 | DU98: 1007 | DV98: м3 | DW98: м3 | DX98: 1 | EE98: 21987467 | EF98: 30 | EG98: Строительные работы | EH98: 0 | EJ98: 1 | EK98: 115 | EL98: ТСН-2001.3-15. 15-51...15-81 | EM98: ТСН-2001.3-15-7 | EQ98: 0 | ER98: 478.96 | ES98: 478.96 | ET98: 0 | EU98: 0 | EV98: 0 | EW98: 0 | EX98: 0 | FQ98: 0 | FR98: =ROUND(IF(AND(BH98=3,BI98=3),P98,0),2) -> 0 | FS98: 0 | FX98: 100 | FY98: 64 | GD98: 0 | GF98: -1161195218 | GG98: 2 | GH98: 1 | GI98: 2 | GJ98: 0 | GK98: =ROUND(R98*(R12)/100,2) -> 0 | GL98: =ROUND(IF(AND(BH98=3,BI98=3,FS98<>0),P98,0),2) -> 0 | GM98: =ROUND(O98+X98+Y98+GK98,2)+GX98 -> 7468.33 | GN98: =IF(OR(BI98=0,BI98=1),ROUND(O98+X98+Y98+GK98,2),0) -> 7468.33 | GO98: =IF(BI98=2,ROUND(O98+X98+Y98+GK98,2),0) -> 0 | GP98: =IF(BI98=4,ROUND(O98+X98+Y98+GK98,2)+GX98,0) -> 0 | GR98: 0 | GS98: 0 | GT98: 0 | GV98: =ROUND(GT98,6) -> 0 | GW98: 1 | GX98: =ROUND(GV98*GW98*I98,2) -> 0 | HA98: 0 | HB98: 0 | IK98: 0
A99: 17 | B99: 1 | E99: 12 | F99: 3.15-165-1 | G99: Обработка поверхностей стен грунтовкой глубокого проникновения внутри помещения | H99: 100 м2 | I99: 0.9156 | J99: 0 | O99: =ROUND(CP99,2) -> 1022.23 | P99: =ROUND(CQ99*I99,2) -> 0 | Q99: =ROUND(CR99*I99,2) -> 6.95 | R99: =ROUND(CS99*I99,2) -> 0.16 | S99: =ROUND(CT99*I99,2) -> 1015.28 | T99: =ROUND(CU99*I99,2) -> 0 | U99: =CV99*I99 -> 4.896171 | V99: =CW99*I99 -> 0 | W99: =ROUND(CX99*I99,2) -> 0 | X99: =ROUND(CY99,2) -> 873.14 | Y99: =ROUND(CZ99,2) -> 446.72 | AA99: 42145827 | AB99: =ROUND((AC99+AD99+AF99),6) -> 60.802 | AC99: =ROUND((ES99),6) -> 0 | AD99: =ROUND(((ET99*1.25)),6) -> 1.025 | AE99: =ROUND(((EU99*1.25)),6) -> 0.175 | AF99: =ROUND(((EV99*1.15)),6) -> 59.777 | AG99: =ROUND((AP99),6) -> 0 | AH99: =((EW99*1.15)) -> 5.3475 | AI99: =((EX99*1.25)) -> 0 | AJ99: =ROUND((AS99),6) -> 0 | AK99: 52.8 | AL99: 0 | AM99: 0.82 | AN99: 0.14 | AO99: 51.98 | AP99: 0 | AQ99: 4.65 | AR99: 0 | AS99: 0 | AT99: 86 | AU99: 44 | AV99: 1 | AW99: 1 | AZ99: 1 | BA99: 18.55 | BB99: 7.41 | BC99: 1 | BH99: 0 | BI99: 1 | BJ99: ТСН-2001.3 Доп. 47, Сб. 15, т. 165, поз. 1 | BM99: 1523 | BN99: 7156650 | BO99: 3.15-165-1 | BP99: 1 | BQ99: 30 | BR99: 0 | BS99: 1 | BT99: 1 | BU99: 1 | BV99: 1 | BW99: 1 | BX99: 1 | BZ99: 86 | CA99: 44 | CF99: 0 | CG99: 0 | CM99: 0 | CO99: 0 | CP99: =(P99+Q99+S99) -> 1022.23 | CQ99: =(AC99*BC99*AW99) -> 0 | CR99: =(AD99*BB99*AV99) -> 7.59525 | CS99: =(AE99*BS99*AV99) -> 0.175 | CT99: =(AF99*BA99*AV99) -> 1108.8634 | CU99: =AG99 -> 0 | CV99: =(AH99*AV99) -> 5.3475 | CW99: =AI99 -> 0 | CX99: =AJ99 -> 0 | CY99: =S99*(BZ99/100) -> 873.1408 | CZ99: =S99*(CA99/100) -> 446.7232 | DE99: *1,25 | DF99: *1,25 | DG99: *1,15 | DI99: *1,15 | DJ99: *1,25 | DN99: 100 | DO99: 64 | DP99: 1.025 | DQ99: 1 | DU99: 1005 | DV99: 100 м2 | DW99: 100 м2 | DX99: 100 | EE99: 21988875 | EF99: 30 | EG99: Строительные работы | EH99: 0 | EJ99: 1 | EK99: 1523 | EL99: ТСН-2001.3-15. 15-164, 15-165 (доп. 20) | EM99: ТСН-2001.3-15-28 | EQ99: 131072 | ER99: 52.8 | ES99: 0 | ET99: 0.82 | EU99: 0.14 | EV99: 51.98 | EW99: 4.65 | EX99: 0 | EY99: 0 | FQ99: 0 | FR99: =ROUND(IF(AND(BH99=3,BI99=3),P99,0),2) -> 0 | FS99: 0 | FX99: 100 | FY99: 64 | GD99: 0 | GF99: -1757916944 | GG99: 2 | GH99: 1 | GI99: 2 | GJ99: 0 | GK99: =ROUND(R99*(R12)/100,2) -> 0.27 | GL99: =ROUND(IF(AND(BH99=3,BI99=3,FS99<>0),P99,0),2) -> 0 | GM99: =ROUND(O99+X99+Y99+GK99,2)+GX99 -> 2342.36 | GN99: =IF(OR(BI99=0,BI99=1),ROUND(O99+X99+Y99+GK99,2),0) -> 2342.36 | GO99: =IF(BI99=2,ROUND(O99+X99+Y99+GK99,2),0) -> 0 | GP99: =IF(BI99=4,ROUND(O99+X99+Y99+GK99,2)+GX99,0) -> 0 | GR99: 0 | GS99: 0 | GT99: 0 | GV99: =ROUND(GT99,6) -> 0 | GW99: 1 | GX99: =ROUND(GV99*GW99*I99,2) -> 0 | HA99: 0 | HB99: 0 | IK99: 0
A100: 18 | B100: 1 | E100: 12,1 | F100: 1.1-1-2854 | G100: Грунтовка акриловая типа «Бетоконтакт», адгезионная для обработки бетонных оснований перед оштукатуриванием | H100: кг | I100: =I99*J100 -> 9.43068 | J100: 10.3 | O100: =ROUND(CP100,2) -> 325.23 | P100: =ROUND(CQ100*I100,2) -> 325.23 | Q100: =ROUND(CR100*I100,2) -> 0 | R100: =ROUND(CS100*I100,2) -> 0 | S100: =ROUND(CT100*I100,2) -> 0 | T100: =ROUND(CU100*I100,2) -> 0 | U100: =CV100*I100 -> 0 | V100: =CW100*I100 -> 0 | W100: =ROUND(CX100*I100,2) -> 0 | X100: =ROUND(CY100,2) -> 0 | Y100: =ROUND(CZ100,2) -> 0 | AA100: 42145827 | AB100: =ROUND((AC100+AD100+AF100),6) -> 28.98 | AC100: =ROUND((ES100),6) -> 28.98 | AD100: =ROUND((ET100),6) -> 0 | AE100: =ROUND((EU100),6) -> 0 | AF100: =ROUND((EV100),6) -> 0 | AG100: =ROUND((AP100),6) -> 0 | AH100: =(EW100) -> 0 | AI100: =(EX100) -> 0 | AJ100: =ROUND((AS100),6) -> 0 | AK100: 28.98 | AL100: 28.98 | AM100: 0 | AN100: 0 | AO100: 0 | AP100: 0 | AQ100: 0 | AR100: 0 | AS100: 0 | AT100: 0 | AU100: 0 | AV100: 1 | AW100: 1 | AZ100: 1 | BA100: 1 | BB100: 1 | BC100: 1.19 | BH100: 3 | BI100: 1 | BJ100: ТСН-2001.1 Доп. 44, Р. 1, о. 1, поз. 2854 | BM100: 1523 | BN100: 7156650 | BO100: 1.1-1-2854 | BP100: 1 | BQ100: 30 | BR100: 0 | BS100: 1 | BT100: 1 | BU100: 1 | BV100: 1 | BW100: 1 | BX100: 1 | BZ100: 0 | CA100: 0 | CF100: 0 | CG100: 0 | CM100: 0 | CO100: 0 | CP100: =(P100+Q100+S100) -> 325.23 | CQ100: =(AC100*BC100*AW100) -> 34.4862 | CR100: =(AD100*BB100*AV100) -> 0 | CS100: =(AE100*BS100*AV100) -> 0 | CT100: =(AF100*BA100*AV100) -> 0 | CU100: =AG100 -> 0 | CV100: =(AH100*AV100) -> 0 | CW100: =AI100 -> 0 | CX100: =AJ100 -> 0 | CY100: =S100*(BZ100/100) -> 0 | CZ100: =S100*(CA100/100) -> 0 | DN100: 100 | DO100: 64 | DP100: 1.025 | DQ100: 1 | DU100: 1009 | DV100: кг | DW100: кг | DX100: 1 | EE100: 21988875 | EF100: 30 | EG100: Строительные работы | EH100: 0 | EJ100: 1 | EK100: 1523 | EL100: ТСН-2001.3-15. 15-164, 15-165 (доп. 20) | EM100: ТСН-2001.3-15-28 | EQ100: 0 | ER100: 28.98 | ES100: 28.98 | ET100: 0 | EU100: 0 | EV100: 0 | EW100: 0 | EX100: 0 | FQ100: 0 | FR100: =ROUND(IF(AND(BH100=3,BI100=3),P100,0),2) -> 0 | FS100: 0 | FX100: 100 | FY100: 64 | GD100: 0 | GF100: 33071459 | GG100: 2 | GH100: 1 | GI100: 2 | GJ100: 0 | GK100: =ROUND(R100*(R12)/100,2) -> 0 | GL100: =ROUND(IF(AND(BH100=3,BI100=3,FS100<>0),P100,0),2) -> 0 | GM100: =ROUND(O100+X100+Y100+GK100,2)+GX100 -> 325.23 | GN100: =IF(OR(BI100=0,BI100=1),ROUND(O100+X100+Y100+GK100,2),0) -> 325.23 | GO100: =IF(BI100=2,ROUND(O100+X100+Y100+GK100,2),0) -> 0 | GP100: =IF(BI100=4,ROUND(O100+X100+Y100+GK100,2)+GX100,0) -> 0 | GR100: 0 | GS100: 0 | GT100: 0 | GV100: =ROUND(GT100,6) -> 0 | GW100: 1 | GX100: =ROUND(GV100*GW100*I100,2) -> 0 | HA100: 0 | HB100: 0 | IK100: 0
A101: 17 | B101: 1 | E101: 13 | F101: 6.61-30-1 | G101: Устройство основания под штукатурку из металлической сетки по кирпичным и бетонным поверхностям | H101: 100 м2 | I101: 0.9156 | J101: 0 | O101: =ROUND(CP101,2) -> 14164.12 | P101: =ROUND(CQ101*I101,2) -> 0 | Q101: =ROUND(CR101*I101,2) -> 0 | R101: =ROUND(CS101*I101,2) -> 0 | S101: =ROUND(CT101*I101,2) -> 14164.12 | T101: =ROUND(CU101*I101,2) -> 0 | U101: =CV101*I101 -> 74.71296 | V101: =CW101*I101 -> 0 | W101: =ROUND(CX101*I101,2) -> 0 | X101: =ROUND(CY101,2) -> 12181.14 | Y101: =ROUND(CZ101,2) -> 6232.21 | AA101: 42145827 | AB101: =ROUND((AC101+AD101+AF101),6) -> 833.95 | AC101: =ROUND((ES101),6) -> 0 | AD101: =ROUND((ET101),6) -> 0 | AE101: =ROUND((EU101),6) -> 0 | AF101: =ROUND((EV101),6) -> 833.95 | AG101: =ROUND((AP101),6) -> 0 | AH101: =(EW101) -> 81.6 | AI101: =(EX101) -> 0 | AJ101: =ROUND((AS101),6) -> 0 | AK101: 833.95 | AL101: 0 | AM101: 0 | AN101: 0 | AO101: 833.95 | AP101: 0 | AQ101: 81.6 | AR101: 0 | AS101: 0 | AT101: 86 | AU101: 44 | AV101: 1 | AW101: 1 | AZ101: 1 | BA101: 18.55 | BB101: 1 | BC101: 1 | BH101: 0 | BI101: 1 | BJ101: ТСН-2001.6. Доп. 1-42. Сб. 61, т. 30, поз. 1 | BM101: 460 | BN101: 7156650 | BO101: 6.61-30-1 | BP101: 1 | BQ101: 60 | BR101: 0 | BS101: 1 | BT101: 1 | BU101: 1 | BV101: 1 | BW101: 1 | BX101: 1 | BZ101: 86 | CA101: 44 | CF101: 0 | CG101: 0 | CM101: 0 | CO101: 0 | CP101: =(P101+Q101+S101) -> 14164.12 | CQ101: =(AC101*BC101*AW101) -> 0 | CR101: =(AD101*BB101*AV101) -> 0 | CS101: =(AE101*BS101*AV101) -> 0 | CT101: =(AF101*BA101*AV101) -> 15469.773 | CU101: =AG101 -> 0 | CV101: =(AH101*AV101) -> 81.6 | CW101: =AI101 -> 0 | CX101: =AJ101 -> 0 | CY101: =S101*(BZ101/100) -> 12181.143 | CZ101: =S101*(CA101/100) -> 6232.2128 | DN101: 100 | DO101: 64 | DP101: 1.025 | DQ101: 1 | DU101: 1005 | DV101: 100 м2 | DW101: 100 м2 | DX101: 100 | EE101: 21987812 | EF101: 60 | EG101: Ремонтно-строительные работы | EH101: 0 | EJ101: 1 | EK101: 460 | EL101: ТСН-2001.6-61. 61-29...61-31 | EM101: ТСН-2001.6-61-7 | EQ101: 131072 | ER101: 833.95 | ES101: 0 | ET101: 0 | EU101: 0 | EV101: 833.95 | EW101: 81.6 | EX101: 0 | EY101: 0 | FQ101: 0 | FR101: =ROUND(IF(AND(BH101=3,BI101=3),P101,0),2) -> 0 | FS101: 0 | FX101: 100 | FY101: 64 | GD101: 0 | GF101: 1898319204 | GG101: 2 | GH101: 1 | GI101: 2 | GJ101: 0 | GK101: =ROUND(R101*(R12)/100,2) -> 0 | GL101: =ROUND(IF(AND(BH101=3,BI101=3,FS101<>0),P101,0),2) -> 0 | GM101: =ROUND(O101+X101+Y101+GK101,2)+GX101 -> 32577.47 | GN101: =IF(OR(BI101=0,BI101=1),ROUND(O101+X101+Y101+GK101,2),0) -> 32577.47 | GO101: =IF(BI101=2,ROUND(O101+X101+Y101+GK101,2),0) -> 0 | GP101: =IF(BI101=4,ROUND(O101+X101+Y101+GK101,2)+GX101,0) -> 0 | GR101: 0 | GS101: 0 | GT101: 0 | GV101: =ROUND(GT101,6) -> 0 | GW101: 1 | GX101: =ROUND(GV101*GW101*I101,2) -> 0 | HA101: 0 | HB101: 0 | IK101: 0
A102: 18 | B102: 1 | E102: 13,1 | F102: 1.1-1-1029 | G102: Сетка проволочная штукатурная тканая, квадрат 5х5 мм, толщина 1,6 мм | H102: м2 | I102: =I101*J102 -> 100.716 | J102: 110 | O102: =ROUND(CP102,2) -> 49314.62 | P102: =ROUND(CQ102*I102,2) -> 49314.62 | Q102: =ROUND(CR102*I102,2) -> 0 | R102: =ROUND(CS102*I102,2) -> 0 | S102: =ROUND(CT102*I102,2) -> 0 | T102: =ROUND(CU102*I102,2) -> 0 | U102: =CV102*I102 -> 0 | V102: =CW102*I102 -> 0 | W102: =ROUND(CX102*I102,2) -> 0 | X102: =ROUND(CY102,2) -> 0 | Y102: =ROUND(CZ102,2) -> 0 | AA102: 42145827 | AB102: =ROUND((AC102+AD102+AF102),6) -> 33.56 | AC102: =ROUND((ES102),6) -> 33.56 | AD102: =ROUND((ET102),6) -> 0 | AE102: =ROUND((EU102),6) -> 0 | AF102: =ROUND((EV102),6) -> 0 | AG102: =ROUND((AP102),6) -> 0 | AH102: =(EW102) -> 0 | AI102: =(EX102) -> 0 | AJ102: =ROUND((AS102),6) -> 0 | AK102: 33.56 | AL102: 33.56 | AM102: 0 | AN102: 0 | AO102: 0 | AP102: 0 | AQ102: 0 | AR102: 0 | AS102: 0 | AT102: 0 | AU102: 0 | AV102: 1 | AW102: 1 | AZ102: 1 | BA102: 1 | BB102: 1 | BC102: 14.59 | BH102: 3 | BI102: 1 | BJ102: ТСН-2001.1. Доп. 1-42. Р. 1, о. 1, поз. 1029 | BM102: 460 | BN102: 7156650 | BO102: 1.1-1-1029 | BP102: 1 | BQ102: 60 | BR102: 0 | BS102: 1 | BT102: 1 | BU102: 1 | BV102: 1 | BW102: 1 | BX102: 1 | BZ102: 0 | CA102: 0 | CF102: 0 | CG102: 0 | CM102: 0 | CO102: 0 | CP102: =(P102+Q102+S102) -> 49314.62 | CQ102: =(AC102*BC102*AW102) -> 489.6404 | CR102: =(AD102*BB102*AV102) -> 0 | CS102: =(AE102*BS102*AV102) -> 0 | CT102: =(AF102*BA102*AV102) -> 0 | CU102: =AG102 -> 0 | CV102: =(AH102*AV102) -> 0 | CW102: =AI102 -> 0 | CX102: =AJ102 -> 0 | CY102: =S102*(BZ102/100) -> 0 | CZ102: =S102*(CA102/100) -> 0 | DN102: 100 | DO102: 64 | DP102: 1.025 | DQ102: 1 | DU102: 1005 | DV102: м2 | DW102: м2 | DX102: 1 | EE102: 21987812 | EF102: 60 | EG102: Ремонтно-строительные работы | EH102: 0 | EJ102: 1 | EK102: 460 | EL102: ТСН-2001.6-61. 61-29...61-31 | EM102: ТСН-2001.6-61-7 | EQ102: 0 | ER102: 33.56 | ES102: 33.56 | ET102: 0 | EU102: 0 | EV102: 0 | EW102: 0 | EX102: 0 | FQ102: 0 | FR102: =ROUND(IF(AND(BH102=3,BI102=3),P102,0),2) -> 0 | FS102: 0 | FX102: 100 | FY102: 64 | GD102: 0 | GF102: 1732130389 | GG102: 2 | GH102: 1 | GI102: 2 | GJ102: 0 | GK102: =ROUND(R102*(R12)/100,2) -> 0 | GL102: =ROUND(IF(AND(BH102=3,BI102=3,FS102<>0),P102,0),2) -> 0 | GM102: =ROUND(O102+X102+Y102+GK102,2)+GX102 -> 49314.62 | GN102: =IF(OR(BI102=0,BI102=1),ROUND(O102+X102+Y102+GK102,2),0) -> 49314.62 | GO102: =IF(BI102=2,ROUND(O102+X102+Y102+GK102,2),0) -> 0 | GP102: =IF(BI102=4,ROUND(O102+X102+Y102+GK102,2)+GX102,0) -> 0 | GR102: 0 | GS102: 0 | GT102: 0 | GV102: =ROUND(GT102,6) -> 0 | GW102: 1 | GX102: =ROUND(GV102*GW102*I102,2) -> 0 | HA102: 0 | HB102: 0 | IK102: 0
A103: 18 | B103: 1 | E103: 13,2 | F103: 1.1-1-146 | G103: Гипсовые вяжущие (гипс) для штукатурных работ | H103: т | I103: =I101*J103 -> 0.2289 | J103: 0.25 | O103: =ROUND(CP103,2) -> 775.41 | P103: =ROUND(CQ103*I103,2) -> 775.41 | Q103: =ROUND(CR103*I103,2) -> 0 | R103: =ROUND(CS103*I103,2) -> 0 | S103: =ROUND(CT103*I103,2) -> 0 | T103: =ROUND(CU103*I103,2) -> 0 | U103: =CV103*I103 -> 0 | V103: =CW103*I103 -> 0 | W103: =ROUND(CX103*I103,2) -> 0 | X103: =ROUND(CY103,2) -> 0 | Y103: =ROUND(CZ103,2) -> 0 | AA103: 42145827 | AB103: =ROUND((AC103+AD103+AF103),6) -> 1227.38 | AC103: =ROUND((ES103),6) -> 1227.38 | AD103: =ROUND((ET103),6) -> 0 | AE103: =ROUND((EU103),6) -> 0 | AF103: =ROUND((EV103),6) -> 0 | AG103: =ROUND((AP103),6) -> 0 | AH103: =(EW103) -> 0 | AI103: =(EX103) -> 0 | AJ103: =ROUND((AS103),6) -> 0 | AK103: 1227.38 | AL103: 1227.38 | AM103: 0 | AN103: 0 | AO103: 0 | AP103: 0 | AQ103: 0 | AR103: 0 | AS103: 0 | AT103: 0 | AU103: 0 | AV103: 1 | AW103: 1 | AZ103: 1 | BA103: 1 | BB103: 1 | BC103: 2.76 | BH103: 3 | BI103: 1 | BJ103: ТСН-2001.1. Доп. 1-42. Р. 1, о. 1, поз. 146 | BM103: 460 | BN103: 7156650 | BO103: 1.1-1-146 | BP103: 1 | BQ103: 60 | BR103: 0 | BS103: 1 | BT103: 1 | BU103: 1 | BV103: 1 | BW103: 1 | BX103: 1 | BZ103: 0 | CA103: 0 | CF103: 0 | CG103: 0 | CM103: 0 | CO103: 0 | CP103: =(P103+Q103+S103) -> 775.41 | CQ103: =(AC103*BC103*AW103) -> 3387.5688 | CR103: =(AD103*BB103*AV103) -> 0 | CS103: =(AE103*BS103*AV103) -> 0 | CT103: =(AF103*BA103*AV103) -> 0 | CU103: =AG103 -> 0 | CV103: =(AH103*AV103) -> 0 | CW103: =AI103 -> 0 | CX103: =AJ103 -> 0 | CY103: =S103*(BZ103/100) -> 0 | CZ103: =S103*(CA103/100) -> 0 | DN103: 100 | DO103: 64 | DP103: 1.025 | DQ103: 1 | DU103: 1009 | DV103: т | DW103: т | DX103: 1000 | EE103: 21987812 | EF103: 60 | EG103: Ремонтно-строительные работы | EH103: 0 | EJ103: 1 | EK103: 460 | EL103: ТСН-2001.6-61. 61-29...61-31 | EM103: ТСН-2001.6-61-7 | EQ103: 0 | ER103: 1227.38 | ES103: 1227.38 | ET103: 0 | EU103: 0 | EV103: 0 | EW103: 0 | EX103: 0 | FQ103: 0 | FR103: =ROUND(IF(AND(BH103=3,BI103=3),P103,0),2) -> 0 | FS103: 0 | FX103: 100 | FY103: 64 | GD103: 0 | GF103: 837574469 | GG103: 2 | GH103: 1 | GI103: 2 | GJ103: 0 | GK103: =ROUND(R103*(R12)/100,2) -> 0 | GL103: =ROUND(IF(AND(BH103=3,BI103=3,FS103<>0),P103,0),2) -> 0 | GM103: =ROUND(O103+X103+Y103+GK103,2)+GX103 -> 775.41 | GN103: =IF(OR(BI103=0,BI103=1),ROUND(O103+X103+Y103+GK103,2),0) -> 775.41 | GO103: =IF(BI103=2,ROUND(O103+X103+Y103+GK103,2),0) -> 0 | GP103: =IF(BI103=4,ROUND(O103+X103+Y103+GK103,2)+GX103,0) -> 0 | GR103: 0 | GS103: 0 | GT103: 0 | GV103: =ROUND(GT103,6) -> 0 | GW103: 1 | GX103: =ROUND(GV103*GW103*I103,2) -> 0 | HA103: 0 | HB103: 0 | IK103: 0
A104: 17 | B104: 1 | E104: 14 | F104: 3.15-1-5 | G104: Облицовка стен гранитными плитами полированными толщиной 40 мм при числе плит в 1 м2 более 6 | H104: 100 м2 поверхности облицовки | I104: 0.9156 | J104: 0 | O104: =ROUND(CP104,2) -> 633259.12 | P104: =ROUND(CQ104*I104,2) -> 21539.23 | Q104: =ROUND(CR104*I104,2) -> 564.8 | R104: =ROUND(CS104*I104,2) -> 13.93 | S104: =ROUND(CT104*I104,2) -> 611155.09 | T104: =ROUND(CU104*I104,2) -> 0 | U104: =CV104*I104 -> 2297.5151 | V104: =CW104*I104 -> 0 | W104: =ROUND(CX104*I104,2) -> 0 | X104: =ROUND(CY104,2) -> 525593.38 | Y104: =ROUND(CZ104,2) -> 268908.24 | AA104: 42145827 | AB104: =ROUND((AC104+AD104+AF104),6) -> 40057.565 | AC104: =ROUND((ES104),6) -> 3960.39 | AD104: =ROUND(((ET104*1.25)),6) -> 113.8125 | AE104: =ROUND(((EU104*1.25)),6) -> 15.2125 | AF104: =ROUND(((EV104*1.15)),6) -> 35983.362 | AG104: =ROUND((AP104),6) -> 0 | AH104: =((EW104*1.15)) -> 2509.3 | AI104: =((EX104*1.25)) -> 0 | AJ104: =ROUND((AS104),6) -> 0 | AK104: 35341.32 | AL104: 3960.39 | AM104: 91.05 | AN104: 12.17 | AO104: 31289.88 | AP104: 0 | AQ104: 2182 | AR104: 0 | AS104: 0 | AT104: 86 | AU104: 44 | AV104: 1 | AW104: 1 | AZ104: 1 | BA104: 18.55 | BB104: 5.42 | BC104: 5.94 | BH104: 0 | BI104: 1 | BJ104: ТСН-2001.3. Доп. 1-42. Сб. 15, т. 1, поз. 5 | BM104: 110 | BN104: 7156650 | BO104: 3.15-1-5 | BP104: 1 | BQ104: 30 | BR104: 0 | BS104: 1 | BT104: 1 | BU104: 1 | BV104: 1 | BW104: 1 | BX104: 1 | BZ104: 86 | CA104: 44 | CF104: 0 | CG104: 0 | CM104: 0 | CO104: 0 | CP104: =(P104+Q104+S104) -> 633259.12 | CQ104: =(AC104*BC104*AW104) -> 23524.717 | CR104: =(AD104*BB104*AV104) -> 616.86375 | CS104: =(AE104*BS104*AV104) -> 15.2125 | CT104: =(AF104*BA104*AV104) -> 667491.37 | CU104: =AG104 -> 0 | CV104: =(AH104*AV104) -> 2509.3 | CW104: =AI104 -> 0 | CX104: =AJ104 -> 0 | CY104: =S104*(BZ104/100) -> 525593.38 | CZ104: =S104*(CA104/100) -> 268908.24 | DE104: *1,25 | DF104: *1,25 | DG104: *1,15 | DI104: *1,15 | DJ104: *1,25 | DN104: 100 | DO104: 64 | DP104: 1.047 | DQ104: 1.003 | DU104: 1013 | DV104: 100 м2 поверхности облицовки | DW104: 100 м2 поверхности облицовки | DX104: 1 | EE104: 21987462 | EF104: 30 | EG104: Строительные работы | EH104: 0 | EJ104: 1 | EK104: 110 | EL104: ТСН-2001.3-15. 15-1...15-12 | EM104: ТСН-2001.3-15-2 | EQ104: 131072 | ER104: 35341.32 | ES104: 3960.39 | ET104: 91.05 | EU104: 12.17 | EV104: 31289.88 | EW104: 2182 | EX104: 0 | EY104: 0 | FQ104: 0 | FR104: =ROUND(IF(AND(BH104=3,BI104=3),P104,0),2) -> 0 | FS104: 0 | FX104: 100 | FY104: 64 | GD104: 0 | GF104: 370175777 | GG104: 2 | GH104: 1 | GI104: 2 | GJ104: 0 | GK104: =ROUND(R104*(R12)/100,2) -> 23.26 | GL104: =ROUND(IF(AND(BH104=3,BI104=3,FS104<>0),P104,0),2) -> 0 | GM104: =ROUND(O104+X104+Y104+GK104,2)+GX104 -> 1427784 | GN104: =IF(OR(BI104=0,BI104=1),ROUND(O104+X104+Y104+GK104,2),0) -> 1427784 | GO104: =IF(BI104=2,ROUND(O104+X104+Y104+GK104,2),0) -> 0 | GP104: =IF(BI104=4,ROUND(O104+X104+Y104+GK104,2)+GX104,0) -> 0 | GR104: 0 | GS104: 0 | GT104: 0 | GV104: =ROUND(GT104,6) -> 0 | GW104: 1 | GX104: =ROUND(GV104*GW104*I104,2) -> 0 | HA104: 0 | HB104: 0 | IK104: 0
A105: 18 | B105: 1 | E105: 14,1 | F105: 1.7-3-67 | G105: Диск отрезной с алмазным покрытием "Hilti" DS-B HI CM-H, диаметр 800 мм | H105: шт. | I105: =I104*J105 -> 0.9156 | J105: 1 | O105: =ROUND(CP105,2) -> 21294.4 | P105: =ROUND(CQ105*I105,2) -> 21294.4 | Q105: =ROUND(CR105*I105,2) -> 0 | R105: =ROUND(CS105*I105,2) -> 0 | S105: =ROUND(CT105*I105,2) -> 0 | T105: =ROUND(CU105*I105,2) -> 0 | U105: =CV105*I105 -> 0 | V105: =CW105*I105 -> 0 | W105: =ROUND(CX105*I105,2) -> 0 | X105: =ROUND(CY105,2) -> 0 | Y105: =ROUND(CZ105,2) -> 0 | AA105: 42145827 | AB105: =ROUND((AC105+AD105+AF105),6) -> 20765.46 | AC105: =ROUND((ES105),6) -> 20765.46 | AD105: =ROUND((ET105),6) -> 0 | AE105: =ROUND((EU105),6) -> 0 | AF105: =ROUND((EV105),6) -> 0 | AG105: =ROUND((AP105),6) -> 0 | AH105: =(EW105) -> 0 | AI105: =(EX105) -> 0 | AJ105: =ROUND((AS105),6) -> 0 | AK105: 20765.46 | AL105: 20765.46 | AM105: 0 | AN105: 0 | AO105: 0 | AP105: 0 | AQ105: 0 | AR105: 0 | AS105: 0 | AT105: 0 | AU105: 0 | AV105: 1 | AW105: 1 | AZ105: 1 | BA105: 1 | BB105: 1 | BC105: 1.12 | BH105: 3 | BI105: 1 | BJ105: ТСН-2001.1. Доп. 1-42. Р. 7, о. 3, поз. 67 | BM105: 110 | BN105: 7156650 | BO105: 1.7-3-67 | BP105: 1 | BQ105: 30 | BR105: 0 | BS105: 1 | BT105: 1 | BU105: 1 | BV105: 1 | BW105: 1 | BX105: 1 | BZ105: 0 | CA105: 0 | CF105: 0 | CG105: 0 | CM105: 0 | CO105: 0 | CP105: =(P105+Q105+S105) -> 21294.4 | CQ105: =(AC105*BC105*AW105) -> 23257.315 | CR105: =(AD105*BB105*AV105) -> 0 | CS105: =(AE105*BS105*AV105) -> 0 | CT105: =(AF105*BA105*AV105) -> 0 | CU105: =AG105 -> 0 | CV105: =(AH105*AV105) -> 0 | CW105: =AI105 -> 0 | CX105: =AJ105 -> 0 | CY105: =S105*(BZ105/100) -> 0 | CZ105: =S105*(CA105/100) -> 0 | DN105: 100 | DO105: 64 | DP105: 1.047 | DQ105: 1.003 | DU105: 1010 | DV105: шт. | DW105: шт. | DX105: 1 | EE105: 21987462 | EF105: 30 | EG105: Строительные работы | EH105: 0 | EJ105: 1 | EK105: 110 | EL105: ТСН-2001.3-15. 15-1...15-12 | EM105: ТСН-2001.3-15-2 | EQ105: 0 | ER105: 20765.46 | ES105: 20765.46 | ET105: 0 | EU105: 0 | EV105: 0 | EW105: 0 | EX105: 0 | FQ105: 0 | FR105: =ROUND(IF(AND(BH105=3,BI105=3),P105,0),2) -> 0 | FS105: 0 | FX105: 100 | FY105: 64 | GD105: 0 | GF105: 963246794 | GG105: 2 | GH105: 1 | GI105: 2 | GJ105: 0 | GK105: =ROUND(R105*(R12)/100,2) -> 0 | GL105: =ROUND(IF(AND(BH105=3,BI105=3,FS105<>0),P105,0),2) -> 0 | GM105: =ROUND(O105+X105+Y105+GK105,2)+GX105 -> 21294.4 | GN105: =IF(OR(BI105=0,BI105=1),ROUND(O105+X105+Y105+GK105,2),0) -> 21294.4 | GO105: =IF(BI105=2,ROUND(O105+X105+Y105+GK105,2),0) -> 0 | GP105: =IF(BI105=4,ROUND(O105+X105+Y105+GK105,2)+GX105,0) -> 0 | GR105: 0 | GS105: 0 | GT105: 0 | GV105: =ROUND(GT105,6) -> 0 | GW105: 1 | GX105: =ROUND(GV105*GW105*I105,2) -> 0 | HA105: 0 | HB105: 0 | IK105: 0
A106: 18 | B106: 1 | E106: 14,2 | F106: 1.11-1-147 | G106: Плиты облицовочные гранитные полированные, толщина 40 мм, месторождения: Кашина гора, Токовское, Янцевское, Пудожское | H106: м2 | I106: =I104*J106 -> 91.56 | J106: 100 | O106: =ROUND(CP106,2) -> 381288.57 | P106: =ROUND(CQ106*I106,2) -> 381288.57 | Q106: =ROUND(CR106*I106,2) -> 0 | R106: =ROUND(CS106*I106,2) -> 0 | S106: =ROUND(CT106*I106,2) -> 0 | T106: =ROUND(CU106*I106,2) -> 0 | U106: =CV106*I106 -> 0 | V106: =CW106*I106 -> 0 | W106: =ROUND(CX106*I106,2) -> 0 | X106: =ROUND(CY106,2) -> 0 | Y106: =ROUND(CZ106,2) -> 0 | AA106: 42145827 | AB106: =ROUND((AC106+AD106+AF106),6) -> 2300.75 | AC106: =ROUND((ES106),6) -> 2300.75 | AD106: =ROUND((ET106),6) -> 0 | AE106: =ROUND((EU106),6) -> 0 | AF106: =ROUND((EV106),6) -> 0 | AG106: =ROUND((AP106),6) -> 0 | AH106: =(EW106) -> 0 | AI106: =(EX106) -> 0 | AJ106: =ROUND((AS106),6) -> 0 | AK106: 2300.75 | AL106: 2300.75 | AM106: 0 | AN106: 0 | AO106: 0 | AP106: 0 | AQ106: 0 | AR106: 0 | AS106: 0 | AT106: 0 | AU106: 0 | AV106: 1 | AW106: 1 | AZ106: 1 | BA106: 1 | BB106: 1 | BC106: 1.81 | BH106: 3 | BI106: 1 | BJ106: ТСН-2001.1. Доп. 1-42. Р. 11, о. 1, поз. 147 | BM106: 110 | BN106: 7156650 | BO106: 1.11-1-147 | BP106: 1 | BQ106: 30 | BR106: 0 | BS106: 1 | BT106: 1 | BU106: 1 | BV106: 1 | BW106: 1 | BX106: 1 | BZ106: 0 | CA106: 0 | CF106: 0 | CG106: 0 | CM106: 0 | CO106: 0 | CP106: =(P106+Q106+S106) -> 381288.57 | CQ106: =(AC106*BC106*AW106) -> 4164.3575 | CR106: =(AD106*BB106*AV106) -> 0 | CS106: =(AE106*BS106*AV106) -> 0 | CT106: =(AF106*BA106*AV106) -> 0 | CU106: =AG106 -> 0 | CV106: =(AH106*AV106) -> 0 | CW106: =AI106 -> 0 | CX106: =AJ106 -> 0 | CY106: =S106*(BZ106/100) -> 0 | CZ106: =S106*(CA106/100) -> 0 | DN106: 100 | DO106: 64 | DP106: 1.047 | DQ106: 1.003 | DU106: 1005 | DV106: м2 | DW106: м2 | DX106: 1 | EE106: 21987462 | EF106: 30 | EG106: Строительные работы | EH106: 0 | EJ106: 1 | EK106: 110 | EL106: ТСН-2001.3-15. 15-1...15-12 | EM106: ТСН-2001.3-15-2 | EQ106: 0 | ER106: 2300.75 | ES106: 2300.75 | ET106: 0 | EU106: 0 | EV106: 0 | EW106: 0 | EX106: 0 | FQ106: 0 | FR106: =ROUND(IF(AND(BH106=3,BI106=3),P106,0),2) -> 0 | FS106: 0 | FX106: 100 | FY106: 64 | GD106: 0 | GF106: 2145382518 | GG106: 2 | GH106: 1 | GI106: 2 | GJ106: 0 | GK106: =ROUND(R106*(R12)/100,2) -> 0 | GL106: =ROUND(IF(AND(BH106=3,BI106=3,FS106<>0),P106,0),2) -> 0 | GM106: =ROUND(O106+X106+Y106+GK106,2)+GX106 -> 381288.57 | GN106: =IF(OR(BI106=0,BI106=1),ROUND(O106+X106+Y106+GK106,2),0) -> 381288.57 | GO106: =IF(BI106=2,ROUND(O106+X106+Y106+GK106,2),0) -> 0 | GP106: =IF(BI106=4,ROUND(O106+X106+Y106+GK106,2)+GX106,0) -> 0 | GR106: 0 | GS106: 0 | GT106: 0 | GV106: =ROUND(GT106,6) -> 0 | GW106: 1 | GX106: =ROUND(GV106*GW106*I106,2) -> 0 | HA106: 0 | HB106: 0 | IK106: 0
A108: 51 | B108: =B70 -> 1 | C108: =A70 -> 5 | D108: =ROW(A70) -> 70 | F108: =IF(F70<>"",F70,"") -> Новый подраздел | G108: =IF(G70<>"",G70,"") -> Стены 1 этаж | H108: 0 | O108: =ROUND(AB108,2) -> 4474499.9 | P108: =ROUND(AC108,2) -> 2604029.7 | Q108: =ROUND(AD108,2) -> 43425.3 | R108: =ROUND(AE108,2) -> 1150.58 | S108: =ROUND(AF108,2) -> 1827044.9 | T108: =ROUND(AG108,2) -> 0 | U108: =AH108 -> 7979.2954 | V108: =AI108 -> 0 | W108: =ROUND(AJ108,2) -> 0 | X108: =ROUND(AK108,2) -> 1571258.6 | Y108: =ROUND(AL108,2) -> 803899.74 | AB108: =ROUND(SUMIF(AA74:AA106,"=42145827",O74:O106),2) -> 4474499.9 | AC108: =ROUND(SUMIF(AA74:AA106,"=42145827",P74:P106),2) -> 2604029.7 | AD108: =ROUND(SUMIF(AA74:AA106,"=42145827",Q74:Q106),2) -> 43425.3 | AE108: =ROUND(SUMIF(AA74:AA106,"=42145827",R74:R106),2) -> 1150.58 | AF108: =ROUND(SUMIF(AA74:AA106,"=42145827",S74:S106),2) -> 1827044.9 | AG108: =ROUND(SUMIF(AA74:AA106,"=42145827",T74:T106),2) -> 0 | AH108: =SUMIF(AA74:AA106,"=42145827",U74:U106) -> 7979.2954 | AI108: =SUMIF(AA74:AA106,"=42145827",V74:V106) -> 0 | AJ108: =ROUND(SUMIF(AA74:AA106,"=42145827",W74:W106),2) -> 0 | AK108: =ROUND(SUMIF(AA74:AA106,"=42145827",X74:X106),2) -> 1571258.6 | AL108: =ROUND(SUMIF(AA74:AA106,"=42145827",Y74:Y106),2) -> 803899.74 | AO108: =ROUND(BX108,2) -> 0 | AP108: =ROUND(BY108,2) -> 0 | AQ108: =ROUND(BZ108,2) -> 0 | AR108: =ROUND(CA108,2) -> 6851579.7 | AS108: =ROUND(CB108,2) -> 6851579.7 | AT108: =ROUND(CC108,2) -> 0 | AU108: =ROUND(CD108,2) -> 0 | AV108: =ROUND(CE108,2) -> 2604029.7 | ... BC108: =ROUND(CL108,2) -> 0 | BX108: =ROUND(SUMIF(AA74:AA106,"=42145827",FQ74:FQ106),2) -> 0 | BY108: =ROUND(SUMIF(AA74:AA106,"=42145827",FR74:FR106),2) -> 0 | BZ108: =ROUND(SUMIF(AA74:AA106,"=42145827",GL74:GL106),2) -> 0 | CA108: =ROUND(SUMIF(AA74:AA106,"=42145827",GM74:GM106),2) -> 6851579.7 | CB108: =ROUND(SUMIF(AA74:AA106,"=42145827",GN74:GN106),2) -> 6851579.7 | CC108: =ROUND(SUMIF(AA74:AA106,"=42145827",GO74:GO106),2) -> 0 | CD108: =ROUND(SUMIF(AA74:AA106,"=42145827",GP74:GP106),2) -> 0 | CE108: =AC108-BX108 -> 2604029.7 | CF108: =AC108-BY108 -> 2604029.7 | CG108: =BX108-BZ108 -> 0 | CH108: =AC108-BX108-BY108+BZ108 -> 2604029.7 | CI108: =BY108-BZ108 -> 0 | CJ108: =ROUND(SUMIF(AA74:AA106,"=42145827",GX74:GX106),2) -> 0 | CK108: =ROUND(SUMIF(AA74:AA106,"=42145827",GY74:GY106),2) -> 0 | CL108: =ROUND(SUMIF(AA74:AA106,"=42145827",GZ74:GZ106),2) -> 0 | GX108: 0
A110: 50 | B110: 0 | C110: 0 | D110: 1 | E110: 201 | F110: =ROUND(Source!O108,O110) -> 4474499.9 | G110: ПЗ | H110: Прямые затраты | K110: 201 | L110: 1 | M110: 3 | O110: 2
A111: 50 | B111: 0 | C111: 0 | D111: 1 | E111: 202 | F111: =ROUND(Source!P108,O111) -> 2604029.7 | G111: СтМатОб | H111: Стоимость материальных ресурсов (всего) | K111: 202 | L111: 2 | M111: 3 | O111: 2
A112: 50 | B112: 0 | C112: 0 | D112: 1 | E112: 222 | F112: =ROUND(Source!AO108,O112) -> 0 | G112: СтМатОбЗак | H112: Стоимость материалов и оборудования заказчика | K112: 222 | L112: 3 | M112: 3 | O112: 2
A113: 50 | B113: 0 | C113: 0 | D113: 1 | E113: 225 | F113: =ROUND(Source!AV108,O113) -> 2604029.7 | G113: СтМатОбПод | H113: Стоимость материалов и оборудования подрядчика | K113: 225 | L113: 4 | M113: 3 | O113: 2
A114: 50 | B114: 0 | C114: 0 | D114: 1 | E114: 226 | F114: =ROUND(Source!AW108,O114) -> 2604029.7 | G114: СтМат | H114: Стоимость материалов (всего) | K114: 226 | L114: 5 | M114: 3 | O114: 2
A115: 50 | B115: 0 | C115: 0 | D115: 1 | E115: 227 | F115: =ROUND(Source!AX108,O115) -> 0 | G115: СтМатЗак | H115: Стоимость материалов заказчика | K115: 227 | L115: 6 | M115: 3 | O115: 2
A116: 50 | B116: 0 | C116: 0 | D116: 1 | E116: 228 | F116: =ROUND(Source!AY108,O116) -> 2604029.7 | G116: СтМатПод | H116: Стоимость материалов подрядчика | K116: 228 | L116: 7 | M116: 3 | O116: 2
A117: 50 | B117: 0 | C117: 0 | D117: 1 | E117: 216 | F117: =ROUND(Source!AP108,O117) -> 0 | G117: Оборуд | H117: Стоимость оборудования (всего) | K117: 216 | L117: 8 | M117: 3 | O117: 2
A118: 50 | B118: 0 | C118: 0 | D118: 1 | E118: 223 | F118: =ROUND(Source!AQ108,O118) -> 0 | G118: ОборудЗак | H118: Стоимость оборудования заказчика | K118: 223 | L118: 9 | M118: 3 | O118: 2
A119: 50 | B119: 0 | C119: 0 | D119: 1 | E119: 229 | F119: =ROUND(Source!AZ108,O119) -> 0 | G119: ОборудПод | H119: Стоимость оборудования подрядчика | K119: 229 | L119: 10 | M119: 3 | O119: 2
A120: 50 | B120: 0 | C120: 0 | D120: 1 | E120: 203 | F120: =ROUND(Source!Q108,O120) -> 43425.3 | G120: ЭММ | H120: Эксплуатация машин | K120: 203 | L120: 11 | M120: 3 | O120: 2
A121: 50 | B121: 0 | C121: 0 | D121: 1 | E121: 231 | F121: =ROUND(Source!BB108,O121) -> 0 | G121: ЭММсНРиСП | H121: Эксплуатация машин по ТСН-2001.16 | K121: 231 | L121: 12 | M121: 3 | O121: 2
A122: 50 | B122: 0 | C122: 0 | D122: 1 | E122: 204 | F122: =ROUND(Source!R108,O122) -> 1150.58 | G122: ЗПМ | H122: ЗП машинистов | K122: 204 | L122: 13 | M122: 3 | O122: 2
A123: 50 | B123: 0 | C123: 0 | D123: 1 | E123: 205 | F123: =ROUND(Source!S108,O123) -> 1827044.9 | G123: ОЗП | H123: Основная ЗП рабочих | K123: 205 | L123: 14 | M123: 3 | O123: 2
A124: 50 | B124: 0 | C124: 0 | D124: 1 | E124: 232 | F124: =ROUND(Source!BC108,O124) -> 0 | G124: ОЗПсНРиСП | H124: Основная ЗП рабочих по ТСН-2001.16 | K124: 232 | L124: 15 | M124: 3 | O124: 2
A125: 50 | B125: 0 | C125: 0 | D125: 1 | E125: 214 | F125: =ROUND(Source!AS108,O125) -> 6851579.7 | G125: Строит | H125: Строительные работы с НР и СП | K125: 214 | L125: 16 | M125: 3 | O125: 2
A126: 50 | B126: 0 | C126: 0 | D126: 1 | E126: 215 | F126: =ROUND(Source!AT108,O126) -> 0 | G126: Монтаж | H126: Монтажные работы с НР и СП | K126: 215 | L126: 17 | M126: 3 | O126: 2
A127: 50 | B127: 0 | C127: 0 | D127: 1 | E127: 217 | F127: =ROUND(Source!AU108,O127) -> 0 | G127: Прочие | H127: Прочие работы с НР и СП | K127: 217 | L127: 18 | M127: 3 | O127: 2
A128: 50 | B128: 0 | C128: 0 | D128: 1 | E128: 230 | F128: =ROUND(Source!BA108,O128) -> 0 | G128: ПрочиеЗатр | H128: Прочие затраты по ТСН-2001.16 | K128: 230 | L128: 19 | M128: 3 | O128: 2
...

Sheet SourceObSm
A1: 0 | B1: Smeta.RU (495) 974-1589 | D1: _OBSM_ | F1: 0 | G1: 0 | H1: 0 | I1: Smeta.RU | K1: 0 | L1: 29412 | M1: 10
A12: 1 | B12: 50 | C12: 0 | E12: 0 | F12: Сперанского АР (ТСН-2001 (Мосгосэкспертиза)) | G12: Сперанского АР (ТСН-2001 (Мосгосэкспертиза)) | I12: 0 | K12: 0 | O12: 0 | P12: 0 | Q12: 0 | R12: 167 | V12: 0 | BH12: Сметные нормы списания | BI12: Коды ОКП для ТСН-2001 | BJ12: 1 | BK12: 1 | BL12: 0 | BM12: 0 | BN12: 1 | BO12: 0 | BP12: 6 | BQ12: 2 | BR12: 1 | BS12: 1 | BT12: 0 | BU12: 0 | BV12: 0 | BW12: 0 | BX12: 0 | BY12: ТСН 2001- Ремонт | BZ12: Типовой расчет для ТСН-2001 (Ремонт) | CA12: ТСН-2001 | CB12: ТСН-2001 | CC12: ТСН-2001 | CD12: ТСН-2001 | CF12: 0 | CG12: 0 | CH12: 8 | CK12: 40 | EC12: 0
A14: 22 | B14: 0 | C14: 0 | D14: 42145827 | E14: 0 | F14: 3
A16: 3 | B16: 1 | C16: Новая локальная смета | D16: Новая локальная смета | E16: =(Source!F686)/1000 -> 24477.578 | F16: =(Source!F687)/1000 -> 0 | G16: =(Source!F678)/1000 -> 0 | H16: =(Source!F688)/1000+(Source!F689)/1000 -> 77.8565 | I16: =E16+F16+G16+H16 -> 24555.435 | J16: =(Source!F684)/1000 -> 5692.751 | AI16: 0 | AJ16: 0 | AN16: 0 | AT16: 17229053 | AU16: 11131627 | AV16: 0 | AW16: 0 | AX16: 0 | AY16: 404675.32 | AZ16: 8337.02 | BA16: 5692751 | BB16: 24477578 | BC16: 0 | BD16: 77856.5 | BE16: 0 | BF16: 25382.578 | BG16: 0 | BH16: 0 | BI16: 4807414.1 | BJ16: 2505044.5 | BK16: 24555435
A18: 51 | E18: =SUMIF(A16:A17,3,E16:E17) -> 24477.578 | F18: =SUMIF(A16:A17,3,F16:F17) -> 0 | G18: =SUMIF(A16:A17,3,G16:G17) -> 0 | H18: =SUMIF(A16:A17,3,H16:H17) -> 77.8565 | I18: =SUMIF(A16:A17,3,I16:I17) -> 24555.435 | J18: =SUMIF(A16:A17,3,J16:J17) -> 5692.751
A20: 50 | B20: 0 | C20: 0 | D20: 1 | E20: 201 | F20: 17229053 | G20: ПЗ | H20: Прямые затраты | K20: 201 | L20: 1 | M20: 3 | O20: 2
A21: 50 | B21: 0 | C21: 0 | D21: 1 | E21: 202 | F21: 11131627 | G21: СтМатОб | H21: Стоимость материальных ресурсов (всего) | K21: 202 | L21: 2 | M21: 3 | O21: 2
A22: 50 | B22: 0 | C22: 0 | D22: 1 | E22: 222 | F22: 0 | G22: СтМатОбЗак | H22: Стоимость материалов и оборудования заказчика | K22: 222 | L22: 3 | M22: 3 | O22: 2
A23: 50 | B23: 0 | C23: 0 | D23: 1 | E23: 225 | F23: 11131627 | G23: СтМатОбПод | H23: Стоимость материалов и оборудования подрядчика | K23: 225 | L23: 4 | M23: 3 | O23: 2
A24: 50 | B24: 0 | C24: 0 | D24: 1 | E24: 226 | F24: 11131627 | G24: СтМат | H24: Стоимость материалов (всего) | K24: 226 | L24: 5 | M24: 3 | O24: 2
A25: 50 | B25: 0 | C25: 0 | D25: 1 | E25: 227 | F25: 0 | G25: СтМатЗак | H25: Стоимость материалов заказчика | K25: 227 | L25: 6 | M25: 3 | O25: 2
A26: 50 | B26: 0 | C26: 0 | D26: 1 | E26: 228 | F26: 11131627 | G26: СтМатПод | H26: Стоимость материалов подрядчика | K26: 228 | L26: 7 | M26: 3 | O26: 2
A27: 50 | B27: 0 | C27: 0 | D27: 1 | E27: 216 | F27: 0 | G27: Оборуд | H27: Стоимость оборудования (всего) | K27: 216 | L27: 8 | M27: 3 | O27: 2
A28: 50 | B28: 0 | C28: 0 | D28: 1 | E28: 223 | F28: 0 | G28: ОборудЗак | H28: Стоимость оборудования заказчика | K28: 223 | L28: 9 | M28: 3 | O28: 2
A29: 50 | B29: 0 | C29: 0 | D29: 1 | E29: 229 | F29: 0 | G29: ОборудПод | H29: Стоимость оборудования подрядчика | K29: 229 | L29: 10 | M29: 3 | O29: 2
A30: 50 | B30: 0 | C30: 0 | D30: 1 | E30: 203 | F30: 404675.32 | G30: ЭММ | H30: Эксплуатация машин | K30: 203 | L30: 11 | M30: 3 | O30: 2
A31: 50 | B31: 0 | C31: 0 | D31: 1 | E31: 231 | F31: 0 | G31: ЭММсНРиСП | H31: Эксплуатация машин по ТСН-2001.16 | K31: 231 | L31: 12 | M31: 3 | O31: 2
... A45: 50 | B45: 0 | C45: 0 | D45: 1 | E45: 224 | F45: 24555435 | G45: Всего | H45: Всего с НР и СП | K45: 224 | L45: 26 | M45: 3 | O45: 2
A47: -1
A50: 75 | B50: Уровень цен | C50: 2018 | D50: 0 | E50: 1 | G50: 0 | H50: 2 | I50: 1 | J50: 1 | K50: 98 | L50: 69 | M50: 0 | N50: 42145827 | O50: 1
A51: 1 | B51: Сборник индексов | C51: ТСН-2001 ремонт | D51: 2018 | E51: 1 | F51: 1 | G51: 1 | H51: 0 | I51: 2 | J51: 1 | K51: 1 | L51: 1 | M51: 1 | N51: 1 | O51: 1 | P51: 1 | Q51: 1 | AA51: 136

Sheet SmtRes

Sheet EtalonRes
